Workbook

Sheet Смета 12 гр. по ФЕР
A1: =Source!B1 -> Smeta.RU (495) 974-1589 | I1: Приложение 1 к форме 6
B5: СМЕТА
B7: =IF(Source!G20<>"Новая локальная смета", Source!G20, "")
B9: =IF(Source!G12<>"Новый объект", Source!G12, "") -> на ремонт помещений № 2- № 8, № 10 2-го этажа здания корпуса 30 НИЯУ МИФИ по адресу: г. Москва, Каширское шоссе, д. 31 стр. 7 | AD9: =IF(Source!G12<>"Новый объект", Source!G12, "") -> на ремонт помещений № 2- № 8, № 10 2-го этажа здания корпуса 30 НИЯУ МИФИ по адресу: г. Москва, Каширское шоссе, д. 31 стр. 7
G14: базовая цена | I14: текущая цена
C15: Сметная стоимость | G15: =SUM(O26:O625)/1000 -> 166.65792 | I15: =(Source!F359/1000) -> 1355.4333 | K15: тыс. руб.
C16: Строительные работы | G16: =SUM(W26:W625)/1000 -> 113.31611 | I16: =(Source!F346)/1000 -> 760.50839 | K16: тыс. руб.
C17: Монтажные работы | G17: =SUM(X26:X625)/1000 -> 50.95693 | I17: =(Source!F347)/1000 -> 341.92095 | K17: тыс. руб.
C18: Оборудование | G18: =SUM(Y26:Y625)/1000 -> 0 | I18: =(Source!F338)/1000 -> 0 | K18: тыс. руб.
C19: Прочие работы | G19: =SUM(Z26:Z625)/1000 -> 2.38488 | I19: =(Source!F348+Source!F349)/1000 -> 46.24298 | K19: тыс. руб.
C20: Нормативная трудоемкость | G20: =I20 -> 1349.7378 | I20: =(Source!F351+Source!F352) -> 1349.7378 | K20: чел. -ч.
C21: Средства на оплату труда | G21: =SUM(R26:R625)/1000 -> 12.39884 | I21: =(Source!F344+ Source!F343)/1000 -> 97.94762 | K21: тыс. руб.
A23: Составлена в ценах III квартал 2018 года
A24: № п/п | B24: Шифр расценки и коды ресурсов | C24: Наименование работ и затрат | D24: Ед. изм. | E24: Кол-во единиц | F24: Цена на ед. изм. | G24: Попра-вочные коэфф. | H24: Стоимость в ценах 2001г. | I24: Пункт коэфф. пересчета | J24: Коэфф. пересчета | K24: Стоимость в текущих ценах | L24: ЗТР всего чел.-час
A25: 1 | B25: 2 | C25: 3 | D25: 4 | E25: 5 | F25: 6 | G25: 7 | H25: 8 | I25: 9 | J25: 10 | K25: 11 | L25: 12
A27: =CONCATENATE("Раздел: ",IF(Source!G24<>"Новый раздел", Source!G24, "")) -> Раздел: Демонтаж
A28: =Source!E28 -> 1 | B28: =Source!F28 -> 46-04-012-03 | C28: =Source!G28 -> Разборка деревянных заполнений проемов дверных и воротных | D28: =Source!H28 -> 100 м2 | E28: =Source!I28 -> 0.0945 | F28: =Source!AL28+Source!AM28+Source!AO28 -> 1082.58 | I28: =Source!BO28 | S28: =ROUND((Source!FX28/100)*((ROUND(Source!AF28*Source!I28, 2)+ROUND(Source!AE28*Source!I28, 2))), 2) -> 88.42 | T28: =Source!X28 -> 593.31 | U28: =ROUND((Source!FY28/100)*((ROUND(Source!AF28*Source!I28, 2)+ROUND(Source!AE28*Source!I28, 2))), 2) -> 53.14 | V28: =Source!Y28 -> 359.58
C29: ="Объем: "&Source!I28&"=9,45/"&"100" -> Объем: 0,0945=9,45/100
C30: Зарплата | F30: =Source!AO28 -> 840.63 | G30: =Source!DG28 | H30: =ROUND(Source!AF28*Source!I28, 2) -> 79.44 | J30: =IF(Source!BA28<> 0, Source!BA28, 1) -> 6.71 | K30: =Source!S28 -> 533.04 | R30: =H30 -> 79.44
C31: Эксплуатация машин | F31: =Source!AM28 -> 241.95 | G31: =Source!DE28 | H31: =ROUND(Source!AD28*Source!I28, 2) -> 22.86 | J31: =IF(Source!BB28<> 0, Source!BB28, 1) -> 6.71 | K31: =Source!Q28 -> 153.42
C32: в т.ч. зарплата машинистов | F32: =Source!AN28 -> 104.49 | G32: =Source!DF28 | H32: =ROUND(Source!AE28*Source!I28, 2) -> 9.87 | J32: =IF(Source!BS28<> 0, Source!BS28, 1) -> 6.71 | K32: =Source!R28 -> 66.26 | R32: =H32 -> 9.87
C33: НР от ФОТ | D33: % | E33: =Source!BZ28 -> 110 | F33: =CONCATENATE(" )", Source!DL28, Source!FT28, "=", Source!FX28) -> )*0,9=99 | H33: =SUM(S28:S35) -> 88.42 | J33: =Source!AT28 -> 99 | K33: =SUM(T28:T35) -> 593.31
C34: СП от ФОТ | D34: % | E34: =Source!CA28 -> 70 | F34: =CONCATENATE(" )", Source!DM28, Source!FU28, "=", Source!FY28) -> )*0,85=59,5 | H34: =SUM(U28:U35) -> 53.14 | J34: =Source!AU28 -> 60 | K34: =SUM(V28:V35) -> 359.58
C35: Затраты труда | D35: чел-ч | E35: =Source!AQ28 -> 103.91 | G35: =Source!DI28 | L35: =Source!U28 -> 9.819495
G36: =H30+H31+H33+H34 -> 243.86 | J36: =K30+K31+K33+K34 -> 1639.35 | L36: =Source!U28 -> 9.819495 | O36: =G36 -> 243.86 | P36: =J36 -> 1639.35 | Q36: =L36 -> 9.819495 | W36: =IF(Source!BI28<=1,H30+H31+H33+H34, 0) -> 243.86 | X36: =IF(Source!BI28=2,H30+H31+H33+H34, 0) -> 0 | Y36: =IF(Source!BI28=3,H30+H31+H33+H34, 0) -> 0 | Z36: =IF(Source!BI28=4,H30+H31+H33+H34, 0) -> 0
A37: =Source!E29 -> 2 | B37: =Source!F29 -> 67-4-5 | C37: =Source!G29 -> Демонтаж светильников для люминесцентных ламп (прим.) | D37: =Source!H29 -> 100 ШТ | E37: =Source!I29 -> 0.48 | F37: =Source!AL29+Source!AM29+Source!AO29 -> 145.98 | I37: =Source!BO29 | S37: =ROUND((Source!FX29/100)*((ROUND(Source!AF29*Source!I29, 2)+ROUND(Source!AE29*Source!I29, 2))), 2) -> 58.98 | T37: =Source!X29 -> 395.76 | U37: =ROUND((Source!FY29/100)*((ROUND(Source!AF29*Source!I29, 2)+ROUND(Source!AE29*Source!I29, 2))), 2) -> 45.1 | V37: =Source!Y29 -> 302.64
C38: ="Объем: "&Source!I29&"=48/"&"100" -> Объем: 0,48=48/100
C39: Зарплата | F39: =Source!AO29 -> 143.48 | G39: =Source!DG29 | H39: =ROUND(Source!AF29*Source!I29, 2) -> 68.87 | J39: =IF(Source!BA29<> 0, Source!BA29, 1) -> 6.71 | K39: =Source!S29 -> 462.12 | R39: =H39 -> 68.87
C40: Эксплуатация машин | F40: =Source!AM29 -> 2.5 | G40: =Source!DE29 | H40: =ROUND(Source!AD29*Source!I29, 2) -> 1.2 | J40: =IF(Source!BB29<> 0, Source!BB29, 1) -> 6.71 | K40: =Source!Q29 -> 8.05
C41: в т.ч. зарплата машинистов | F41: =Source!AN29 -> 1.08 | G41: =Source!DF29 | H41: =ROUND(Source!AE29*Source!I29, 2) -> 0.52 | J41: =IF(Source!BS29<> 0, Source!BS29, 1) -> 6.71 | K41: =Source!R29 -> 3.48 | R41: =H41 -> 0.52
C42: НР от ФОТ | D42: % | E42: =Source!BZ29 -> 85 | H42: =SUM(S37:S44) -> 58.98 | J42: =Source!AT29 -> 85 | K42: =SUM(T37:T44) -> 395.76
C43: СП от ФОТ | D43: % | E43: =Source!CA29 -> 65 | H43: =SUM(U37:U44) -> 45.1 | J43: =Source!AU29 -> 65 | K43: =SUM(V37:V44) -> 302.64
C44: Затраты труда | D44: чел-ч | E44: =Source!AQ29 -> 17.89 | G44: =Source!DI29 | L44: =Source!U29 -> 8.5872
G45: =H39+H40+H42+H43 -> 174.15 | J45: =K39+K40+K42+K43 -> 1168.57 | L45: =Source!U29 -> 8.5872 | O45: =G45 -> 174.15 | P45: =J45 -> 1168.57 | Q45: =L45 -> 8.5872 | W45: =IF(Source!BI29<=1,H39+H40+H42+H43, 0) -> 174.15 | X45: =IF(Source!BI29=2,H39+H40+H42+H43, 0) -> 0 | Y45: =IF(Source!BI29=3,H39+H40+H42+H43, 0) -> 0 | Z45: =IF(Source!BI29=4,H39+H40+H42+H43, 0) -> 0
A46: =Source!E30 -> 3 | B46: =Source!F30 -> 67-4-1 | C46: =Source!G30 -> Демонтаж выключателей, розеток | D46: =Source!H30 -> 100 ШТ | E46: =Source!I30 -> 0.46 | F46: =Source!AL30+Source!AM30+Source!AO30 -> 45.55 | I46: =Source!BO30 | S46: =ROUND((Source!FX30/100)*((ROUND(Source!AF30*Source!I30, 2)+ROUND(Source!AE30*Source!I30, 2))), 2) -> 17.81 | T46: =Source!X30 -> 119.5 | U46: =ROUND((Source!FY30/100)*((ROUND(Source!AF30*Source!I30, 2)+ROUND(Source!AE30*Source!I30, 2))), 2) -> 13.62 | V46: =Source!Y30 -> 91.38
C47: ="Объем: "&Source!I30&"=46/"&"100" -> Объем: 0,46=46/100
C48: Зарплата | F48: =Source!AO30 -> 45.55 | G48: =Source!DG30 | H48: =ROUND(Source!AF30*Source!I30, 2) -> 20.95 | J48: =IF(Source!BA30<> 0, Source!BA30, 1) -> 6.71 | K48: =Source!S30 -> 140.59 | R48: =H48 -> 20.95
C49: НР от ФОТ | D49: % | E49: =Source!BZ30 -> 85 | H49: =SUM(S46:S51) -> 17.81 | J49: =Source!AT30 -> 85 | K49: =SUM(T46:T51) -> 119.5
C50: СП от ФОТ | D50: % | E50: =Source!CA30 -> 65 | H50: =SUM(U46:U51) -> 13.62 | J50: =Source!AU30 -> 65 | K50: =SUM(V46:V51) -> 91.38
C51: Затраты труда | D51: чел-ч | E51: =Source!AQ30 -> 5.84 | G51: =Source!DI30 | L51: =Source!U30 -> 2.6864
G52: =H48+H49+H50 -> 52.38 | J52: =K48+K49+K50 -> 351.47 | L52: =Source!U30 -> 2.6864 | O52: =G52 -> 52.38 | P52: =J52 -> 351.47 | Q52: =L52 -> 2.6864 | W52: =IF(Source!BI30<=1,H48+H49+H50, 0) -> 52.38 | X52: =IF(Source!BI30=2,H48+H49+H50, 0) -> 0 | Y52: =IF(Source!BI30=3,H48+H49+H50, 0) -> 0 | Z52: =IF(Source!BI30=4,H48+H49+H50, 0) -> 0
A53: =Source!E31 -> 4 | B53: =Source!F31 -> 67-3-1 | C53: =Source!G31 -> Демонтаж кабеля | D53: =Source!H31 -> 100 м | E53: =Source!I31 -> 1.15 | F53: =Source!AL31+Source!AM31+Source!AO31 -> 75.5 | I53: =Source!BO31 | S53: =ROUND((Source!FX31/100)*((ROUND(Source!AF31*Source!I31, 2)+ROUND(Source!AE31*Source!I31, 2))), 2) -> 73.64 | T53: =Source!X31 -> 494.09 | U53: =ROUND((Source!FY31/100)*((ROUND(Source!AF31*Source!I31, 2)+ROUND(Source!AE31*Source!I31, 2))), 2) -> 56.31 | V53: =Source!Y31 -> 377.83
C54: ="Объем: "&Source!I31&"=115/"&"100" -> Объем: 1,15=115/100
C55: Зарплата | F55: =Source!AO31 -> 75.19 | G55: =Source!DG31 | H55: =ROUND(Source!AF31*Source!I31, 2) -> 86.47 | J55: =IF(Source!BA31<> 0, Source!BA31, 1) -> 6.71 | K55: =Source!S31 -> 580.2 | R55: =H55 -> 86.47
C56: Эксплуатация машин | F56: =Source!AM31 -> 0.31 | G56: =Source!DE31 | H56: =ROUND(Source!AD31*Source!I31, 2) -> 0.36 | J56: =IF(Source!BB31<> 0, Source!BB31, 1) -> 6.71 | K56: =Source!Q31 -> 2.39
C57: в т.ч. зарплата машинистов | F57: =Source!AN31 -> 0.14 | G57: =Source!DF31 | H57: =ROUND(Source!AE31*Source!I31, 2) -> 0.16 | J57: =IF(Source!BS31<> 0, Source!BS31, 1) -> 6.71 | K57: =Source!R31 -> 1.08 | R57: =H57 -> 0.16
C58: НР от ФОТ | D58: % | E58: =Source!BZ31 -> 85 | H58: =SUM(S53:S60) -> 73.64 | J58: =Source!AT31 -> 85 | K58: =SUM(T53:T60) -> 494.09
C59: СП от ФОТ | D59: % | E59: =Source!CA31 -> 65 | H59: =SUM(U53:U60) -> 56.31 | J59: =Source!AU31 -> 65 | K59: =SUM(V53:V60) -> 377.83
C60: Затраты труда | D60: чел-ч | E60: =Source!AQ31 -> 9.64 | G60: =Source!DI31 | L60: =Source!U31 -> 11.086
G61: =H55+H56+H58+H59 -> 216.78 | J61: =K55+K56+K58+K59 -> 1454.51 | L61: =Source!U31 -> 11.086 | O61: =G61 -> 216.78 | P61: =J61 -> 1454.51 | Q61: =L61 -> 11.086 | W61: =IF(Source!BI31<=1,H55+H56+H58+H59, 0) -> 216.78 | X61: =IF(Source!BI31=2,H55+H56+H58+H59, 0) -> 0 | Y61: =IF(Source!BI31=3,H55+H56+H58+H59, 0) -> 0 | Z61: =IF(Source!BI31=4,H55+H56+H58+H59, 0) -> 0
A62: =Source!E32 -> 5 | B62: =Source!F32 -> м08-02-370-02 | C62: =Source!G32 -> Демонтаж:Щиток до трех групп, устанавливаемый в нише цоколя | D62: =Source!H32 -> ШТ | E62: =Source!I32 -> 2 | F62: =Source!AL32+Source!AM32+Source!AO32 -> 33.42 | I62: =Source!BO32 | S62: =ROUND((Source!FX32/100)*((ROUND(Source!AF32*Source!I32, 2)+ROUND(Source!AE32*Source!I32, 2))), 2) -> 6.82 | T62: =Source!X32 -> 45.77 | U62: =ROUND((Source!FY32/100)*((ROUND(Source!AF32*Source!I32, 2)+ROUND(Source!AE32*Source!I32, 2))), 2) -> 4.67 | V62: =Source!Y32 -> 31.32
C63: Зарплата | F63: =Source!AO32 -> 9.45 | G63: =Source!DG32 -> )*0,3 | H63: =ROUND(Source!AF32*Source!I32, 2) -> 5.68 | J63: =IF(Source!BA32<> 0, Source!BA32, 1) -> 6.71 | K63: =Source!S32 -> 38.11 | R63: =H63 -> 5.68
C64: Эксплуатация машин | F64: =Source!AM32 -> 17.77 | G64: =Source!DE32 -> )*0,3 | H64: =ROUND(Source!AD32*Source!I32, 2) -> 10.66 | J64: =IF(Source!BB32<> 0, Source!BB32, 1) -> 6.71 | K64: =Source!Q32 -> 71.53
C65: в т.ч. зарплата машинистов | F65: =Source!AN32 -> 2.51 | G65: =Source!DF32 -> )*0,3 | H65: =ROUND(Source!AE32*Source!I32, 2) -> 1.5 | J65: =IF(Source!BS32<> 0, Source!BS32, 1) -> 6.71 | K65: =Source!R32 -> 10.07 | R65: =H65 -> 1.5
C66: НР от ФОТ | D66: % | E66: =Source!BZ32 -> 95 | H66: =SUM(S62:S68) -> 6.82 | J66: =Source!AT32 -> 95 | K66: =SUM(T62:T68) -> 45.77
C67: СП от ФОТ | D67: % | E67: =Source!CA32 -> 65 | H67: =SUM(U62:U68) -> 4.67 | J67: =Source!AU32 -> 65 | K67: =SUM(V62:V68) -> 31.32
C68: Затраты труда | D68: чел-ч | E68: =Source!AQ32 -> 0.9 | G68: =Source!DI32 -> )*0,3 | L68: =Source!U32 -> 0.54
G69: =H63+H64+H66+H67 -> 27.83 | J69: =K63+K64+K66+K67 -> 186.73 | L69: =Source!U32 -> 0.54 | O69: =G69 -> 27.83 | P69: =J69 -> 186.73 | Q69: =L69 -> 0.54 | W69: =IF(Source!BI32<=1,H63+H64+H66+H67, 0) -> 0 | X69: =IF(Source!BI32=2,H63+H64+H66+H67, 0) -> 27.83 | Y69: =IF(Source!BI32=3,H63+H64+H66+H67, 0) -> 0 | Z69: =IF(Source!BI32=4,H63+H64+H66+H67, 0) -> 0
A70: =Source!E33 -> 6 | B70: =Source!F33 -> м08-02-390-01 | C70: =Source!G33 -> Демонтаж:Короба пластмассовые шириной до 40 мм | D70: =Source!H33 -> 100 м | E70: =Source!I33 -> 1.15 | F70: =Source!AL33+Source!AM33+Source!AO33 -> 206.76 | I70: =Source!BO33 | S70: =ROUND((Source!FX33/100)*((ROUND(Source!AF33*Source!I33, 2)+ROUND(Source!AE33*Source!I33, 2))), 2) -> 50.83 | T70: =Source!X33 -> 341.02 | U70: =ROUND((Source!FY33/100)*((ROUND(Source!AF33*Source!I33, 2)+ROUND(Source!AE33*Source!I33, 2))), 2) -> 34.78 | V70: =Source!Y33 -> 233.33
C71: ="Объем: "&Source!I33&"=115/"&"100" -> Объем: 1,15=115/100
C72: Зарплата | F72: =Source!AO33 -> 154.92 | G72: =Source!DG33 -> )*0,3 | H72: =ROUND(Source!AF33*Source!I33, 2) -> 53.45 | J72: =IF(Source!BA33<> 0, Source!BA33, 1) -> 6.71 | K72: =Source!S33 -> 358.66 | R72: =H72 -> 53.45
C73: Эксплуатация машин | F73: =Source!AM33 -> 0.31 | G73: =Source!DE33 -> )*0,3 | H73: =ROUND(Source!AD33*Source!I33, 2) -> 0.1 | J73: =IF(Source!BB33<> 0, Source!BB33, 1) -> 6.71 | K73: =Source!Q33 -> 0.69
C74: в т.ч. зарплата машинистов | F74: =Source!AN33 -> 0.14 | G74: =Source!DF33 -> )*0,3 | H74: =ROUND(Source!AE33*Source!I33, 2) -> 0.05 | J74: =IF(Source!BS33<> 0, Source!BS33, 1) -> 6.71 | K74: =Source!R33 -> 0.31 | R74: =H74 -> 0.05
C75: НР от ФОТ | D75: % | E75: =Source!BZ33 -> 95 | H75: =SUM(S70:S77) -> 50.83 | J75: =Source!AT33 -> 95 | K75: =SUM(T70:T77) -> 341.02
C76: СП от ФОТ | D76: % | E76: =Source!CA33 -> 65 | H76: =SUM(U70:U77) -> 34.78 | J76: =Source!AU33 -> 65 | K76: =SUM(V70:V77) -> 233.33
C77: Затраты труда | D77: чел-ч | E77: =Source!AQ33 -> 16.29 | G77: =Source!DI33 -> )*0,3 | L77: =Source!U33 -> 5.62005
G78: =H72+H73+H75+H76 -> 139.16 | J78: =K72+K73+K75+K76 -> 933.7 | L78: =Source!U33 -> 5.62005 | O78: =G78 -> 139.16 | P78: =J78 -> 933.7 | Q78: =L78 -> 5.62005 | W78: =IF(Source!BI33<=1,H72+H73+H75+H76, 0) -> 0 | X78: =IF(Source!BI33=2,H72+H73+H75+H76, 0) -> 139.16 | Y78: =IF(Source!BI33=3,H72+H73+H75+H76, 0) -> 0 | Z78: =IF(Source!BI33=4,H72+H73+H75+H76, 0) -> 0
A79: =Source!E34 -> 7 | B79: =Source!F34 -> м10-08-002-01 | C79: =Source!G34 -> Демонтаж:ПС автоматический тепловой электро-контактный, магнитоконтактный в нормальном исполнении | D79: =Source!H34 -> ШТ | E79: =Source!I34 -> 21 | F79: =Source!AL34+Source!AM34+Source!AO34 -> 9.36 | I79: =Source!BO34 | S79: =ROUND((Source!FX34/100)*((ROUND(Source!AF34*Source!I34, 2)+ROUND(Source!AE34*Source!I34, 2))), 2) -> 40.66 | T79: =Source!X34 -> 272.8 | U79: =ROUND((Source!FY34/100)*((ROUND(Source!AF34*Source!I34, 2)+ROUND(Source!AE34*Source!I34, 2))), 2) -> 30.49 | V79: =Source!Y34 -> 204.6
C80: Зарплата | F80: =Source!AO34 -> 8.08 | G80: =Source!DG34 -> )*0,3 | H80: =ROUND(Source!AF34*Source!I34, 2) -> 50.82 | J80: =IF(Source!BA34<> 0, Source!BA34, 1) -> 6.71 | K80: =Source!S34 -> 341 | R80: =H80 -> 50.82
C81: НР от ФОТ | D81: % | E81: =Source!BZ34 -> 80 | H81: =SUM(S79:S83) -> 40.66 | J81: =Source!AT34 -> 80 | K81: =SUM(T79:T83) -> 272.8
C82: СП от ФОТ | D82: % | E82: =Source!CA34 -> 60 | H82: =SUM(U79:U83) -> 30.49 | J82: =Source!AU34 -> 60 | K82: =SUM(V79:V83) -> 204.6
C83: Затраты труда | D83: чел-ч | E83: =Source!AQ34 -> 0.84 | G83: =Source!DI34 -> )*0,3 | L83: =Source!U34 -> 5.292
G84: =H80+H81+H82 -> 121.97 | J84: =K80+K81+K82 -> 818.4 | L84: =Source!U34 -> 5.292 | O84: =G84 -> 121.97 | P84: =J84 -> 818.4 | Q84: =L84 -> 5.292 | W84: =IF(Source!BI34<=1,H80+H81+H82, 0) -> 0 | X84: =IF(Source!BI34=2,H80+H81+H82, 0) -> 121.97 | Y84: =IF(Source!BI34=3,H80+H81+H82, 0) -> 0 | Z84: =IF(Source!BI34=4,H80+H81+H82, 0) -> 0
A85: =Source!E35 -> 8 | B85: =Source!F35 -> м10-04-101-07 | C85: =Source!G35 -> Демонтаж:Громкоговоритель или звуковая колонка в помещении | D85: =Source!H35 -> ШТ | E85: =Source!I35 -> 6 | F85: =Source!AL35+Source!AM35+Source!AO35 -> 30.77 | I85: =Source!BO35 | S85: =ROUND((Source!FX35/100)*((ROUND(Source!AF35*Source!I35, 2)+ROUND(Source!AE35*Source!I35, 2))), 2) -> 60.06 | T85: =Source!X35 -> 402.99 | U85: =ROUND((Source!FY35/100)*((ROUND(Source!AF35*Source!I35, 2)+ROUND(Source!AE35*Source!I35, 2))), 2) -> 42.43 | V85: =Source!Y35 -> 284.72
C86: Зарплата | F86: =Source!AO35 -> 18.14 | G86: =Source!DG35 -> )*0,6 | H86: =ROUND(Source!AF35*Source!I35, 2) -> 65.28 | J86: =IF(Source!BA35<> 0, Source!BA35, 1) -> 6.71 | K86: =Source!S35 -> 438.03 | R86: =H86 -> 65.28
C87: НР от ФОТ | D87: % | E87: =Source!BZ35 -> 92 | H87: =SUM(S85:S89) -> 60.06 | J87: =Source!AT35 -> 92 | K87: =SUM(T85:T89) -> 402.99
C88: СП от ФОТ | D88: % | E88: =Source!CA35 -> 65 | H88: =SUM(U85:U89) -> 42.43 | J88: =Source!AU35 -> 65 | K88: =SUM(V85:V89) -> 284.72
C89: Затраты труда | D89: чел-ч | E89: =Source!AQ35 -> 2 | G89: =Source!DI35 -> )*0,6 | L89: =Source!U35 -> 7.2
G90: =H86+H87+H88 -> 167.77 | J90: =K86+K87+K88 -> 1125.74 | L90: =Source!U35 -> 7.2 | O90: =G90 -> 167.77 | P90: =J90 -> 1125.74 | Q90: =L90 -> 7.2 | W90: =IF(Source!BI35<=1,H86+H87+H88, 0) -> 0 | X90: =IF(Source!BI35=2,H86+H87+H88, 0) -> 167.77 | Y90: =IF(Source!BI35=3,H86+H87+H88, 0) -> 0 | Z90: =IF(Source!BI35=4,H86+H87+H88, 0) -> 0
A91: =Source!E36 -> 9 | B91: =Source!F36 -> 57-2-2 | C91: =Source!G36 -> Разборка покрытий полов из плиток поливинилхлоридных | D91: =Source!H36 -> 100 м2 | E91: =Source!I36 -> 1.5 | F91: =Source!AL36+Source!AM36+Source!AO36 -> 280.88 | I91: =Source!BO36 | S91: =ROUND((Source!FX36/100)*((ROUND(Source!AF36*Source!I36, 2)+ROUND(Source!AE36*Source!I36, 2))), 2) -> 334.3 | T91: =Source!X36 -> 2243.12 | U91: =ROUND((Source!FY36/100)*((ROUND(Source!AF36*Source!I36, 2)+ROUND(Source!AE36*Source!I36, 2))), 2) -> 284.15 | V91: =Source!Y36 -> 1906.65
C92: ="Объем: "&Source!I36&"=150/"&"100" -> Объем: 1,5=150/100
C93: Зарплата | F93: =Source!AO36 -> 276.82 | G93: =Source!DG36 | H93: =ROUND(Source!AF36*Source!I36, 2) -> 415.23 | J93: =IF(Source!BA36<> 0, Source!BA36, 1) -> 6.71 | K93: =Source!S36 -> 2786.19 | R93: =H93 -> 415.23
C94: Эксплуатация машин | F94: =Source!AM36 -> 4.06 | G94: =Source!DE36 | H94: =ROUND(Source!AD36*Source!I36, 2) -> 6.09 | J94: =IF(Source!BB36<> 0, Source!BB36, 1) -> 6.71 | K94: =Source!Q36 -> 40.86
C95: в т.ч. зарплата машинистов | F95: =Source!AN36 -> 1.76 | G95: =Source!DF36 | H95: =ROUND(Source!AE36*Source!I36, 2) -> 2.64 | J95: =IF(Source!BS36<> 0, Source!BS36, 1) -> 6.71 | K95: =Source!R36 -> 17.71 | R95: =H95 -> 2.64
C96: НР от ФОТ | D96: % | E96: =Source!BZ36 -> 80 | H96: =SUM(S91:S98) -> 334.3 | J96: =Source!AT36 -> 80 | K96: =SUM(T91:T98) -> 2243.12
C97: СП от ФОТ | D97: % | E97: =Source!CA36 -> 68 | H97: =SUM(U91:U98) -> 284.15 | J97: =Source!AU36 -> 68 | K97: =SUM(V91:V98) -> 1906.65
C98: Затраты труда | D98: чел-ч | E98: =Source!AQ36 -> 35.49 | G98: =Source!DI36 | L98: =Source!U36 -> 53.235
G99: =H93+H94+H96+H97 -> 1039.77 | J99: =K93+K94+K96+K97 -> 6976.82 | L99: =Source!U36 -> 53.235 | O99: =G99 -> 1039.77 | P99: =J99 -> 6976.82 | Q99: =L99 -> 53.235 | W99: =IF(Source!BI36<=1,H93+H94+H96+H97, 0) -> 1039.77 | X99: =IF(Source!BI36=2,H93+H94+H96+H97, 0) -> 0 | Y99: =IF(Source!BI36=3,H93+H94+H96+H97, 0) -> 0 | Z99: =IF(Source!BI36=4,H93+H94+H96+H97, 0) -> 0
A100: =Source!E37 -> 10 | B100: =Source!F37 -> 11-01-011-01 | C100: =Source!G37 -> Демонтаж: Устройство стяжек цементных толщиной 20 мм | D100: =Source!H37 -> 100 м2 | E100: =Source!I37 -> 1.663 | F100: =Source!AL37+Source!AM37+Source!AO37 -> 366.49 | I100: =Source!BO37 | S100: =ROUND((Source!FX37/100)*((ROUND(Source!AF37*Source!I37, 2)+ROUND(Source!AE37*Source!I37, 2))), 2) -> 487.28 | T100: =Source!X37 -> 3278.51 | U100: =ROUND((Source!FY37/100)*((ROUND(Source!AF37*Source!I37, 2)+ROUND(Source!AE37*Source!I37, 2))), 2) -> 280.61 | V100: =Source!Y37 -> 1890.31
C101: ="Объем: "&Source!I37&"=166,3/"&"100" -> Объем: 1,663=166,3/100
C102: Зарплата | F102: =Source!AO37 -> 313.71 | G102: =Source!DG37 -> )*0,8 | H102: =ROUND(Source!AF37*Source!I37, 2) -> 417.36 | J102: =IF(Source!BA37<> 0, Source!BA37, 1) -> 6.71 | K102: =Source!S37 -> 2800.51 | R102: =H102 -> 417.36
C103: Эксплуатация машин | F103: =Source!AM37 -> 44.24 | G103: =Source!DE37 -> )*0,8 | H103: =ROUND(Source!AD37*Source!I37, 2) -> 58.85 | J103: =IF(Source!BB37<> 0, Source!BB37, 1) -> 6.71 | K103: =Source!Q37 -> 394.91
C104: в т.ч. зарплата машинистов | F104: =Source!AN37 -> 17.15 | G104: =Source!DF37 -> )*0,8 | H104: =ROUND(Source!AE37*Source!I37, 2) -> 22.82 | J104: =IF(Source!BS37<> 0, Source!BS37, 1) -> 6.71 | K104: =Source!R37 -> 153.1 | R104: =H104 -> 22.82
C105: НР от ФОТ | D105: % | E105: =Source!BZ37 -> 123 | F105: =CONCATENATE(" )", Source!DL37, Source!FT37, "=", Source!FX37) -> )*0,9=110,7 | H105: =SUM(S100:S107) -> 487.28 | J105: =Source!AT37 -> 111 | K105: =SUM(T100:T107) -> 3278.51
C106: СП от ФОТ | D106: % | E106: =Source!CA37 -> 75 | F106: =CONCATENATE(" )", Source!DM37, Source!FU37, "=", Source!FY37) -> )*0,85=63,75 | H106: =SUM(U100:U107) -> 280.61 | J106: =Source!AU37 -> 64 | K106: =SUM(V100:V107) -> 1890.31
C107: Затраты труда | D107: чел-ч | E107: =Source!AQ37 -> 39.51 | G107: =Source!DI37 -> )*0,8 | L107: =Source!U37 -> 52.564104
G108: =H102+H103+H105+H106 -> 1244.1 | J108: =K102+K103+K105+K106 -> 8364.24 | L108: =Source!U37 -> 52.564104 | O108: =G108 -> 1244.1 | P108: =J108 -> 8364.24 | Q108: =L108 -> 52.564104 | W108: =IF(Source!BI37<=1,H102+H103+H105+H106, 0) -> 1244.1 | X108: =IF(Source!BI37=2,H102+H103+H105+H106, 0) -> 0 | Y108: =IF(Source!BI37=3,H102+H103+H105+H106, 0) -> 0 | Z108: =IF(Source!BI37=4,H102+H103+H105+H106, 0) -> 0
A109: =Source!E38 -> 11 | B109: =Source!F38 -> 57-3-1 | C109: =Source!G38 -> Разборка плинтусов деревянных и из пластмассовых материалов | D109: =Source!H38 -> 100 м | E109: =Source!I38 -> 1.373 | F109: =Source!AL38+Source!AM38+Source!AO38 -> 29.41 | I109: =Source!BO38 | S109: =ROUND((Source!FX38/100)*((ROUND(Source!AF38*Source!I38, 2)+ROUND(Source!AE38*Source!I38, 2))), 2) -> 32.3 | T109: =Source!X38 -> 216.76 | U109: =ROUND((Source!FY38/100)*((ROUND(Source!AF38*Source!I38, 2)+ROUND(Source!AE38*Source!I38, 2))), 2) -> 27.46 | V109: =Source!Y38 -> 184.25
C110: ="Объем: "&Source!I38&"=137,3/"&"100" -> Объем: 1,373=137,3/100
C111: Зарплата | F111: =Source!AO38 -> 29.41 | G111: =Source!DG38 | H111: =ROUND(Source!AF38*Source!I38, 2) -> 40.38 | J111: =IF(Source!BA38<> 0, Source!BA38, 1) -> 6.71 | K111: =Source!S38 -> 270.95 | R111: =H111 -> 40.38
...

Sheet Акт КС-2 c НР и СП
A1: =Source!B1 -> Smeta.RU (495) 974-1589
E2: Унифицированная форма № КС-2
E3: Утверждена постановлением Госкомстата России
E4: от 11.11.99. № 100
G6: Код
F7: Форма по ОКУД | G7: 0322005
G8: =IF(Source!AT15 <> "", Source!AT15, "")
A9: Инвестор | C9: =IF(Source!BA15 <> "", Source!BA15, IF(Source!AU15 <> "", Source!AU15, "")) | F9: по ОКПО
C10: организация, адрес, телефон, факс | G10: =IF(Source!AK15 <> "", Source!AK15, "")
A11: Заказчик | C11: =IF(Source!AX12<> "", Source!AX12, IF(Source!AJ12 <> "", Source!AJ12, "")) | F11: по ОКПО
C12: организация, адрес, телефон, факс | G12: =IF(Source!AO15 <> "", Source!AO15, "")
A13: Подрядчик | C13: =IF(Source!AY12<> "", Source!AY12, IF(Source!AN12 <> "", Source!AN12, "")) | F13: по ОКПО
C14: организация, адрес, телефон, факс | G14: =IF(Source!CO15 <> "", Source!CO15, "")
A15: Стройка | C15: на капитальный ремонт 2-го этажа здания корпуса 30 НИЯУ МИФИ по адресу: г.Москва,Каширское шоссе,д.31,стр.7 | AE15: на капитальный ремонт 2-го этажа здания корпуса 30 НИЯУ МИФИ по адресу: г.Москва,Каширское шоссе,д.31,стр.7
C16: наименование, адрес | G16: =IF(Source!CP15 <> "", Source!CP15, "")
A17: Объект | C17: =IF(Source!G12<>"Новый объект", Source!G12, "") -> на ремонт помещений № 2- № 8, № 10 2-го этажа здания корпуса 30 НИЯУ МИФИ по адресу: г. Москва, Каширское шоссе, д. 31 стр. 7 | AE17: =IF(Source!G12<>"Новый объект", Source!G12, "") -> на ремонт помещений № 2- № 8, № 10 2-го этажа здания корпуса 30 НИЯУ МИФИ по адресу: г. Москва, Каширское шоссе, д. 31 стр. 7
C18: наименование
D19: Вид деятельности по ОКДП | G19: =IF(Source!CQ15 <> "", Source!CQ15, "")
D20: Договор подряда | F20: номер | G20: =IF(Source!CR15 <> "", Source!CR15, "")
F21: дата | G21: =IF(Source!CS15 <> 0, Source!CS15, "")
F22: Вид операции | G22: =IF(Source!CT15 <> "", Source!CT15, "")
D24: Номер документа | E24: Дата составления | F24: Отчетный период
F25: с | G25: по
D26: =IF(Source!CN15 <> "", Source!CN15, "") | E26: 43390.58
A28: AKT
A29: О ПРИЕМКЕ ВЫПОЛНЕННЫХ РАБОТ
A31: Сметная (договорная) стоимость в соответствии с договором подряда (субподряда) | F31: =(Source!F388/1000) -> 1148.6723 | H31: тыс.руб
A33: Номер | C33: Наименование работ | D33: Номер единичной расценки | E33: Единица измерения | F33: Выполнено работ
A34: по порядку | B34: поз. по смете | F34: Количество | G34: цена за единицу, руб | H34: стоимость, руб
A35: 1 | B35: 2 | C35: 3 | D35: 4 | E35: 5 | F35: 6 | G35: 7 | H35: 8
A37: =CONCATENATE("Локальная смета: ",IF(Source!G20<>"Новая локальная смета", Source!G20, "")) -> Локальная смета:
A39: =CONCATENATE("Раздел: ",IF(Source!G24<>"Новый раздел", Source!G24, "")) -> Раздел: Демонтаж
A40: 1 | B40: =Source!E28 -> 1 | C40: =Source!G28 -> Разборка деревянных заполнений проемов дверных и воротных | D40: =Source!F28 -> 46-04-012-03 | E40: =Source!H28 -> 100 м2 | F40: =Source!I28 -> 0.0945 | G40: =Source!AB28 -> 1082.58 | H40: =Source!O28 -> 686.46 | T40: =Source!O28+Source!X28+Source!Y28 -> 1639.35 | U40: =Source!P28 -> 0 | V40: =Source!S28 -> 533.04 | W40: =Source!Q28 -> 153.42 | X40: =Source!R28 -> 66.26 | Y40: =Source!U28 -> 9.819495 | Z40: =Source!V28 -> 0.73143 | AA40: =Source!X28 -> 593.31 | AB40: =Source!Y28 -> 359.58
C41: ="Объем: "&Source!I28&"=9,45/"&"100" -> Объем: 0,0945=9,45/100
C42: Коэфф. к ОЗП | D42: =Source!BA28 -> 6.71
C43: Коэфф. к эксплуатации машин | D43: =Source!BB28 -> 6.71
C44: Коэфф. к материалам | D44: =Source!BC28 -> 6.71
C45: Коэфф. к ЗПМ | D45: =Source!BS28 -> 6.71
C46: % НР | F46: =Source!BZ28 -> 110 | G46: =(Source!AF28+Source!AE28)*Source!FX28/100 -> 935.6688 | H46: =Source!X28 -> 593.31
C47: % НР с поправкой | G47: =CONCATENATE(Source!DL28,Source!FT28, "=", Source!FX28, "%") -> *0,9=99% | H47: =CONCATENATE(Source!AT28) -> 99
C48: % СП | F48: =Source!CA28 -> 70 | G48: =(Source!AF28+Source!AE28)*Source!FY28/100 -> 562.3464 | H48: =Source!Y28 -> 359.58
C49: СП с поправкой | G49: =CONCATENATE(Source!DM28,Source!FU28, "=", Source!FY28, "%") -> *0,85=59,5% | H49: =CONCATENATE(Source!AU28) -> 60
C50: Итого с НР и СП | G50: =((Source!AF28+Source!AE28)*Source!FX28/100)+((Source!AF28+Source!AE28)*Source!FY28/100)+Source!AB28 -> 2580.5952 | H50: =Source!O28+Source!X28+Source!Y28 -> 1639.35
A51: 2 | B51: =Source!E29 -> 2 | C51: =Source!G29 -> Демонтаж светильников для люминесцентных ламп (прим.) | D51: =Source!F29 -> 67-4-5 | E51: =Source!H29 -> 100 ШТ | F51: =Source!I29 -> 0.48 | G51: =Source!AB29 -> 145.98 | H51: =Source!O29 -> 470.17 | T51: =Source!O29+Source!X29+Source!Y29 -> 1168.57 | U51: =Source!P29 -> 0 | V51: =Source!S29 -> 462.12 | W51: =Source!Q29 -> 8.05 | X51: =Source!R29 -> 3.48 | Y51: =Source!U29 -> 8.5872 | Z51: =Source!V29 -> 0.0384 | AA51: =Source!X29 -> 395.76 | AB51: =Source!Y29 -> 302.64
C52: ="Объем: "&Source!I29&"=48/"&"100" -> Объем: 0,48=48/100
C53: Коэфф. к ОЗП | D53: =Source!BA29 -> 6.71
C54: Коэфф. к эксплуатации машин | D54: =Source!BB29 -> 6.71
C55: Коэфф. к материалам | D55: =Source!BC29 -> 6.71
C56: Коэфф. к ЗПМ | D56: =Source!BS29 -> 6.71
C57: % НР | F57: =Source!BZ29 -> 85 | G57: =(Source!AF29+Source!AE29)*Source!FX29/100 -> 122.876 | H57: =Source!X29 -> 395.76
C58: % СП | F58: =Source!CA29 -> 65 | G58: =(Source!AF29+Source!AE29)*Source!FY29/100 -> 93.964 | H58: =Source!Y29 -> 302.64
C59: Итого с НР и СП | G59: =((Source!AF29+Source!AE29)*Source!FX29/100)+((Source!AF29+Source!AE29)*Source!FY29/100)+Source!AB29 -> 362.82 | H59: =Source!O29+Source!X29+Source!Y29 -> 1168.57
A60: 3 | B60: =Source!E30 -> 3 | C60: =Source!G30 -> Демонтаж выключателей, розеток | D60: =Source!F30 -> 67-4-1 | E60: =Source!H30 -> 100 ШТ | F60: =Source!I30 -> 0.46 | G60: =Source!AB30 -> 45.55 | H60: =Source!O30 -> 140.59 | T60: =Source!O30+Source!X30+Source!Y30 -> 351.47 | U60: =Source!P30 -> 0 | V60: =Source!S30 -> 140.59 | W60: =Source!Q30 -> 0 | X60: =Source!R30 -> 0 | Y60: =Source!U30 -> 2.6864 | Z60: =Source!V30 -> 0 | AA60: =Source!X30 -> 119.5 | AB60: =Source!Y30 -> 91.38
C61: ="Объем: "&Source!I30&"=46/"&"100" -> Объем: 0,46=46/100
C62: Коэфф. к ОЗП | D62: =Source!BA30 -> 6.71
C63: Коэфф. к эксплуатации машин | D63: =Source!BB30 -> 6.71
C64: Коэфф. к материалам | D64: =Source!BC30 -> 6.71
C65: Коэфф. к ЗПМ | D65: =Source!BS30 -> 6.71
C66: % НР | F66: =Source!BZ30 -> 85 | G66: =(Source!AF30+Source!AE30)*Source!FX30/100 -> 38.7175 | H66: =Source!X30 -> 119.5
C67: % СП | F67: =Source!CA30 -> 65 | G67: =(Source!AF30+Source!AE30)*Source!FY30/100 -> 29.6075 | H67: =Source!Y30 -> 91.38
C68: Итого с НР и СП | G68: =((Source!AF30+Source!AE30)*Source!FX30/100)+((Source!AF30+Source!AE30)*Source!FY30/100)+Source!AB30 -> 113.875 | H68: =Source!O30+Source!X30+Source!Y30 -> 351.47
A69: 4 | B69: =Source!E31 -> 4 | C69: =Source!G31 -> Демонтаж кабеля | D69: =Source!F31 -> 67-3-1 | E69: =Source!H31 -> 100 м | F69: =Source!I31 -> 1.15 | G69: =Source!AB31 -> 75.5 | H69: =Source!O31 -> 582.59 | T69: =Source!O31+Source!X31+Source!Y31 -> 1454.51 | U69: =Source!P31 -> 0 | V69: =Source!S31 -> 580.2 | W69: =Source!Q31 -> 2.39 | X69: =Source!R31 -> 1.08 | Y69: =Source!U31 -> 11.086 | Z69: =Source!V31 -> 0.0115 | AA69: =Source!X31 -> 494.09 | AB69: =Source!Y31 -> 377.83
C70: ="Объем: "&Source!I31&"=115/"&"100" -> Объем: 1,15=115/100
C71: Коэфф. к ОЗП | D71: =Source!BA31 -> 6.71
C72: Коэфф. к эксплуатации машин | D72: =Source!BB31 -> 6.71
C73: Коэфф. к материалам | D73: =Source!BC31 -> 6.71
C74: Коэфф. к ЗПМ | D74: =Source!BS31 -> 6.71
C75: % НР | F75: =Source!BZ31 -> 85 | G75: =(Source!AF31+Source!AE31)*Source!FX31/100 -> 64.0305 | H75: =Source!X31 -> 494.09
C76: % СП | F76: =Source!CA31 -> 65 | G76: =(Source!AF31+Source!AE31)*Source!FY31/100 -> 48.9645 | H76: =Source!Y31 -> 377.83
C77: Итого с НР и СП | G77: =((Source!AF31+Source!AE31)*Source!FX31/100)+((Source!AF31+Source!AE31)*Source!FY31/100)+Source!AB31 -> 188.495 | H77: =Source!O31+Source!X31+Source!Y31 -> 1454.51
A78: 5 | B78: =Source!E32 -> 5 | C78: =Source!G32 -> Демонтаж:Щиток до трех групп, устанавливаемый в нише цоколя | D78: =Source!F32 -> м08-02-370-02 | E78: =Source!H32 -> ШТ | F78: =Source!I32 -> 2 | G78: =Source!AB32 -> 8.17 | H78: =Source!O32 -> 109.64 | T78: =Source!O32+Source!X32+Source!Y32 -> 186.73 | U78: =Source!P32 -> 0 | V78: =Source!S32 -> 38.11 | W78: =Source!Q32 -> 71.53 | X78: =Source!R32 -> 10.07 | Y78: =Source!U32 -> 0.54 | Z78: =Source!V32 -> 0.12 | AA78: =Source!X32 -> 45.77 | AB78: =Source!Y32 -> 31.32
C79: Коэфф. к ОЗП | D79: =Source!BA32 -> 6.71
C80: Коэфф. к эксплуатации машин | D80: =Source!BB32 -> 6.71
C81: Коэфф. к материалам | D81: =Source!BC32 -> 6.71
C82: Коэфф. к ЗПМ | D82: =Source!BS32 -> 6.71
C83: Стоимость материалов | D83: )*0
C84: Эксплуатация машин | D84: )*0,3
C85: Оплата труда машинистов | D85: )*0,3
C86: Оплата труда рабочих | D86: )*0,3
C87: Затраты труда рабочих | D87: )*0,3
C88: Затраты труда машинистов | D88: )*0,3
C89: % НР | F89: =Source!BZ32 -> 95 | G89: =(Source!AF32+Source!AE32)*Source!FX32/100 -> 3.4105 | H89: =Source!X32 -> 45.77
C90: % СП | F90: =Source!CA32 -> 65 | G90: =(Source!AF32+Source!AE32)*Source!FY32/100 -> 2.3335 | H90: =Source!Y32 -> 31.32
C91: Итого с НР и СП | G91: =((Source!AF32+Source!AE32)*Source!FX32/100)+((Source!AF32+Source!AE32)*Source!FY32/100)+Source!AB32 -> 13.914 | H91: =Source!O32+Source!X32+Source!Y32 -> 186.73
A92: 6 | B92: =Source!E33 -> 6 | C92: =Source!G33 -> Демонтаж:Короба пластмассовые шириной до 40 мм | D92: =Source!F33 -> м08-02-390-01 | E92: =Source!H33 -> 100 м | F92: =Source!I33 -> 1.15 | G92: =Source!AB33 -> 46.57 | H92: =Source!O33 -> 359.35 | T92: =Source!O33+Source!X33+Source!Y33 -> 933.7 | U92: =Source!P33 -> 0 | V92: =Source!S33 -> 358.66 | W92: =Source!Q33 -> 0.69 | X92: =Source!R33 -> 0.31 | Y92: =Source!U33 -> 5.62005 | Z92: =Source!V33 -> 0.00345 | AA92: =Source!X33 -> 341.02 | AB92: =Source!Y33 -> 233.33
C93: ="Объем: "&Source!I33&"=115/"&"100" -> Объем: 1,15=115/100
C94: Коэфф. к ОЗП | D94: =Source!BA33 -> 6.71
C95: Коэфф. к эксплуатации машин | D95: =Source!BB33 -> 6.71
C96: Коэфф. к материалам | D96: =Source!BC33 -> 6.71
C97: Коэфф. к ЗПМ | D97: =Source!BS33 -> 6.71
C98: Стоимость материалов | D98: )*0
C99: Эксплуатация машин | D99: )*0,3
C100: Оплата труда машинистов | D100: )*0,3
C101: Оплата труда рабочих | D101: )*0,3
C102: Затраты труда рабочих | D102: )*0,3
C103: Затраты труда машинистов | D103: )*0,3
C104: % НР | F104: =Source!BZ33 -> 95 | G104: =(Source!AF33+Source!AE33)*Source!FX33/100 -> 44.194 | H104: =Source!X33 -> 341.02
C105: % СП | F105: =Source!CA33 -> 65 | G105: =(Source!AF33+Source!AE33)*Source!FY33/100 -> 30.238 | H105: =Source!Y33 -> 233.33
C106: Итого с НР и СП | G106: =((Source!AF33+Source!AE33)*Source!FX33/100)+((Source!AF33+Source!AE33)*Source!FY33/100)+Source!AB33 -> 121.002 | H106: =Source!O33+Source!X33+Source!Y33 -> 933.7
A107: 7 | B107: =Source!E34 -> 7 | C107: =Source!G34 -> Демонтаж:ПС автоматический тепловой электро-контактный, магнитоконтактный в нормальном исполнении | D107: =Source!F34 -> м10-08-002-01 | E107: =Source!H34 -> ШТ | F107: =Source!I34 -> 21 | G107: =Source!AB34 -> 2.42 | H107: =Source!O34 -> 341 | T107: =Source!O34+Source!X34+Source!Y34 -> 818.4 | U107: =Source!P34 -> 0 | V107: =Source!S34 -> 341 | W107: =Source!Q34 -> 0 | X107: =Source!R34 -> 0 | Y107: =Source!U34 -> 5.292 | Z107: =Source!V34 -> 0 | AA107: =Source!X34 -> 272.8 | AB107: =Source!Y34 -> 204.6
...

Sheet Макет форма-3
A1: =Source!B1 -> Smeta.RU (495) 974-1589 | H1: Унифицированная форма № КС-3
H2: Утверждена постановлением Госкомстата России
H3: от 11.11.99. № 100
K4: Коды
I5: Форма по ОКУД | K5: 322001
A6: Инвестор | J6: по ОКПО
C7: организация, адрес, телефон, факс
A8: Заказчик (генподрядчик) | J8: по ОКПО
C9: организация, адрес, телефон, факс
A10: Подрядчик (субподрядчик) | J10: по ОКПО
C11: организация, адрес, телефон, факс
A12: Стройка | J12: по ОКПО
C13: наименование, адрес | H13: Вид деятельности по ОКДП
E14: Договор подряда (контракт) | I14: номер
I15: дата
I16: Вид операции
C19: Номер документа | E19: Дата составления | I19: Отчетный период
I20: с | K20: по
A24: СПРАВКА
A25: СТОИМОСТИ ВЫПОЛНЕННЫХ РАБОТ И ЗАТРАТ
A28: № п/п | B28: Наименование пусковых комплексов, объектов, видов работ, оборудования, затрат | F28: Код | G28: Стоимость выполненных работ и затрат
G29: с начала проведения работ | I29: с начала года по отчетный период включительно | K29: в том числе за отчетный месяц
A33: 1 | B33: 2 | F33: 3 | G33: 4 | I33: 5 | K33: 6
B34: Всего работ и затрат, включаемых в стоимость
B35: В том числе:
A36: Итого
A37: Сумма НДС
A38: Всего с учетом НДС
A42: Заказчик (генподрядчик)
C43: должность | G43: подпись | J43: расшифровка подпись
A45: МП
A49: Подрядчик (субподрядчик)
C50: должность | G50: подпись | J50: расшифровка подпись
A52: МП

Sheet Source
A1: 0 | B1: Smeta.RU (495) 974-1589 | D1: _PS_ | F1: 0 | G1: 0 | H1: 0 | I1: Smeta.RU | J1: НИЯУ МИФИ Доп. раб. место MCCS-0027251 | K1: 0 | L1: 27251 | M1: 10 | N1: 10 | O1: 1 | P1: 0 | Q1: 8
A12: 1 | B12: 419 | C12: 0 | D12: =ROW(A361) -> 361 | E12: 0 | F12: Новый объект | G12: на ремонт помещений № 2- № 8, № 10 2-го этажа здания корпуса 30 НИЯУ МИФИ по адресу: г. Москва, Каширское шоссе, д. 31 стр. 7 | I12: 0 | K12: 0 | O12: 0 | P12: 0 | Q12: 0 | R12: 0 | V12: 0 | BH12: Сметные нормы списания | BI12: Коды ценников | BJ12: 1 | BK12: 1 | BL12: 0 | BM12: 0 | BN12: 1 | BO12: 0 | BP12: 2 | BQ12: 2 | BR12: 1 | BS12: 1 | BT12: 0 | BU12: 0 | BV12: 0 | BW12: 0 | BX12: 0 | BY12: ФЕР-2017 | BZ12: ТР для Версии 10: Центральные регионы (с учетом п-ма 2536-ИП/12/ГС от 22.03.2017 г | CA12: ФЕР-2017 | CB12: ФЕР-2017 | CC12: ФЕР-2017 | CD12: ФЕР-2017 | CE12: Поправки для ГСН 2017 от 31.03.2017 г | CF12: 0 | CG12: 0 | CH12: 17301512 | CK12: 4 | EC12: 0
A15: 15 | B15: 1
A18: 52 | B18: =B361 -> 419 | C18: =C361 -> 1 | D18: =D361 -> 12 | E18: =E361 -> 0 | F18: =F361 -> Новый объект | G18: =G361 -> на ремонт помещений № 2- № 8, № 10 2-го этажа здания корпуса 30 НИЯУ МИФИ по адресу: г. Москва, Каширское шоссе, д. 31 стр. 7 | O18: =O361 -> 1006235.7 | P18: =P361 -> 902976.05 | Q18: =Q361 -> 6775.09 | R18: =R361 -> 1463.02 | S18: =S361 -> 96484.6 | T18: =T361 -> 0 | U18: =U361 -> 1332.7118 | V18: =V361 -> 17.025969 | ... GX18: =GX361 -> 0
A20: 3 | B20: 1 | D20: =ROW(A329) -> 329 | F20: Новая локальная смета | G20: Новая локальная смета | I20: 0 | K20: 0 | V20: 0 | BX20: 0 | CF20: 0 | CG20: 0
A22: 52 | B22: =B329 -> 1 | C22: =C329 -> 3 | D22: =D329 -> 20 | E22: =E329 -> 0 | F22: =F329 -> Новая локальная смета | G22: =G329 -> Новая локальная смета | O22: =O329 -> 1006235.7 | P22: =P329 -> 902976.05 | Q22: =Q329 -> 6775.09 | R22: =R329 -> 1463.02 | S22: =S329 -> 96484.6 | T22: =T329 -> 0 | U22: =U329 -> 1332.7118 | V22: =V329 -> 17.025969 | ... GX22: =GX329 -> 0
A24: 4 | B24: 1 | D24: =ROW(A46) -> 46 | F24: Новый раздел | G24: Демонтаж | I24: 0 | K24: 0 | V24: 0 | BX24: 0 | CJ24: 0
A26: 52 | B26: =B46 -> 1 | C26: =C46 -> 4 | D26: =D46 -> 24 | E26: =E46 -> 0 | F26: =F46 -> Новый раздел | G26: =G46 -> Демонтаж | O26: =O46 -> 10591.82 | P26: =P46 -> 0 | Q26: =Q46 -> 746.92 | R26: =R46 -> 276.14 | S26: =S46 -> 9844.9 | T26: =T46 -> 0 | U26: =U46 -> 181.25867 | V26: =V46 -> 3.055758 | ... GX26: =GX46 -> 0
A28: 17 | B28: 1 | C28: =ROW(SmtRes!A3) -> 3 | D28: =ROW(EtalonRes!A3) -> 3 | E28: 1 | F28: 46-04-012-03 | G28: Разборка деревянных заполнений проемов дверных и воротных | H28: 100 м2 | I28: =ROUND(9.45/100,9) -> 0.0945 | J28: 0 | O28: =ROUND(CP28,2) -> 686.46 | P28: =ROUND(CQ28*I28,2) -> 0 | Q28: =ROUND(CR28*I28,2) -> 153.42 | R28: =ROUND(CS28*I28,2) -> 66.26 | S28: =ROUND(CT28*I28,2) -> 533.04 | T28: =ROUND(CU28*I28,2) -> 0 | U28: =CV28*I28 -> 9.819495 | V28: =CW28*I28 -> 0.73143 | W28: =ROUND(CX28*I28,2) -> 0 | X28: =ROUND(CY28,2) -> 593.31 | Y28: =ROUND(CZ28,2) -> 359.58 | AA28: 16808636 | AB28: =ROUND((AC28+AD28+AF28),2) -> 1082.58 | AC28: =ROUND((ES28),2) -> 0 | AD28: =ROUND((((ET28)-(EU28))+AE28),2) -> 241.95 | AE28: =ROUND((EU28),2) -> 104.49 | AF28: =ROUND((EV28),2) -> 840.63 | AG28: =ROUND((AP28),2) -> 0 | AH28: =(EW28) -> 103.91 | AI28: =(EX28) -> 7.74 | AJ28: =(AS28) -> 0 | AK28: 1082.58 | AL28: 0 | AM28: 241.95 | AN28: 104.49 | AO28: 840.63 | AP28: 0 | AQ28: 103.91 | AR28: 7.74 | AS28: 0 | AT28: 99 | AU28: 60 | AV28: 1 | AW28: 1 | AZ28: 6.71 | BA28: 6.71 | BB28: 6.71 | BC28: 6.71 | BH28: 0 | BI28: 1 | BJ28: ФЕР-2001, 46-04-012-03, приказ Минстроя России №1039/пр от 30.12.2016г. | BM28: 46001 | BN28: 0 | BP28: 0 | BQ28: 2 | BR28: 0 | BS28: 6.71 | BT28: 1 | BU28: 1 | BV28: 1 | BW28: 1 | BX28: 1 | BZ28: 110 | CA28: 70 | CE28: 0 | CF28: 0 | CG28: 0 | CM28: 0 | CO28: 0 | CP28: =(P28+Q28+S28) -> 686.46 | CQ28: =AC28*BC28 -> 0 | CR28: =AD28*BB28 -> 1623.4845 | CS28: =AE28*BS28 -> 701.1279 | CT28: =AF28*BA28 -> 5640.6273 | CU28: =AG28 -> 0 | CV28: =AH28 -> 103.91 | CW28: =AI28 -> 7.74 | CX28: =AJ28 -> 0 | CY28: =(((S28+R28)*AT28)/100) -> 593.307 | CZ28: =(((S28+R28)*AU28)/100) -> 359.58 | DN28: 0 | DO28: 0 | DP28: 1 | DQ28: 1 | DU28: 1005 | DV28: 100 м2 | DW28: 100 м2 | DX28: 100 | EE28: 16510555 | EF28: 2 | EG28: Общестроительные работы | EH28: 0 | EJ28: 1 | EK28: 46001 | EL28: Реконструкция зданий и сооружений | EM28: ФЕР-46 | EQ28: 0 | ER28: 1082.58 | ES28: 0 | ET28: 241.95 | EU28: 104.49 | EV28: 840.63 | EW28: 103.91 | EX28: 7.74 | EY28: 0 | FQ28: 0 | FR28: =ROUND(IF(AND(BH28=3,BI28=3),P28,0),2) -> 0 | FS28: 0 | FT28: *0,9 | FU28: *0,85 | FX28: 99 | FY28: 59.5 | GD28: 0 | GF28: 309229644 | GG28: 1 | GH28: 1 | GI28: 4 | GJ28: 0 | GK28: =ROUND(R28*(R12)/100,2) -> 0 | GL28: =ROUND(IF(AND(BH28=3,BI28=3,FS28<>0),P28,0),2) -> 0 | GM28: =ROUND(O28+X28+Y28+GK28,2)+GX28 -> 1639.35 | GN28: =IF(OR(BI28=0,BI28=1),ROUND(O28+X28+Y28+GK28,2),0) -> 1639.35 | GO28: =IF(BI28=2,ROUND(O28+X28+Y28+GK28,2),0) -> 0 | GP28: =IF(BI28=4,ROUND(O28+X28+Y28+GK28,2)+GX28,0) -> 0 | GR28: 0 | GS28: 3 | GT28: 0 | GV28: =ROUND((GT28),2) -> 0 | GW28: 1 | GX28: =ROUND(HC28*I28,2) -> 0 | HA28: 0 | HB28: 0 | HC28: =GV28*GW28 -> 0 | IK28: 0
A29: 17 | B29: 1 | C29: =ROW(SmtRes!A6) -> 6 | D29: =ROW(EtalonRes!A6) -> 6 | E29: 2 | F29: 67-4-5 | G29: Демонтаж светильников для люминесцентных ламп (прим.) | H29: 100 ШТ | I29: =ROUND(48/100,9) -> 0.48 | J29: 0 | O29: =ROUND(CP29,2) -> 470.17 | P29: =ROUND(CQ29*I29,2) -> 0 | Q29: =ROUND(CR29*I29,2) -> 8.05 | R29: =ROUND(CS29*I29,2) -> 3.48 | S29: =ROUND(CT29*I29,2) -> 462.12 | T29: =ROUND(CU29*I29,2) -> 0 | U29: =CV29*I29 -> 8.5872 | V29: =CW29*I29 -> 0.0384 | W29: =ROUND(CX29*I29,2) -> 0 | X29: =ROUND(CY29,2) -> 395.76 | Y29: =ROUND(CZ29,2) -> 302.64 | AA29: 16808636 | AB29: =ROUND((AC29+AD29+AF29),2) -> 145.98 | AC29: =ROUND((ES29),2) -> 0 | AD29: =ROUND((((ET29)-(EU29))+AE29),2) -> 2.5 | AE29: =ROUND((EU29),2) -> 1.08 | AF29: =ROUND((EV29),2) -> 143.48 | AG29: =ROUND((AP29),2) -> 0 | AH29: =(EW29) -> 17.89 | AI29: =(EX29) -> 0.08 | AJ29: =(AS29) -> 0 | AK29: 145.98 | AL29: 0 | AM29: 2.5 | AN29: 1.08 | AO29: 143.48 | AP29: 0 | AQ29: 17.89 | AR29: 0.08 | AS29: 0 | AT29: 85 | AU29: 65 | AV29: 1 | AW29: 1 | AZ29: 6.71 | BA29: 6.71 | BB29: 6.71 | BC29: 6.71 | BH29: 0 | BI29: 1 | BJ29: ФЕРр-2001, 67-4-5, приказ Минстроя России №1039/пр от 30.12.2016г. | BM29: 67001 | BN29: 0 | BP29: 0 | BQ29: 6 | BR29: 0 | BS29: 6.71 | BT29: 1 | BU29: 1 | BV29: 1 | BW29: 1 | BX29: 1 | BZ29: 85 | CA29: 65 | CE29: 0 | CF29: 0 | CG29: 0 | CM29: 0 | CO29: 0 | CP29: =(P29+Q29+S29) -> 470.17 | CQ29: =AC29*BC29 -> 0 | CR29: =AD29*BB29 -> 16.775 | CS29: =AE29*BS29 -> 7.2468 | CT29: =AF29*BA29 -> 962.7508 | CU29: =AG29 -> 0 | CV29: =AH29 -> 17.89 | CW29: =AI29 -> 0.08 | CX29: =AJ29 -> 0 | CY29: =(((S29+R29)*AT29)/100) -> 395.76 | CZ29: =(((S29+R29)*AU29)/100) -> 302.64 | DN29: 0 | DO29: 0 | DP29: 1 | DQ29: 1 | DU29: 1013 | DV29: 100 ШТ | DW29: 100 ШТ | DX29: 1 | EE29: 16510612 | EF29: 6 | EG29: Ремонтно-строительные работы | EH29: 0 | EJ29: 1 | EK29: 67001 | EL29: Электромонтажные работы | EM29: рФЕР-67 | EQ29: 0 | ER29: 145.98 | ES29: 0 | ET29: 2.5 | EU29: 1.08 | EV29: 143.48 | EW29: 17.89 | EX29: 0.08 | EY29: 0 | FQ29: 0 | FR29: =ROUND(IF(AND(BH29=3,BI29=3),P29,0),2) -> 0 | FS29: 0 | FX29: 85 | FY29: 65 | GD29: 0 | GF29: -436817836 | GG29: 1 | GH29: 1 | GI29: 4 | GJ29: 0 | GK29: =ROUND(R29*(R12)/100,2) -> 0 | GL29: =ROUND(IF(AND(BH29=3,BI29=3,FS29<>0),P29,0),2) -> 0 | GM29: =ROUND(O29+X29+Y29+GK29,2)+GX29 -> 1168.57 | GN29: =IF(OR(BI29=0,BI29=1),ROUND(O29+X29+Y29+GK29,2),0) -> 1168.57 | GO29: =IF(BI29=2,ROUND(O29+X29+Y29+GK29,2),0) -> 0 | GP29: =IF(BI29=4,ROUND(O29+X29+Y29+GK29,2)+GX29,0) -> 0 | GR29: 0 | GS29: 3 | GT29: 0 | GV29: =ROUND((GT29),2) -> 0 | GW29: 1 | GX29: =ROUND(HC29*I29,2) -> 0 | HA29: 0 | HB29: 0 | HC29: =GV29*GW29 -> 0 | IK29: 0
A30: 17 | B30: 1 | C30: =ROW(SmtRes!A7) -> 7 | D30: =ROW(EtalonRes!A7) -> 7 | E30: 3 | F30: 67-4-1 | G30: Демонтаж выключателей, розеток | H30: 100 ШТ | I30: =ROUND(46/100,9) -> 0.46 | J30: 0 | O30: =ROUND(CP30,2) -> 140.59 | P30: =ROUND(CQ30*I30,2) -> 0 | Q30: =ROUND(CR30*I30,2) -> 0 | R30: =ROUND(CS30*I30,2) -> 0 | S30: =ROUND(CT30*I30,2) -> 140.59 | T30: =ROUND(CU30*I30,2) -> 0 | U30: =CV30*I30 -> 2.6864 | V30: =CW30*I30 -> 0 | W30: =ROUND(CX30*I30,2) -> 0 | X30: =ROUND(CY30,2) -> 119.5 | Y30: =ROUND(CZ30,2) -> 91.38 | AA30: 16808636 | AB30: =ROUND((AC30+AD30+AF30),2) -> 45.55 | AC30: =ROUND((ES30),2) -> 0 | AD30: =ROUND((((ET30)-(EU30))+AE30),2) -> 0 | AE30: =ROUND((EU30),2) -> 0 | AF30: =ROUND((EV30),2) -> 45.55 | AG30: =ROUND((AP30),2) -> 0 | AH30: =(EW30) -> 5.84 | AI30: =(EX30) -> 0 | AJ30: =(AS30) -> 0 | AK30: 45.55 | AL30: 0 | AM30: 0 | AN30: 0 | AO30: 45.55 | AP30: 0 | AQ30: 5.84 | AR30: 0 | AS30: 0 | AT30: 85 | AU30: 65 | AV30: 1 | AW30: 1 | AZ30: 6.71 | BA30: 6.71 | BB30: 6.71 | BC30: 6.71 | BH30: 0 | BI30: 1 | BJ30: ФЕРр-2001, 67-4-1, приказ Минстроя России №1039/пр от 30.12.2016г. | BM30: 67001 | BN30: 0 | BP30: 0 | BQ30: 6 | BR30: 0 | BS30: 6.71 | BT30: 1 | BU30: 1 | BV30: 1 | BW30: 1 | BX30: 1 | BZ30: 85 | CA30: 65 | CE30: 0 | CF30: 0 | CG30: 0 | CM30: 0 | CO30: 0 | CP30: =(P30+Q30+S30) -> 140.59 | CQ30: =AC30*BC30 -> 0 | CR30: =AD30*BB30 -> 0 | CS30: =AE30*BS30 -> 0 | CT30: =AF30*BA30 -> 305.6405 | CU30: =AG30 -> 0 | CV30: =AH30 -> 5.84 | CW30: =AI30 -> 0 | CX30: =AJ30 -> 0 | CY30: =(((S30+R30)*AT30)/100) -> 119.5015 | CZ30: =(((S30+R30)*AU30)/100) -> 91.3835 | DN30: 0 | DO30: 0 | DP30: 1 | DQ30: 1 | DU30: 1013 | DV30: 100 ШТ | DW30: 100 ШТ | DX30: 1 | EE30: 16510612 | EF30: 6 | EG30: Ремонтно-строительные работы | EH30: 0 | EJ30: 1 | EK30: 67001 | EL30: Электромонтажные работы | EM30: рФЕР-67 | EQ30: 0 | ER30: 45.55 | ES30: 0 | ET30: 0 | EU30: 0 | EV30: 45.55 | EW30: 5.84 | EX30: 0 | EY30: 0 | FQ30: 0 | FR30: =ROUND(IF(AND(BH30=3,BI30=3),P30,0),2) -> 0 | FS30: 0 | FX30: 85 | FY30: 65 | GD30: 0 | GF30: -729058478 | GG30: 1 | GH30: 1 | GI30: 4 | GJ30: 0 | GK30: =ROUND(R30*(R12)/100,2) -> 0 | GL30: =ROUND(IF(AND(BH30=3,BI30=3,FS30<>0),P30,0),2) -> 0 | GM30: =ROUND(O30+X30+Y30+GK30,2)+GX30 -> 351.47 | GN30: =IF(OR(BI30=0,BI30=1),ROUND(O30+X30+Y30+GK30,2),0) -> 351.47 | GO30: =IF(BI30=2,ROUND(O30+X30+Y30+GK30,2),0) -> 0 | GP30: =IF(BI30=4,ROUND(O30+X30+Y30+GK30,2)+GX30,0) -> 0 | GR30: 0 | GS30: 3 | GT30: 0 | GV30: =ROUND((GT30),2) -> 0 | GW30: 1 | GX30: =ROUND(HC30*I30,2) -> 0 | HA30: 0 | HB30: 0 | HC30: =GV30*GW30 -> 0 | IK30: 0
A31: 17 | B31: 1 | C31: =ROW(SmtRes!A10) -> 10 | D31: =ROW(EtalonRes!A10) -> 10 | E31: 4 | F31: 67-3-1 | G31: Демонтаж кабеля | H31: 100 м | I31: =ROUND(115/100,9) -> 1.15 | J31: 0 | O31: =ROUND(CP31,2) -> 582.59 | P31: =ROUND(CQ31*I31,2) -> 0 | Q31: =ROUND(CR31*I31,2) -> 2.39 | R31: =ROUND(CS31*I31,2) -> 1.08 | S31: =ROUND(CT31*I31,2) -> 580.2 | T31: =ROUND(CU31*I31,2) -> 0 | U31: =CV31*I31 -> 11.086 | V31: =CW31*I31 -> 0.0115 | W31: =ROUND(CX31*I31,2) -> 0 | X31: =ROUND(CY31,2) -> 494.09 | Y31: =ROUND(CZ31,2) -> 377.83 | AA31: 16808636 | AB31: =ROUND((AC31+AD31+AF31),2) -> 75.5 | AC31: =ROUND((ES31),2) -> 0 | AD31: =ROUND((((ET31)-(EU31))+AE31),2) -> 0.31 | AE31: =ROUND((EU31),2) -> 0.14 | AF31: =ROUND((EV31),2) -> 75.19 | AG31: =ROUND((AP31),2) -> 0 | AH31: =(EW31) -> 9.64 | AI31: =(EX31) -> 0.01 | AJ31: =(AS31) -> 0 | AK31: 75.5 | AL31: 0 | AM31: 0.31 | AN31: 0.14 | AO31: 75.19 | AP31: 0 | AQ31: 9.64 | AR31: 0.01 | AS31: 0 | AT31: 85 | AU31: 65 | AV31: 1 | AW31: 1 | AZ31: 6.71 | BA31: 6.71 | BB31: 6.71 | BC31: 6.71 | BH31: 0 | BI31: 1 | BJ31: ФЕРр-2001, 67-3-1, приказ Минстроя России №1039/пр от 30.12.2016г. | BM31: 67001 | BN31: 0 | BP31: 0 | BQ31: 6 | BR31: 0 | BS31: 6.71 | BT31: 1 | BU31: 1 | BV31: 1 | BW31: 1 | BX31: 1 | BZ31: 85 | CA31: 65 | CE31: 0 | CF31: 0 | CG31: 0 | CM31: 0 | CO31: 0 | CP31: =(P31+Q31+S31) -> 582.59 | CQ31: =AC31*BC31 -> 0 | CR31: =AD31*BB31 -> 2.0801 | CS31: =AE31*BS31 -> 0.9394 | CT31: =AF31*BA31 -> 504.5249 | CU31: =AG31 -> 0 | CV31: =AH31 -> 9.64 | CW31: =AI31 -> 0.01 | CX31: =AJ31 -> 0 | CY31: =(((S31+R31)*AT31)/100) -> 494.088 | CZ31: =(((S31+R31)*AU31)/100) -> 377.832 | DN31: 0 | DO31: 0 | DP31: 1 | DQ31: 1 | DU31: 1003 | DV31: 100 м | DW31: 100 м | DX31: 100 | EE31: 16510612 | EF31: 6 | EG31: Ремонтно-строительные работы | EH31: 0 | EJ31: 1 | EK31: 67001 | EL31: Электромонтажные работы | EM31: рФЕР-67 | EQ31: 0 | ER31: 75.5 | ES31: 0 | ET31: 0.31 | EU31: 0.14 | EV31: 75.19 | EW31: 9.64 | EX31: 0.01 | EY31: 0 | FQ31: 0 | FR31: =ROUND(IF(AND(BH31=3,BI31=3),P31,0),2) -> 0 | FS31: 0 | FX31: 85 | FY31: 65 | GD31: 0 | GF31: 994189354 | GG31: 1 | GH31: 1 | GI31: 4 | GJ31: 0 | GK31: =ROUND(R31*(R12)/100,2) -> 0 | GL31: =ROUND(IF(AND(BH31=3,BI31=3,FS31<>0),P31,0),2) -> 0 | GM31: =ROUND(O31+X31+Y31+GK31,2)+GX31 -> 1454.51 | GN31: =IF(OR(BI31=0,BI31=1),ROUND(O31+X31+Y31+GK31,2),0) -> 1454.51 | GO31: =IF(BI31=2,ROUND(O31+X31+Y31+GK31,2),0) -> 0 | GP31: =IF(BI31=4,ROUND(O31+X31+Y31+GK31,2)+GX31,0) -> 0 | GR31: 0 | GS31: 3 | GT31: 0 | GV31: =ROUND((GT31),2) -> 0 | GW31: 1 | GX31: =ROUND(HC31*I31,2) -> 0 | HA31: 0 | HB31: 0 | HC31: =GV31*GW31 -> 0 | IK31: 0
A32: 17 | B32: 1 | C32: =ROW(SmtRes!A18) -> 18 | D32: =ROW(EtalonRes!A18) -> 18 | E32: 5 | F32: м08-02-370-02 | G32: Демонтаж:Щиток до трех групп, устанавливаемый в нише цоколя | H32: ШТ | I32: 2 | J32: 0 | O32: =ROUND(CP32,2) -> 109.64 | P32: =ROUND(CQ32*I32,2) -> 0 | Q32: =ROUND(CR32*I32,2) -> 71.53 | R32: =ROUND(CS32*I32,2) -> 10.07 | S32: =ROUND(CT32*I32,2) -> 38.11 | T32: =ROUND(CU32*I32,2) -> 0 | U32: =CV32*I32 -> 0.54 | V32: =CW32*I32 -> 0.12 | W32: =ROUND(CX32*I32,2) -> 0 | X32: =ROUND(CY32,2) -> 45.77 | Y32: =ROUND(CZ32,2) -> 31.32 | AA32: 16808636 | AB32: =ROUND((AC32+AD32+AF32),2) -> 8.17 | AC32: =ROUND(((ES32*0)),2) -> 0 | AD32: =ROUND(((((ET32*0.3))-((EU32*0.3)))+AE32),2) -> 5.33 | AE32: =ROUND(((EU32*0.3)),2) -> 0.75 | AF32: =ROUND(((EV32*0.3)),2) -> 2.84 | AG32: =ROUND((AP32),2) -> 0 | AH32: =((EW32*0.3)) -> 0.27 | AI32: =((EX32*0.3)) -> 0.06 | AJ32: =(AS32) -> 0 | AK32: 33.42 | AL32: 6.2 | AM32: 17.77 | AN32: 2.51 | AO32: 9.45 | AP32: 0 | AQ32: 0.9 | AR32: 0.2 | AS32: 0 | AT32: 95 | AU32: 65 | AV32: 1 | AW32: 1 | AZ32: 6.71 | BA32: 6.71 | BB32: 6.71 | BC32: 6.71 | BH32: 0 | BI32: 2 | BJ32: ФЕРм-2001, м08-02-370-02, приказ Минстроя России №1039/пр от 30.12.2016г. | BM32: 108001 | BN32: 0 | BP32: 0 | BQ32: 3 | BR32: 0 | BS32: 6.71 | BT32: 1 | BU32: 1 | BV32: 1 | BW32: 1 | BX32: 1 | BZ32: 95 | CA32: 65 | CE32: 0 | CF32: 0 | CG32: 0 | CM32: 0 | CN32: Поправка: Табл.3, п.4 Наименование: Демонтаж: Оборудование, не пригодное для дальнейшего использования, (предназначено в лом) без разборки и резки | CO32: 0 | CP32: =(P32+Q32+S32) -> 109.64 | CQ32: =AC32*BC32 -> 0 | CR32: =AD32*BB32 -> 35.7643 | CS32: =AE32*BS32 -> 5.0325 | CT32: =AF32*BA32 -> 19.0564 | CU32: =AG32 -> 0 | CV32: =AH32 -> 0.27 | CW32: =AI32 -> 0.06 | CX32: =AJ32 -> 0 | CY32: =(((S32+R32)*AT32)/100) -> 45.771 | CZ32: =(((S32+R32)*AU32)/100) -> 31.317 | DD32: )*0 | DE32: )*0,3 | DF32: )*0,3 | DG32: )*0,3 | DI32: )*0,3 | DJ32: )*0,3 | DN32: 0 | DO32: 0 | DP32: 1 | DQ32: 1 | DU32: 1013 | DV32: ШТ | DW32: ШТ | DX32: 1 | EE32: 16510370 | EF32: 3 | EG32: Монтажные работы | EH32: 0 | EJ32: 2 | EK32: 108001 | EL32: Электромонтажные работы , отдел 01-03 : ( на АЭС НР = 110% ) - (работы по упр. авиа.- движением: СП=55% ( {АВИА}=1; обычные работы : СП=65 - {AВИА}=0), при работе на АЭС СП= 68% ) | EM32: мФЕР-08 | EO32: Поправка: Табл.3, п.4 | EQ32: 0 | ER32: 33.42 | ES32: 6.2 | ET32: 17.77 | EU32: 2.51 | EV32: 9.45 | EW32: 0.9 | EX32: 0.2 | EY32: 0 | FQ32: 0 | FR32: =ROUND(IF(AND(BH32=3,BI32=3),P32,0),2) -> 0 | FS32: 0 | FX32: 95 | FY32: 65 | GD32: 0 | GF32: -906572006 | GG32: 1 | GH32: 1 | GI32: 4 | GJ32: 0 | GK32: =ROUND(R32*(R12)/100,2) -> 0 | GL32: =ROUND(IF(AND(BH32=3,BI32=3,FS32<>0),P32,0),2) -> 0 | GM32: =ROUND(O32+X32+Y32+GK32,2)+GX32 -> 186.73 | GN32: =IF(OR(BI32=0,BI32=1),ROUND(O32+X32+Y32+GK32,2),0) -> 0 | GO32: =IF(BI32=2,ROUND(O32+X32+Y32+GK32,2),0) -> 186.73 | GP32: =IF(BI32=4,ROUND(O32+X32+Y32+GK32,2)+GX32,0) -> 0 | GR32: 0 | GS32: 3 | GT32: 0 | GV32: =ROUND((GT32),2) -> 0 | GW32: 1 | GX32: =ROUND(HC32*I32,2) -> 0 | HA32: 0 | HB32: 0 | HC32: =GV32*GW32 -> 0 | IK32: 0
A33: 17 | B33: 1 | C33: =ROW(SmtRes!A24) -> 24 | D33: =ROW(EtalonRes!A24) -> 24 | E33: 6 | F33: м08-02-390-01 | G33: Демонтаж:Короба пластмассовые шириной до 40 мм | H33: 100 м | I33: =ROUND(115/100,9) -> 1.15 | J33: 0 | O33: =ROUND(CP33,2) -> 359.35 | P33: =ROUND(CQ33*I33,2) -> 0 | Q33: =ROUND(CR33*I33,2) -> 0.69 | R33: =ROUND(CS33*I33,2) -> 0.31 | S33: =ROUND(CT33*I33,2) -> 358.66 | T33: =ROUND(CU33*I33,2) -> 0 | U33: =CV33*I33 -> 5.62005 | V33: =CW33*I33 -> 0.00345 | W33: =ROUND(CX33*I33,2) -> 0 | X33: =ROUND(CY33,2) -> 341.02 | Y33: =ROUND(CZ33,2) -> 233.33 | AA33: 16808636 | AB33: =ROUND((AC33+AD33+AF33),2) -> 46.57 | AC33: =ROUND(((ES33*0)),2) -> 0 | AD33: =ROUND(((((ET33*0.3))-((EU33*0.3)))+AE33),2) -> 0.09 | AE33: =ROUND(((EU33*0.3)),2) -> 0.04 | AF33: =ROUND(((EV33*0.3)),2) -> 46.48 | AG33: =ROUND((AP33),2) -> 0 | AH33: =((EW33*0.3)) -> 4.887 | AI33: =((EX33*0.3)) -> 0.003 | AJ33: =(AS33) -> 0 | AK33: 206.76 | AL33: 51.53 | AM33: 0.31 | AN33: 0.14 | AO33: 154.92 | AP33: 0 | AQ33: 16.29 | AR33: 0.01 | AS33: 0 | AT33: 95 | AU33: 65 | AV33: 1 | AW33: 1 | AZ33: 6.71 | BA33: 6.71 | BB33: 6.71 | BC33: 6.71 | BH33: 0 | BI33: 2 | BJ33: ФЕРм-2001, м08-02-390-01, приказ Минстроя России №1039/пр от 30.12.2016г. | BM33: 108001 | BN33: 0 | BP33: 0 | BQ33: 3 | BR33: 0 | BS33: 6.71 | BT33: 1 | BU33: 1 | BV33: 1 | BW33: 1 | BX33: 1 | BZ33: 95 | CA33: 65 | CE33: 0 | CF33: 0 | CG33: 0 | CM33: 0 | CN33: Поправка: Табл.3, п.4 Наименование: Демонтаж: Оборудование, не пригодное для дальнейшего использования, (предназначено в лом) без разборки и резки | CO33: 0 | CP33: =(P33+Q33+S33) -> 359.35 | CQ33: =AC33*BC33 -> 0 | CR33: =AD33*BB33 -> 0.6039 | CS33: =AE33*BS33 -> 0.2684 | CT33: =AF33*BA33 -> 311.8808 | CU33: =AG33 -> 0 | CV33: =AH33 -> 4.887 | CW33: =AI33 -> 0.003 | CX33: =AJ33 -> 0 | CY33: =(((S33+R33)*AT33)/100) -> 341.0215 | CZ33: =(((S33+R33)*AU33)/100) -> 233.3305 | DD33: )*0 | DE33: )*0,3 | DF33: )*0,3 | DG33: )*0,3 | DI33: )*0,3 | DJ33: )*0,3 | DN33: 0 | DO33: 0 | DP33: 1 | DQ33: 1 | DU33: 1003 | DV33: 100 м | DW33: 100 м | DX33: 100 | EE33: 16510370 | EF33: 3 | EG33: Монтажные работы | EH33: 0 | EJ33: 2 | EK33: 108001 | EL33: Электромонтажные работы , отдел 01-03 : ( на АЭС НР = 110% ) - (работы по упр. авиа.- движением: СП=55% ( {АВИА}=1; обычные работы : СП=65 - {AВИА}=0), при работе на АЭС СП= 68% ) | EM33: мФЕР-08 | EO33: Поправка: Табл.3, п.4 | EQ33: 0 | ER33: 206.76 | ES33: 51.53 | ET33: 0.31 | EU33: 0.14 | EV33: 154.92 | EW33: 16.29 | EX33: 0.01 | EY33: 0 | FQ33: 0 | FR33: =ROUND(IF(AND(BH33=3,BI33=3),P33,0),2) -> 0 | FS33: 0 | FX33: 95 | FY33: 65 | GD33: 0 | GF33: -1862294278 | GG33: 1 | GH33: 1 | GI33: 4 | GJ33: 0 | GK33: =ROUND(R33*(R12)/100,2) -> 0 | GL33: =ROUND(IF(AND(BH33=3,BI33=3,FS33<>0),P33,0),2) -> 0 | GM33: =ROUND(O33+X33+Y33+GK33,2)+GX33 -> 933.7 | GN33: =IF(OR(BI33=0,BI33=1),ROUND(O33+X33+Y33+GK33,2),0) -> 0 | GO33: =IF(BI33=2,ROUND(O33+X33+Y33+GK33,2),0) -> 933.7 | GP33: =IF(BI33=4,ROUND(O33+X33+Y33+GK33,2)+GX33,0) -> 0 | GR33: 0 | GS33: 3 | GT33: 0 | GV33: =ROUND((GT33),2) -> 0 | GW33: 1 | GX33: =ROUND(HC33*I33,2) -> 0 | HA33: 0 | HB33: 0 | HC33: =GV33*GW33 -> 0 | IK33: 0
A34: 17 | B34: 1 | C34: =ROW(SmtRes!A31) -> 31 | D34: =ROW(EtalonRes!A31) -> 31 | E34: 7 | F34: м10-08-002-01 | G34: Демонтаж:ПС автоматический тепловой электро-контактный, магнитоконтактный в нормальном исполнении | H34: ШТ | I34: 21 | J34: 0 | O34: =ROUND(CP34,2) -> 341 | P34: =ROUND(CQ34*I34,2) -> 0 | Q34: =ROUND(CR34*I34,2) -> 0 | R34: =ROUND(CS34*I34,2) -> 0 | S34: =ROUND(CT34*I34,2) -> 341 | T34: =ROUND(CU34*I34,2) -> 0 | U34: =CV34*I34 -> 5.292 | V34: =CW34*I34 -> 0 | W34: =ROUND(CX34*I34,2) -> 0 | X34: =ROUND(CY34,2) -> 272.8 | Y34: =ROUND(CZ34,2) -> 204.6 | AA34: 16808636 | AB34: =ROUND((AC34+AD34+AF34),2) -> 2.42 | AC34: =ROUND(((ES34*0)),2) -> 0 | AD34: =ROUND(((((ET34*0.3))-((EU34*0.3)))+AE34),2) -> 0 | AE34: =ROUND(((EU34*0.3)),2) -> 0 | AF34: =ROUND(((EV34*0.3)),2) -> 2.42 | AG34: =ROUND((AP34),2) -> 0 | AH34: =((EW34*0.3)) -> 0.252 | AI34: =((EX34*0.3)) -> 0 | AJ34: =(AS34) -> 0 | AK34: 9.36 | AL34: 1.28 | AM34: 0 | AN34: 0 | AO34: 8.08 | AP34: 0 | AQ34: 0.84 | AR34: 0 | AS34: 0 | AT34: 80 | AU34: 60 | AV34: 1 | AW34: 1 | AZ34: 6.71 | BA34: 6.71 | BB34: 6.71 | BC34: 6.71 | BH34: 0 | BI34: 2 | BJ34: ФЕРм-2001, м10-08-002-01, приказ Минстроя России №1039/пр от 30.12.2016г. | BM34: 110011 | BN34: 0 | BP34: 0 | BQ34: 3 | BR34: 0 | BS34: 6.71 | BT34: 1 | BU34: 1 | BV34: 1 | BW34: 1 | BX34: 1 | BZ34: 80 | CA34: 60 | CE34: 0 | CF34: 0 | CG34: 0 | CM34: 0 | CN34: Поправка: Табл.3, п.4 Наименование: Демонтаж: Оборудование, не пригодное для дальнейшего использования, (предназначено в лом) без разборки и резки | CO34: 0 | CP34: =(P34+Q34+S34) -> 341 | CQ34: =AC34*BC34 -> 0 | CR34: =AD34*BB34 -> 0 | CS34: =AE34*BS34 -> 0 | CT34: =AF34*BA34 -> 16.2382 | CU34: =AG34 -> 0 | CV34: =AH34 -> 0.252 | CW34: =AI34 -> 0 | CX34: =AJ34 -> 0 | CY34: =(((S34+R34)*AT34)/100) -> 272.8 | CZ34: =(((S34+R34)*AU34)/100) -> 204.6 | DD34: )*0 | DE34: )*0,3 | DF34: )*0,3 | DG34: )*0,3 | DI34: )*0,3 | DJ34: )*0,3 | DN34: 0 | DO34: 0 | DP34: 1 | DQ34: 1 | DU34: 1013 | DV34: ШТ | DW34: ШТ | DX34: 1 | EE34: 16510417 | EF34: 3 | EG34: Монтажные работы | EH34: 0 | EJ34: 2 | EK34: 110011 | EL34: Связь: пожарно-охранная сигнализация и пром. телевиз. установки ( отделы 8 и 9 ) (при устройстве средств посадки самолетов : НР=95%, СП=55% - {АВИА}=1) | EM34: мФЕР-10 | EO34: Поправка: Табл.3, п.4 | EQ34: 0 | ER34: 9.36 | ES34: 1.28 | ET34: 0 | EU34: 0 | EV34: 8.08 | EW34: 0.84 | EX34: 0 | EY34: 0 | FQ34: 0 | FR34: =ROUND(IF(AND(BH34=3,BI34=3),P34,0),2) -> 0 | FS34: 0 | FX34: 80 | FY34: 60 | GD34: 0 | GF34: -2034624208 | GG34: 1 | GH34: 1 | GI34: 4 | GJ34: 0 | GK34: =ROUND(R34*(R12)/100,2) -> 0 | GL34: =ROUND(IF(AND(BH34=3,BI34=3,FS34<>0),P34,0),2) -> 0 | GM34: =ROUND(O34+X34+Y34+GK34,2)+GX34 -> 818.4 | GN34: =IF(OR(BI34=0,BI34=1),ROUND(O34+X34+Y34+GK34,2),0) -> 0 | GO34: =IF(BI34=2,ROUND(O34+X34+Y34+GK34,2),0) -> 818.4 | GP34: =IF(BI34=4,ROUND(O34+X34+Y34+GK34,2)+GX34,0) -> 0 | GR34: 0 | GS34: 3 | GT34: 0 | GV34: =ROUND((GT34),2) -> 0 | GW34: 1 | GX34: =ROUND(HC34*I34,2) -> 0 | HA34: 0 | HB34: 0 | HC34: =GV34*GW34 -> 0 | IK34: 0
A35: 17 | B35: 1 | C35: =ROW(SmtRes!A36) -> 36 | D35: =ROW(EtalonRes!A36) -> 36 | E35: 8 | F35: м10-04-101-07 | G35: Демонтаж:Громкоговоритель или звуковая колонка в помещении | H35: ШТ | I35: 6 | J35: 0 | O35: =ROUND(CP35,2) -> 438.03 | P35: =ROUND(CQ35*I35,2) -> 0 | Q35: =ROUND(CR35*I35,2) -> 0 | R35: =ROUND(CS35*I35,2) -> 0 | S35: =ROUND(CT35*I35,2) -> 438.03 | T35: =ROUND(CU35*I35,2) -> 0 | U35: =CV35*I35 -> 7.2 | V35: =CW35*I35 -> 0 | W35: =ROUND(CX35*I35,2) -> 0 | X35: =ROUND(CY35,2) -> 402.99 | Y35: =ROUND(CZ35,2) -> 284.72 | AA35: 16808636 | AB35: =ROUND((AC35+AD35+AF35),2) -> 10.88 | AC35: =ROUND(((ES35*0)),2) -> 0 | AD35: =ROUND(((((ET35*0.6))-((EU35*0.6)))+AE35),2) -> 0 | AE35: =ROUND(((EU35*0.6)),2) -> 0 | AF35: =ROUND(((EV35*0.6)),2) -> 10.88 | AG35: =ROUND((AP35),2) -> 0 | AH35: =((EW35*0.6)) -> 1.2 | AI35: =((EX35*0.6)) -> 0 | AJ35: =(AS35) -> 0 | AK35: 30.77 | AL35: 12.63 | AM35: 0 | AN35: 0 | AO35: 18.14 | AP35: 0 | AQ35: 2 | AR35: 0 | AS35: 0 | AT35: 92 | AU35: 65 | AV35: 1 | AW35: 1 | AZ35: 6.71 | BA35: 6.71 | BB35: 6.71 | BC35: 6.71 | BH35: 0 | BI35: 2 | BJ35: ФЕРм-2001, м10-04-101-07, приказ Минстроя России №1039/пр от 30.12.2016г. | BM35: 110004 | BN35: 0 | BP35: 0 | BQ35: 3 | BR35: 0 | BS35: 6.71 | BT35: 1 | BU35: 1 | BV35: 1 | BW35: 1 | BX35: 1 | BZ35: 92 | CA35: 65 | CE35: 0 | CF35: 0 | CG35: 0 | CM35: 0 | CN35: Поправка: МДС 81-37.2004, п.3.2.1.2 Наименование: Для оборудования легковесного, габаритного, поступающего на стройку в собранном виде, при монтаже которого отсутствуют работы по сварке, демонтаж при условии что оборудование подлежит дальнейшему использованию, без надобности хранения (перемещается в цеху на другое место установки и т.п.) | CO35: 0 | CP35: =(P35+Q35+S35) -> 438.03 | CQ35: =AC35*BC35 -> 0 | CR35: =AD35*BB35 -> 0 | CS35: =AE35*BS35 -> 0 | CT35: =AF35*BA35 -> 73.0048 | CU35: =AG35 -> 0 | CV35: =AH35 -> 1.2 | CW35: =AI35 -> 0 | CX35: =AJ35 -> 0 | CY35: =(((S35+R35)*AT35)/100) -> 402.9876 | CZ35: =(((S35+R35)*AU35)/100) -> 284.7195 | DD35: )*0 | DE35: )*0,6 | DF35: )*0,6 | DG35: )*0,6 | DI35: )*0,6 | DJ35: )*0,6 | DN35: 0 | DO35: 0 | DP35: 1 | DQ35: 1 | DU35: 1013 | DV35: ШТ | DW35: ШТ | DX35: 1 | EE35: 16510374 | EF35: 3 | EG35: Монтажные работы | EH35: 0 | EJ35: 2 | EK35: 110004 | EL35: Связь: монтаж теле- радио оборудования ( отдел 4 и 5 ) - (при устройстве средств посадки самолетов : НР=95%, СП=55% - {АВИА}=1) | EM35: мФЕР-10 | EO35: Поправка: МДС 81-37.2004, п.3.2.1.2 | EQ35: 0 | ER35: 30.77 | ES35: 12.63 | ET35: 0 | EU35: 0 | EV35: 18.14 | EW35: 2 | EX35: 0 | EY35: 0 | FQ35: 0 | FR35: =ROUND(IF(AND(BH35=3,BI35=3),P35,0),2) -> 0 | FS35: 0 | FX35: 92 | FY35: 65 | GD35: 0 | GF35: -1597645418 | GG35: 1 | GH35: 1 | GI35: 4 | GJ35: 0 | GK35: =ROUND(R35*(R12)/100,2) -> 0 | GL35: =ROUND(IF(AND(BH35=3,BI35=3,FS35<>0),P35,0),2) -> 0 | GM35: =ROUND(O35+X35+Y35+GK35,2)+GX35 -> 1125.74 | GN35: =IF(OR(BI35=0,BI35=1),ROUND(O35+X35+Y35+GK35,2),0) -> 0 | GO35: =IF(BI35=2,ROUND(O35+X35+Y35+GK35,2),0) -> 1125.74 | GP35: =IF(BI35=4,ROUND(O35+X35+Y35+GK35,2)+GX35,0) -> 0 | GR35: 0 | GS35: 3 | GT35: 0 | GV35: =ROUND((GT35),2) -> 0 | GW35: 1 | GX35: =ROUND(HC35*I35,2) -> 0 | HA35: 0 | HB35: 0 | HC35: =GV35*GW35 -> 0 | IK35: 0
A36: 17 | B36: 1 | C36: =ROW(SmtRes!A39) -> 39 | D36: =ROW(EtalonRes!A40) -> 40 | E36: 9 | F36: 57-2-2 | G36: Разборка покрытий полов из плиток поливинилхлоридных | H36: 100 м2 | I36: =ROUND(150/100,9) -> 1.5 | J36: 0 | O36: =ROUND(CP36,2) -> 2827.05 | P36: =ROUND(CQ36*I36,2) -> 0 | Q36: =ROUND(CR36*I36,2) -> 40.86 | R36: =ROUND(CS36*I36,2) -> 17.71 | S36: =ROUND(CT36*I36,2) -> 2786.19 | T36: =ROUND(CU36*I36,2) -> 0 | U36: =CV36*I36 -> 53.235 | V36: =CW36*I36 -> 0.195 | W36: =ROUND(CX36*I36,2) -> 0 | X36: =ROUND(CY36,2) -> 2243.12 | Y36: =ROUND(CZ36,2) -> 1906.65 | AA36: 16808636 | AB36: =ROUND((AC36+AD36+AF36),2) -> 280.88 | AC36: =ROUND((ES36),2) -> 0 | AD36: =ROUND((((ET36)-(EU36))+AE36),2) -> 4.06 | AE36: =ROUND((EU36),2) -> 1.76 | AF36: =ROUND((EV36),2) -> 276.82 | AG36: =ROUND((AP36),2) -> 0 | AH36: =(EW36) -> 35.49 | AI36: =(EX36) -> 0.13 | AJ36: =(AS36) -> 0 | AK36: 280.88 | AL36: 0 | AM36: 4.06 | AN36: 1.76 | AO36: 276.82 | AP36: 0 | AQ36: 35.49 | AR36: 0.13 | AS36: 0 | AT36: 80 | AU36: 68 | AV36: 1 | AW36: 1 | AZ36: 6.71 | BA36: 6.71 | BB36: 6.71 | BC36: 6.71 | BH36: 0 | BI36: 1 | BJ36: ФЕРр-2001, 57-2-2, приказ Минстроя России №1039/пр от 30.12.2016г. | BM36: 57001 | BN36: 0 | BP36: 0 | BQ36: 6 | BR36: 0 | BS36: 6.71 | BT36: 1 | BU36: 1 | BV36: 1 | BW36: 1 | BX36: 1 | BZ36: 80 | CA36: 68 | CE36: 0 | CF36: 0 | CG36: 0 | CM36: 0 | CO36: 0 | CP36: =(P36+Q36+S36) -> 2827.05 | CQ36: =AC36*BC36 -> 0 | CR36: =AD36*BB36 -> 27.2426 | CS36: =AE36*BS36 -> 11.8096 | CT36: =AF36*BA36 -> 1857.4622 | CU36: =AG36 -> 0 | CV36: =AH36 -> 35.49 | CW36: =AI36 -> 0.13 | CX36: =AJ36 -> 0 | CY36: =(((S36+R36)*AT36)/100) -> 2243.12 | CZ36: =(((S36+R36)*AU36)/100) -> 1906.652 | DN36: 0 | DO36: 0 | DP36: 1 | DQ36: 1 | DU36: 1005 | DV36: 100 м2 | DW36: 100 м2 | DX36: 100 | EE36: 16510566 | EF36: 6 | EG36: Ремонтно-строительные работы | EH36: 0 | EJ36: 1 | EK36: 57001 | EL36: Полы | EM36: рФЕР-57 | EQ36: 0 | ER36: 280.88 | ES36: 0 | ET36: 4.06 | EU36: 1.76 | EV36: 276.82 | EW36: 35.49 | EX36: 0.13 | EY36: 0 | FQ36: 0 | FR36: =ROUND(IF(AND(BH36=3,BI36=3),P36,0),2) -> 0 | FS36: 0 | FX36: 80 | FY36: 68 | GD36: 0 | GF36: 1273045449 | GG36: 1 | GH36: 1 | GI36: 4 | GJ36: 0 | GK36: =ROUND(R36*(R12)/100,2) -> 0 | GL36: =ROUND(IF(AND(BH36=3,BI36=3,FS36<>0),P36,0),2) -> 0 | GM36: =ROUND(O36+X36+Y36+GK36,2)+GX36 -> 6976.82 | GN36: =IF(OR(BI36=0,BI36=1),ROUND(O36+X36+Y36+GK36,2),0) -> 6976.82 | GO36: =IF(BI36=2,ROUND(O36+X36+Y36+GK36,2),0) -> 0 | GP36: =IF(BI36=4,ROUND(O36+X36+Y36+GK36,2)+GX36,0) -> 0 | GR36: 0 | GS36: 3 | GT36: 0 | GV36: =ROUND((GT36),2) -> 0 | GW36: 1 | GX36: =ROUND(HC36*I36,2) -> 0 | HA36: 0 | HB36: 0 | HC36: =GV36*GW36 -> 0 | IK36: 0
A37: 17 | B37: 1 | C37: =ROW(SmtRes!A44) -> 44 | D37: =ROW(EtalonRes!A46) -> 46 | E37: 10 | F37: 11-01-011-01 | G37: Демонтаж: Устройство стяжек цементных толщиной 20 мм | H37: 100 м2 | I37: =ROUND(166.3/100,9) -> 1.663 | J37: 0 | O37: =ROUND(CP37,2) -> 3195.42 | P37: =ROUND(CQ37*I37,2) -> 0 | Q37: =ROUND(CR37*I37,2) -> 394.91 | R37: =ROUND(CS37*I37,2) -> 153.1 | S37: =ROUND(CT37*I37,2) -> 2800.51 | T37: =ROUND(CU37*I37,2) -> 0 | U37: =CV37*I37 -> 52.564104 | V37: =CW37*I37 -> 1.689608 | W37: =ROUND(CX37*I37,2) -> 0 | X37: =ROUND(CY37,2) -> 3278.51 | Y37: =ROUND(CZ37,2) -> 1890.31 | AA37: 16808636 | AB37: =ROUND((AC37+AD37+AF37),2) -> 286.36 | AC37: =ROUND(((ES37*0)),2) -> 0 | AD37: =ROUND(((((ET37*0.8))-((EU37*0.8)))+AE37),2) -> 35.39 | AE37: =ROUND(((EU37*0.8)),2) -> 13.72 | AF37: =ROUND(((EV37*0.8)),2) -> 250.97 | AG37: =ROUND((AP37),2) -> 0 | AH37: =((EW37*0.8)) -> 31.608 | AI37: =((EX37*0.8)) -> 1.016 | AJ37: =(AS37) -> 0 | AK37: 366.49 | AL37: 8.54 | AM37: 44.24 | AN37: 17.15 | AO37: 313.71 | AP37: 0 | AQ37: 39.51 | AR37: 1.27 | AS37: 0 | AT37: 111 | AU37: 64 | AV37: 1 | AW37: 1 | AZ37: 6.71 | BA37: 6.71 | BB37: 6.71 | BC37: 6.71 | BH37: 0 | BI37: 1 | BJ37: ФЕР-2001, 11-01-011-01, приказ Минстроя России №1039/пр от 30.12.2016г. | BM37: 11001 | BN37: 0 | BP37: 0 | BQ37: 2 | BR37: 0 | BS37: 6.71 | BT37: 1 | BU37: 1 | BV37: 1 | BW37: 1 | BX37: 1 | BZ37: 123 | CA37: 75 | CE37: 0 | CF37: 0 | CG37: 0 | CM37: 0 | CN37: Поправка: Табл.2, п.2 Наименование: При демонтаже (разборке) сборных деревянных конструкций | CO37: 0 | CP37: =(P37+Q37+S37) -> 3195.42 | CQ37: =AC37*BC37 -> 0 | CR37: =AD37*BB37 -> 237.4669 | CS37: =AE37*BS37 -> 92.0612 | CT37: =AF37*BA37 -> 1684.0087 | CU37: =AG37 -> 0 | CV37: =AH37 -> 31.608 | CW37: =AI37 -> 1.016 | CX37: =AJ37 -> 0 | CY37: =(((S37+R37)*AT37)/100) -> 3278.5071 | CZ37: =(((S37+R37)*AU37)/100) -> 1890.3104 | DD37: )*0 | DE37: )*0,8 | DF37: )*0,8 | DG37: )*0,8 | DI37: )*0,8 | DJ37: )*0,8 | DN37: 0 | DO37: 0 | DP37: 1 | DQ37: 1 | DU37: 1005 | DV37: 100 м2 | DW37: 100 м2 | DX37: 100 | EE37: 16510488 | EF37: 2 | EG37: Общестроительные работы | EH37: 0 | EJ37: 1 | EK37: 11001 | EL37: Полы | EM37: ФЕР-11 | EO37: Поправка: Табл.2, п.2 | EQ37: 0 | ER37: 366.49 | ES37: 8.54 | ET37: 44.24 | EU37: 17.15 | EV37: 313.71 | EW37: 39.51 | EX37: 1.27 | EY37: 0 | FQ37: 0 | FR37: =ROUND(IF(AND(BH37=3,BI37=3),P37,0),2) -> 0 | FS37: 0 | FT37: *0,9 | FU37: *0,85 | FX37: 110.7 | FY37: 63.75 | GD37: 0 | GF37: -1520010440 | GG37: 1 | GH37: 1 | GI37: 4 | GJ37: 0 | GK37: =ROUND(R37*(R12)/100,2) -> 0 | GL37: =ROUND(IF(AND(BH37=3,BI37=3,FS37<>0),P37,0),2) -> 0 | GM37: =ROUND(O37+X37+Y37+GK37,2)+GX37 -> 8364.24 | GN37: =IF(OR(BI37=0,BI37=1),ROUND(O37+X37+Y37+GK37,2),0) -> 8364.24 | GO37: =IF(BI37=2,ROUND(O37+X37+Y37+GK37,2),0) -> 0 | GP37: =IF(BI37=4,ROUND(O37+X37+Y37+GK37,2)+GX37,0) -> 0 | GR37: 0 | GS37: 3 | GT37: 0 | GV37: =ROUND((GT37),2) -> 0 | GW37: 1 | GX37: =ROUND(HC37*I37,2) -> 0 | HA37: 0 | HB37: 0 | HC37: =GV37*GW37 -> 0 | IK37: 0
A38: 17 | B38: 1 | C38: =ROW(SmtRes!A45) -> 45 | D38: =ROW(EtalonRes!A48) -> 48 | E38: 11 | F38: 57-3-1 | G38: Разборка плинтусов деревянных и из пластмассовых материалов | H38: 100 м | I38: =ROUND(137.3/100,9) -> 1.373 | J38: 0 | O38: =ROUND(CP38,2) -> 270.95 | P38: =ROUND(CQ38*I38,2) -> 0 | Q38: =ROUND(CR38*I38,2) -> 0 | R38: =ROUND(CS38*I38,2) -> 0 | S38: =ROUND(CT38*I38,2) -> 270.95 | T38: =ROUND(CU38*I38,2) -> 0 | U38: =CV38*I38 -> 5.17621 | V38: =CW38*I38 -> 0 | W38: =ROUND(CX38*I38,2) -> 0 | X38: =ROUND(CY38,2) -> 216.76 | Y38: =ROUND(CZ38,2) -> 184.25 | AA38: 16808636 | AB38: =ROUND((AC38+AD38+AF38),2) -> 29.41 | AC38: =ROUND((ES38),2) -> 0 | AD38: =ROUND((((ET38)-(EU38))+AE38),2) -> 0 | AE38: =ROUND((EU38),2) -> 0 | AF38: =ROUND((EV38),2) -> 29.41 | AG38: =ROUND((AP38),2) -> 0 | AH38: =(EW38) -> 3.77 | AI38: =(EX38) -> 0 | AJ38: =(AS38) -> 0 | AK38: 29.41 | AL38: 0 | AM38: 0 | AN38: 0 | AO38: 29.41 | AP38: 0 | AQ38: 3.77 | AR38: 0 | AS38: 0 | AT38: 80 | AU38: 68 | AV38: 1 | AW38: 1 | AZ38: 6.71 | BA38: 6.71 | BB38: 6.71 | BC38: 6.71 | BH38: 0 | BI38: 1 | BJ38: ФЕРр-2001, 57-3-1, приказ Минстроя России №1039/пр от 30.12.2016г. | BM38: 57001 | BN38: 0 | BP38: 0 | BQ38: 6 | BR38: 0 | BS38: 6.71 | BT38: 1 | BU38: 1 | BV38: 1 | BW38: 1 | BX38: 1 | BZ38: 80 | CA38: 68 | CE38: 0 | CF38: 0 | CG38: 0 | CM38: 0 | CO38: 0 | CP38: =(P38+Q38+S38) -> 270.95 | CQ38: =AC38*BC38 -> 0 | CR38: =AD38*BB38 -> 0 | CS38: =AE38*BS38 -> 0 | CT38: =AF38*BA38 -> 197.3411 | CU38: =AG38 -> 0 | CV38: =AH38 -> 3.77 | CW38: =AI38 -> 0 | CX38: =AJ38 -> 0 | CY38: =(((S38+R38)*AT38)/100) -> 216.76 | CZ38: =(((S38+R38)*AU38)/100) -> 184.246 | DN38: 0 | DO38: 0 | DP38: 1 | DQ38: 1 | DU38: 1003 | DV38: 100 м | DW38: 100 м | DX38: 100 | EE38: 16510566 | EF38: 6 | EG38: Ремонтно-строительные работы | EH38: 0 | EJ38: 1 | EK38: 57001 | EL38: Полы | EM38: рФЕР-57 | EQ38: 0 | ER38: 29.41 | ES38: 0 | ET38: 0 | EU38: 0 | EV38: 29.41 | EW38: 3.77 | EX38: 0 | EY38: 0 | FQ38: 0 | FR38: =ROUND(IF(AND(BH38=3,BI38=3),P38,0),2) -> 0 | FS38: 0 | FX38: 80 | FY38: 68 | GD38: 0 | GF38: -1389370821 | GG38: 1 | GH38: 1 | GI38: 4 | GJ38: 0 | GK38: =ROUND(R38*(R12)/100,2) -> 0 | GL38: =ROUND(IF(AND(BH38=3,BI38=3,FS38<>0),P38,0),2) -> 0 | GM38: =ROUND(O38+X38+Y38+GK38,2)+GX38 -> 671.96 | GN38: =IF(OR(BI38=0,BI38=1),ROUND(O38+X38+Y38+GK38,2),0) -> 671.96 | GO38: =IF(BI38=2,ROUND(O38+X38+Y38+GK38,2),0) -> 0 | GP38: =IF(BI38=4,ROUND(O38+X38+Y38+GK38,2)+GX38,0) -> 0 | GR38: 0 | GS38: 3 | GT38: 0 | GV38: =ROUND((GT38),2) -> 0 | GW38: 1 | GX38: =ROUND(HC38*I38,2) -> 0 | HA38: 0 | HB38: 0 | HC38: =GV38*GW38 -> 0 | IK38: 0
A39: 17 | B39: 1 | C39: =ROW(SmtRes!A50) -> 50 | D39: =ROW(EtalonRes!A53) -> 53 | E39: 12 | F39: 63-7-5 | G39: Разборка облицовки стен из керамических глазурованных плиток | H39: 100 м2 | I39: =ROUND(4.5/100,9) -> 0.045 | J39: 0 | O39: =ROUND(CP39,2) -> 197.47 | P39: =ROUND(CQ39*I39,2) -> 0 | Q39: =ROUND(CR39*I39,2) -> 20.91 | R39: =ROUND(CS39*I39,2) -> 1.43 | S39: =ROUND(CT39*I39,2) -> 176.56 | T39: =ROUND(CU39*I39,2) -> 0 | U39: =CV39*I39 -> 3.3435 | V39: =CW39*I39 -> 0.01575 | W39: =ROUND(CX39*I39,2) -> 0 | X39: =ROUND(CY39,2) -> 137.05 | Y39: =ROUND(CZ39,2) -> 89 | AA39: 16808636 | AB39: =ROUND((AC39+AD39+AF39),2) -> 654 | AC39: =ROUND((ES39),2) -> 0 | AD39: =ROUND((((ET39)-(EU39))+AE39),2) -> 69.26 | AE39: =ROUND((EU39),2) -> 4.73 | AF39: =ROUND((EV39),2) -> 584.74 | AG39: =ROUND((AP39),2) -> 0 | AH39: =(EW39) -> 74.3 | AI39: =(EX39) -> 0.35 | AJ39: =(AS39) -> 0 | AK39: 654 | AL39: 0 | AM39: 69.26 | AN39: 4.73 | AO39: 584.74 | AP39: 0 | AQ39: 74.3 | AR39: 0.35 | AS39: 0 | AT39: 77 | AU39: 50 | AV39: 1 | AW39: 1 | AZ39: 6.71 | BA39: 6.71 | BB39: 6.71 | BC39: 6.71 | BH39: 0 | BI39: 1 | BJ39: ФЕРр-2001, 63-7-5, приказ Минстроя России №1039/пр от 30.12.2016г. | BM39: 63001 | BN39: 0 | BP39: 0 | BQ39: 6 | BR39: 0 | BS39: 6.71 | BT39: 1 | BU39: 1 | BV39: 1 | BW39: 1 | BX39: 1 | BZ39: 77 | CA39: 50 | CE39: 0 | CF39: 0 | CG39: 0 | CM39: 0 | CO39: 0 | CP39: =(P39+Q39+S39) -> 197.47 | CQ39: =AC39*BC39 -> 0 | CR39: =AD39*BB39 -> 464.7346 | CS39: =AE39*BS39 -> 31.7383 | CT39: =AF39*BA39 -> 3923.6054 | CU39: =AG39 -> 0 | CV39: =AH39 -> 74.3 | CW39: =AI39 -> 0.35 | CX39: =AJ39 -> 0 | CY39: =(((S39+R39)*AT39)/100) -> 137.0523 | CZ39: =(((S39+R39)*AU39)/100) -> 88.995 | DN39: 0 | DO39: 0 | DP39: 1 | DQ39: 1 | DU39: 1005 | DV39: 100 м2 | DW39: 100 м2 | DX39: 100 | EE39: 16510572 | EF39: 6 | EG39: Ремонтно-строительные работы | EH39: 0 | EJ39: 1 | EK39: 63001 | EL39: Стекольные, обойные, облицовочные работы | EM39: рФЕР-63 | EQ39: 0 | ER39: 654 | ES39: 0 | ET39: 69.26 | EU39: 4.73 | EV39: 584.74 | EW39: 74.3 | EX39: 0.35 | EY39: 0 | FQ39: 0 | FR39: =ROUND(IF(AND(BH39=3,BI39=3),P39,0),2) -> 0 | FS39: 0 | FX39: 77 | FY39: 50 | GD39: 0 | GF39: 1410032296 | GG39: 1 | GH39: 1 | GI39: 4 | GJ39: 0 | GK39: =ROUND(R39*(R12)/100,2) -> 0 | GL39: =ROUND(IF(AND(BH39=3,BI39=3,FS39<>0),P39,0),2) -> 0 | GM39: =ROUND(O39+X39+Y39+GK39,2)+GX39 -> 423.52 | GN39: =IF(OR(BI39=0,BI39=1),ROUND(O39+X39+Y39+GK39,2),0) -> 423.52 | GO39: =IF(BI39=2,ROUND(O39+X39+Y39+GK39,2),0) -> 0 | GP39: =IF(BI39=4,ROUND(O39+X39+Y39+GK39,2)+GX39,0) -> 0 | GR39: 0 | GS39: 3 | GT39: 0 | GV39: =ROUND((GT39),2) -> 0 | GW39: 1 | GX39: =ROUND(HC39*I39,2) -> 0 | HA39: 0 | HB39: 0 | HC39: =GV39*GW39 -> 0 | IK39: 0
A40: 17 | B40: 1 | C40: =ROW(SmtRes!A54) -> 54 | D40: =ROW(EtalonRes!A57) -> 57 | E40: 13 | F40: 65-3-7 | G40: Снятие смесителя без душевой сетки | H40: 100 ШТ | I40: =ROUND(3/100,9) -> 0.03 | J40: 0 | O40: =ROUND(CP40,2) -> 63.48 | P40: =ROUND(CQ40*I40,2) -> 0 | Q40: =ROUND(CR40*I40,2) -> 0.44 | R40: =ROUND(CS40*I40,2) -> 0.19 | S40: =ROUND(CT40*I40,2) -> 63.04 | T40: =ROUND(CU40*I40,2) -> 0 | U40: =CV40*I40 -> 1.1013 | V40: =CW40*I40 -> 0.0021 | W40: =ROUND(CX40*I40,2) -> 0 | X40: =ROUND(CY40,2) -> 46.79 | Y40: =ROUND(CZ40,2) -> 31.62 | AA40: 16808636 | AB40: =ROUND((AC40+AD40+AF40),2) -> 315.33 | AC40: =ROUND((ES40),2) -> 0 | AD40: =ROUND((((ET40)-(EU40))+AE40),2) -> 2.19 | AE40: =ROUND((EU40),2) -> 0.95 | AF40: =ROUND((EV40),2) -> 313.14 | AG40: =ROUND((AP40),2) -> 0 | AH40: =(EW40) -> 36.71 | AI40: =(EX40) -> 0.07 | AJ40: =(AS40) -> 0 | AK40: 315.33 | AL40: 0 | AM40: 2.19 | AN40: 0.95 | AO40: 313.14 | AP40: 0 | AQ40: 36.71 | AR40: 0.07 | AS40: 0 | AT40: 74 | AU40: 50 | AV40: 1 | AW40: 1 | AZ40: 6.71 | BA40: 6.71 | BB40: 6.71 | BC40: 6.71 | BH40: 0 | BI40: 1 | BJ40: ФЕРр-2001, 65-3-7, приказ Минстроя России №1039/пр от 30.12.2016г. | BM40: 65001 | BN40: 0 | BP40: 0 | BQ40: 6 | BR40: 0 | BS40: 6.71 | BT40: 1 | BU40: 1 | BV40: 1 | BW40: 1 | BX40: 1 | BZ40: 74 | CA40: 50 | CE40: 0 | CF40: 0 | CG40: 0 | CM40: 0 | CO40: 0 | CP40: =(P40+Q40+S40) -> 63.48 | CQ40: =AC40*BC40 -> 0 | CR40: =AD40*BB40 -> 14.6949 | CS40: =AE40*BS40 -> 6.3745 | CT40: =AF40*BA40 -> 2101.1694 | CU40: =AG40 -> 0 | CV40: =AH40 -> 36.71 | CW40: =AI40 -> 0.07 | CX40: =AJ40 -> 0 | CY40: =(((S40+R40)*AT40)/100) -> 46.7902 | CZ40: =(((S40+R40)*AU40)/100) -> 31.615 | DN40: 0 | DO40: 0 | DP40: 1 | DQ40: 1 | DU40: 1013 | DV40: 100 ШТ | DW40: 100 ШТ | DX40: 1 | EE40: 16510574 | EF40: 6 | EG40: Ремонтно-строительные работы | EH40: 0 | EJ40: 1 | EK40: 65001 | EL40: Внтуренниие с/техработы: демонтаж, разборка, промывка | EM40: рФЕР-65 | EQ40: 0 | ER40: 315.33 | ES40: 0 | ET40: 2.19 | EU40: 0.95 | EV40: 313.14 | EW40: 36.71 | EX40: 0.07 | EY40: 0 | FQ40: 0 | FR40: =ROUND(IF(AND(BH40=3,BI40=3),P40,0),2) -> 0 | FS40: 0 | FX40: 74 | FY40: 50 | GD40: 0 | GF40: 2129386662 | GG40: 1 | GH40: 1 | GI40: 4 | GJ40: 0 | GK40: =ROUND(R40*(R12)/100,2) -> 0 | GL40: =ROUND(IF(AND(BH40=3,BI40=3,FS40<>0),P40,0),2) -> 0 | GM40: =ROUND(O40+X40+Y40+GK40,2)+GX40 -> 141.89 | GN40: =IF(OR(BI40=0,BI40=1),ROUND(O40+X40+Y40+GK40,2),0) -> 141.89 | GO40: =IF(BI40=2,ROUND(O40+X40+Y40+GK40,2),0) -> 0 | GP40: =IF(BI40=4,ROUND(O40+X40+Y40+GK40,2)+GX40,0) -> 0 | GR40: 0 | GS40: 3 | GT40: 0 | GV40: =ROUND((GT40),2) -> 0 | GW40: 1 | GX40: =ROUND(HC40*I40,2) -> 0 | HA40: 0 | HB40: 0 | HC40: =GV40*GW40 -> 0 | IK40: 0
A41: 18 | B41: 1 | C41: 54 | E41: 13,1 | F41: 01.7.07.07 | G41: Строительный мусор и масса возвратных материалов | H41: т | I41: =I40*J41 -> 0.0066 | J41: 0.22 | O41: =ROUND(CP41,2) -> 0 | P41: =ROUND(CQ41*I41,2) -> 0 | Q41: =ROUND(CR41*I41,2) -> 0 | R41: =ROUND(CS41*I41,2) -> 0 | S41: =ROUND(CT41*I41,2) -> 0 | T41: =ROUND(CU41*I41,2) -> 0 | U41: =CV41*I41 -> 0 | V41: =CW41*I41 -> 0 | W41: =ROUND(CX41*I41,2) -> 0 | X41: =ROUND(CY41,2) -> 0 | Y41: =ROUND(CZ41,2) -> 0 | AA41: 16808636 | AB41: =ROUND((AC41+AD41+AF41),2) -> 0 | AC41: =ROUND((ES41),2) -> 0 | AD41: =ROUND((((ET41)-(EU41))+AE41),2) -> 0 | AE41: =ROUND((EU41),2) -> 0 | AF41: =ROUND((EV41),2) -> 0 | AG41: =ROUND((AP41),2) -> 0 | AH41: =(EW41) -> 0 | AI41: =(EX41) -> 0 | AJ41: =(AS41) -> 0 | AK41: 0 | AL41: 0 | AM41: 0 | AN41: 0 | AO41: 0 | AP41: 0 | AQ41: 0 | AR41: 0 | AS41: 0 | AT41: 74 | AU41: 50 | AV41: 1 | AW41: 1 | AZ41: 6.71 | BA41: 1 | BB41: 1 | BC41: 6.71 | BH41: 3 | BI41: 1 | BM41: 65001 | BN41: 0 | BP41: 0 | BQ41: 6 | BR41: 0 | BS41: 1 | BT41: 1 | BU41: 1 | BV41: 1 | BW41: 1 | BX41: 1 | BZ41: 74 | CA41: 50 | CE41: 0 | CF41: 0 | CG41: 0 | CM41: 0 | CO41: 0 | CP41: =(P41+Q41+S41) -> 0 | CQ41: =AC41*BC41 -> 0 | CR41: =AD41*BB41 -> 0 | CS41: =AE41*BS41 -> 0 | CT41: =AF41*BA41 -> 0 | CU41: =AG41 -> 0 | CV41: =AH41 -> 0 | CW41: =AI41 -> 0 | CX41: =AJ41 -> 0 | CY41: =(((S41+R41)*AT41)/100) -> 0 | CZ41: =(((S41+R41)*AU41)/100) -> 0 | DN41: 0 | DO41: 0 | DP41: 1 | DQ41: 1 | DU41: 1009 | DV41: т | DW41: т | DX41: 1000 | EE41: 16510574 | EF41: 6 | EG41: Ремонтно-строительные работы | EH41: 0 | EJ41: 1 | EK41: 65001 | EL41: Внтуренниие с/техработы: демонтаж, разборка, промывка | EM41: рФЕР-65 | EQ41: 0 | ER41: 0 | ES41: 0 | ET41: 0 | EU41: 0 | EV41: 0 | EW41: 0 | EX41: 0 | FQ41: 0 | FR41: =ROUND(IF(AND(BH41=3,BI41=3),P41,0),2) -> 0 | FS41: 0 | FX41: 74 | FY41: 50 | GD41: 0 | GF41: -66286256 | GG41: 1 | GH41: 1 | GI41: 4 | GJ41: 0 | GK41: =ROUND(R41*(R12)/100,2) -> 0 | GL41: =ROUND(IF(AND(BH41=3,BI41=3,FS41<>0),P41,0),2) -> 0 | GM41: =ROUND(O41+X41+Y41+GK41,2)+GX41 -> 0 | GN41: =IF(OR(BI41=0,BI41=1),ROUND(O41+X41+Y41+GK41,2),0) -> 0 | GO41: =IF(BI41=2,ROUND(O41+X41+Y41+GK41,2),0) -> 0 | GP41: =IF(BI41=4,ROUND(O41+X41+Y41+GK41,2)+GX41,0) -> 0 | GR41: 0 | GS41: 3 | GT41: 0 | GV41: =ROUND((GT41),2) -> 0 | GW41: 1 | GX41: =ROUND(HC41*I41,2) -> 0 | HA41: 0 | HB41: 0 | HC41: =GV41*GW41 -> 0 | IK41: 0
A42: 17 | B42: 1 | C42: =ROW(SmtRes!A57) -> 57 | D42: =ROW(EtalonRes!A61) -> 61 | E42: 14 | F42: 65-4-1 | G42: Демонтаж умывальников и раковин | H42: 100 ШТ | I42: =ROUND(3/100,9) -> 0.03 | J42: 0 | O42: =ROUND(CP42,2) -> 89.73 | P42: =ROUND(CQ42*I42,2) -> 0 | Q42: =ROUND(CR42*I42,2) -> 1.64 | R42: =ROUND(CS42*I42,2) -> 0.71 | S42: =ROUND(CT42*I42,2) -> 88.09 | T42: =ROUND(CU42*I42,2) -> 0 | U42: =CV42*I42 -> 1.539 | V42: =CW42*I42 -> 0.0078 | W42: =ROUND(CX42*I42,2) -> 0 | X42: =ROUND(CY42,2) -> 65.71 | Y42: =ROUND(CZ42,2) -> 44.4 | AA42: 16808636 | AB42: =ROUND((AC42+AD42+AF42),2) -> 445.72 | AC42: =ROUND((ES42),2) -> 0 | AD42: =ROUND((((ET42)-(EU42))+AE42),2) -> 8.13 | AE42: =ROUND((EU42),2) -> 3.51 | AF42: =ROUND((EV42),2) -> 437.59 | AG42: =ROUND((AP42),2) -> 0 | AH42: =(EW42) -> 51.3 | AI42: =(EX42) -> 0.26 | AJ42: =(AS42) -> 0 | AK42: 445.72 | AL42: 0 | AM42: 8.13 | AN42: 3.51 | AO42: 437.59 | AP42: 0 | AQ42: 51.3 | AR42: 0.26 | AS42: 0 | AT42: 74 | AU42: 50 | AV42: 1 | AW42: 1 | AZ42: 6.71 | BA42: 6.71 | BB42: 6.71 | BC42: 6.71 | BH42: 0 | BI42: 1 | BJ42: ФЕРр-2001, 65-4-1, приказ Минстроя России №1039/пр от 30.12.2016г. | BM42: 65001 | BN42: 0 | BP42: 0 | BQ42: 6 | BR42: 0 | BS42: 6.71 | BT42: 1 | BU42: 1 | BV42: 1 | BW42: 1 | BX42: 1 | BZ42: 74 | CA42: 50 | CE42: 0 | CF42: 0 | CG42: 0 | CM42: 0 | CO42: 0 | CP42: =(P42+Q42+S42) -> 89.73 | CQ42: =AC42*BC42 -> 0 | CR42: =AD42*BB42 -> 54.5523 | CS42: =AE42*BS42 -> 23.5521 | CT42: =AF42*BA42 -> 2936.2289 | CU42: =AG42 -> 0 | CV42: =AH42 -> 51.3 | CW42: =AI42 -> 0.26 | CX42: =AJ42 -> 0 | CY42: =(((S42+R42)*AT42)/100) -> 65.712 | CZ42: =(((S42+R42)*AU42)/100) -> 44.4 | DN42: 0 | DO42: 0 | DP42: 1 | DQ42: 1 | DU42: 1013 | DV42: 100 ШТ | DW42: 100 ШТ | DX42: 1 | EE42: 16510574 | EF42: 6 | EG42: Ремонтно-строительные работы | EH42: 0 | EJ42: 1 | EK42: 65001 | EL42: Внтуренниие с/техработы: демонтаж, разборка, промывка | EM42: рФЕР-65 | EQ42: 0 | ER42: 445.72 | ES42: 0 | ET42: 8.13 | EU42: 3.51 | EV42: 437.59 | EW42: 51.3 | EX42: 0.26 | EY42: 0 | FQ42: 0 | FR42: =ROUND(IF(AND(BH42=3,BI42=3),P42,0),2) -> 0 | FS42: 0 | FX42: 74 | FY42: 50 | GD42: 0 | GF42: -869396583 | GG42: 1 | GH42: 1 | GI42: 4 | GJ42: 0 | GK42: =ROUND(R42*(R12)/100,2) -> 0 | GL42: =ROUND(IF(AND(BH42=3,BI42=3,FS42<>0),P42,0),2) -> 0 | GM42: =ROUND(O42+X42+Y42+GK42,2)+GX42 -> 199.84 | GN42: =IF(OR(BI42=0,BI42=1),ROUND(O42+X42+Y42+GK42,2),0) -> 199.84 | GO42: =IF(BI42=2,ROUND(O42+X42+Y42+GK42,2),0) -> 0 | GP42: =IF(BI42=4,ROUND(O42+X42+Y42+GK42,2)+GX42,0) -> 0 | GR42: 0 | GS42: 3 | GT42: 0 | GV42: =ROUND((GT42),2) -> 0 | GW42: 1 | GX42: =ROUND(HC42*I42,2) -> 0 | HA42: 0 | HB42: 0 | HC42: =GV42*GW42 -> 0 | IK42: 0
A43: 17 | B43: 1 | C43: =ROW(SmtRes!A63) -> 63 | D43: =ROW(EtalonRes!A68) -> 68 | E43: 15 | F43: 65-1-1 | G43: Разборка трубопроводов из водогазопроводных труб диаметром до 32 мм | H43: 100 м | I43: =ROUND(6/100,9) -> 0.06 | J43: 0 | O43: =ROUND(CP43,2) -> 118.81 | P43: =ROUND(CQ43*I43,2) -> 0 | Q43: =ROUND(CR43*I43,2) -> 2.85 | R43: =ROUND(CS43*I43,2) -> 0.54 | S43: =ROUND(CT43*I43,2) -> 115.96 | T43: =ROUND(CU43*I43,2) -> 0 | U43: =CV43*I43 -> 2.0796 | V43: =CW43*I43 -> 0.006 | W43: =ROUND(CX43*I43,2) -> 0 | X43: =ROUND(CY43,2) -> 86.21 | Y43: =ROUND(CZ43,2) -> 58.25 | AA43: 16808636 | AB43: =ROUND((AC43+AD43+AF43),2) -> 295.11 | AC43: =ROUND(((ES43*0)),2) -> 0 | AD43: =ROUND((((ET43)-(EU43))+AE43),2) -> 7.09 | AE43: =ROUND((EU43),2) -> 1.35 | AF43: =ROUND((EV43),2) -> 288.02 | AG43: =ROUND((AP43),2) -> 0 | AH43: =(EW43) -> 34.66 | AI43: =(EX43) -> 0.1 | AJ43: =(AS43) -> 0 | AK43: 328.71 | AL43: 33.6 | AM43: 7.09 | AN43: 1.35 | AO43: 288.02 | AP43: 0 | AQ43: 34.66 | AR43: 0.1 | AS43: 0 | AT43: 74 | AU43: 50 | AV43: 1 | AW43: 1 | AZ43: 6.71 | BA43: 6.71 | BB43: 6.71 | BC43: 6.71 | BH43: 0 | BI43: 1 | BJ43: ФЕРр-2001, 65-1-1, приказ Минстроя России №1039/пр от 30.12.2016г. | BM43: 65001 | BN43: 0 | BP43: 0 | BQ43: 6 | BR43: 0 | BS43: 6.71 | BT43: 1 | BU43: 1 | BV43: 1 | BW43: 1 | BX43: 1 | BZ43: 74 | CA43: 50 | CE43: 0 | CF43: 0 | CG43: 0 | CM43: 0 | CO43: 0 | CP43: =(P43+Q43+S43) -> 118.81 | CQ43: =AC43*BC43 -> 0 | CR43: =AD43*BB43 -> 47.5739 | CS43: =AE43*BS43 -> 9.0585 | CT43: =AF43*BA43 -> 1932.6142 | CU43: =AG43 -> 0 | CV43: =AH43 -> 34.66 | CW43: =AI43 -> 0.1 | CX43: =AJ43 -> 0 | CY43: =(((S43+R43)*AT43)/100) -> 86.21 | CZ43: =(((S43+R43)*AU43)/100) -> 58.25 | DD43: *0 | DN43: 0 | DO43: 0 | DP43: 1 | DQ43: 1 | DU43: 1003 | DV43: 100 м | DW43: 100 м | DX43: 100 | EE43: 16510574 | EF43: 6 | EG43: Ремонтно-строительные работы | EH43: 0 | EJ43: 1 | EK43: 65001 | EL43: Внтуренниие с/техработы: демонтаж, разборка, промывка | EM43: рФЕР-65 | EQ43: 0 | ER43: 328.71 | ES43: 33.6 | ET43: 7.09 | EU43: 1.35 | EV43: 288.02 | EW43: 34.66 | EX43: 0.1 | EY43: 0 | FQ43: 0 | FR43: =ROUND(IF(AND(BH43=3,BI43=3),P43,0),2) -> 0 | FS43: 0 | FX43: 74 | FY43: 50 | GD43: 0 | GF43: -319600296 | GG43: 1 | GH43: 1 | GI43: 4 | GJ43: 0 | GK43: =ROUND(R43*(R12)/100,2) -> 0 | GL43: =ROUND(IF(AND(BH43=3,BI43=3,FS43<>0),P43,0),2) -> 0 | GM43: =ROUND(O43+X43+Y43+GK43,2)+GX43 -> 263.27 | GN43: =IF(OR(BI43=0,BI43=1),ROUND(O43+X43+Y43+GK43,2),0) -> 263.27 | GO43: =IF(BI43=2,ROUND(O43+X43+Y43+GK43,2),0) -> 0 | GP43: =IF(BI43=4,ROUND(O43+X43+Y43+GK43,2)+GX43,0) -> 0 | GR43: 0 | GS43: 3 | GT43: 0 | GV43: =ROUND((GT43),2) -> 0 | GW43: 1 | GX43: =ROUND(HC43*I43,2) -> 0 | HA43: 0 | HB43: 0 | HC43: =GV43*GW43 -> 0 | IK43: 0
A44: 17 | B44: 1 | C44: =ROW(SmtRes!A66) -> 66 | D44: =ROW(EtalonRes!A72) -> 72 | E44: 16 | F44: 57-2-3 | G44: Разборка покрытий полов из керамических плиток | H44: 100 м2 | I44: =ROUND(16.3/100,9) -> 0.163 | J44: 0 | O44: =ROUND(CP44,2) -> 701.08 | P44: =ROUND(CQ44*I44,2) -> 0 | Q44: =ROUND(CR44*I44,2) -> 49.23 | R44: =ROUND(CS44*I44,2) -> 21.26 | S44: =ROUND(CT44*I44,2) -> 651.85 | T44: =ROUND(CU44*I44,2) -> 0 | U44: =CV44*I44 -> 11.38881 | V44: =CW44*I44 -> 0.23472 | W44: =ROUND(CX44*I44,2) -> 0 | X44: =ROUND(CY44,2) -> 538.49 | Y44: =ROUND(CZ44,2) -> 457.71 | AA44: 16808636 | AB44: =ROUND((AC44+AD44+AF44),2) -> 641 | AC44: =ROUND((ES44),2) -> 0 | AD44: =ROUND((((ET44)-(EU44))+AE44),2) -> 45.01 | AE44: =ROUND((EU44),2) -> 19.44 | AF44: =ROUND((EV44),2) -> 595.99 | AG44: =ROUND((AP44),2) -> 0 | AH44: =(EW44) -> 69.87 | AI44: =(EX44) -> 1.44 | AJ44: =(AS44) -> 0 | AK44: 641 | AL44: 0 | AM44: 45.01 | AN44: 19.44 | AO44: 595.99 | AP44: 0 | AQ44: 69.87 | AR44: 1.44 | AS44: 0 | AT44: 80 | AU44: 68 | AV44: 1 | AW44: 1 | AZ44: 6.71 | BA44: 6.71 | BB44: 6.71 | BC44: 6.71 | BH44: 0 | BI44: 1 | BJ44: ФЕРр-2001, 57-2-3, приказ Минстроя России №1039/пр от 30.12.2016г. | BM44: 57001 | BN44: 0 | BP44: 0 | BQ44: 6 | BR44: 0 | BS44: 6.71 | BT44: 1 | BU44: 1 | BV44: 1 | BW44: 1 | BX44: 1 | BZ44: 80 | CA44: 68 | CE44: 0 | CF44: 0 | CG44: 0 | CM44: 0 | CO44: 0 | CP44: =(P44+Q44+S44) -> 701.08 | CQ44: =AC44*BC44 -> 0 | CR44: =AD44*BB44 -> 302.0171 | CS44: =AE44*BS44 -> 130.4424 | CT44: =AF44*BA44 -> 3999.0929 | CU44: =AG44 -> 0 | CV44: =AH44 -> 69.87 | CW44: =AI44 -> 1.44 | CX44: =AJ44 -> 0 | CY44: =(((S44+R44)*AT44)/100) -> 538.488 | CZ44: =(((S44+R44)*AU44)/100) -> 457.7148 | DN44: 0 | DO44: 0 | DP44: 1 | DQ44: 1 | DU44: 1005 | DV44: 100 м2 | DW44: 100 м2 | DX44: 100 | EE44: 16510566 | EF44: 6 | EG44: Ремонтно-строительные работы | EH44: 0 | EJ44: 1 | EK44: 57001 | EL44: Полы | EM44: рФЕР-57 | EQ44: 0 | ER44: 641 | ES44: 0 | ET44: 45.01 | EU44: 19.44 | EV44: 595.99 | EW44: 69.87 | EX44: 1.44 | EY44: 0 | FQ44: 0 | FR44: =ROUND(IF(AND(BH44=3,BI44=3),P44,0),2) -> 0 | FS44: 0 | FX44: 80 | FY44: 68 | GD44: 0 | GF44: -1405612292 | GG44: 1 | GH44: 1 | GI44: 4 | GJ44: 0 | GK44: =ROUND(R44*(R12)/100,2) -> 0 | GL44: =ROUND(IF(AND(BH44=3,BI44=3,FS44<>0),P44,0),2) -> 0 | GM44: =ROUND(O44+X44+Y44+GK44,2)+GX44 -> 1697.28 | GN44: =IF(OR(BI44=0,BI44=1),ROUND(O44+X44+Y44+GK44,2),0) -> 1697.28 | GO44: =IF(BI44=2,ROUND(O44+X44+Y44+GK44,2),0) -> 0 | GP44: =IF(BI44=4,ROUND(O44+X44+Y44+GK44,2)+GX44,0) -> 0 | GR44: 0 | GS44: 3 | GT44: 0 | GV44: =ROUND((GT44),2) -> 0 | GW44: 1 | GX44: =ROUND(HC44*I44,2) -> 0 | HA44: 0 | HB44: 0 | HC44: =GV44*GW44 -> 0 | IK44: 0
A46: 51 | B46: =B24 -> 1 | C46: =A24 -> 4 | D46: =ROW(A24) -> 24 | F46: =IF(F24<>"",F24,"") -> Новый раздел | G46: =IF(G24<>"",G24,"") -> Демонтаж | H46: 0 | O46: =ROUND(AB46,2) -> 10591.82 | P46: =ROUND(AC46,2) -> 0 | Q46: =ROUND(AD46,2) -> 746.92 | R46: =ROUND(AE46,2) -> 276.14 | S46: =ROUND(AF46,2) -> 9844.9 | T46: =ROUND(AG46,2) -> 0 | U46: =AH46 -> 181.25867 | V46: =AI46 -> 3.055758 | W46: =ROUND(AJ46,2) -> 0 | X46: =ROUND(AK46,2) -> 9277.88 | Y46: =ROUND(AL46,2) -> 6547.59 | AB46: =ROUND(SUMIF(AA28:AA44,"=16808636",O28:O44),2) -> 10591.82 | AC46: =ROUND(SUMIF(AA28:AA44,"=16808636",P28:P44),2) -> 0 | AD46: =ROUND(SUMIF(AA28:AA44,"=16808636",Q28:Q44),2) -> 746.92 | AE46: =ROUND(SUMIF(AA28:AA44,"=16808636",R28:R44),2) -> 276.14 | AF46: =ROUND(SUMIF(AA28:AA44,"=16808636",S28:S44),2) -> 9844.9 | AG46: =ROUND(SUMIF(AA28:AA44,"=16808636",T28:T44),2) -> 0 | AH46: =SUMIF(AA28:AA44,"=16808636",U28:U44) -> 181.25867 | AI46: =SUMIF(AA28:AA44,"=16808636",V28:V44) -> 3.055758 | AJ46: =ROUND(SUMIF(AA28:AA44,"=16808636",W28:W44),2) -> 0 | AK46: =ROUND(SUMIF(AA28:AA44,"=16808636",X28:X44),2) -> 9277.88 | AL46: =ROUND(SUMIF(AA28:AA44,"=16808636",Y28:Y44),2) -> 6547.59 | AO46: =ROUND(BX46,2) -> 0 | AP46: =ROUND(BY46,2) -> 0 | AQ46: =ROUND(BZ46,2) -> 0 | AR46: =ROUND(CA46,2) -> 26417.29 | AS46: =ROUND(CB46,2) -> 23352.72 | AT46: =ROUND(CC46,2) -> 3064.57 | AU46: =ROUND(CD46,2) -> 0 | AV46: =ROUND(CE46,2) -> 0 | ... BC46: =ROUND(CL46,2) -> 0 | BX46: =ROUND(SUMIF(AA28:AA44,"=16808636",FQ28:FQ44),2) -> 0 | BY46: =ROUND(SUMIF(AA28:AA44,"=16808636",FR28:FR44),2) -> 0 | BZ46: =ROUND(SUMIF(AA28:AA44,"=16808636",GL28:GL44),2) -> 0 | CA46: =ROUND(SUMIF(AA28:AA44,"=16808636",GM28:GM44),2) -> 26417.29 | CB46: =ROUND(SUMIF(AA28:AA44,"=16808636",GN28:GN44),2) -> 23352.72 | CC46: =ROUND(SUMIF(AA28:AA44,"=16808636",GO28:GO44),2) -> 3064.57 | CD46: =ROUND(SUMIF(AA28:AA44,"=16808636",GP28:GP44),2) -> 0 | CE46: =AC46-BX46 -> 0 | CF46: =AC46-BY46 -> 0 | CG46: =BX46-BZ46 -> 0 | CH46: =AC46-BX46-BY46+BZ46 -> 0 | CI46: =BY46-BZ46 -> 0 | CJ46: =ROUND(SUMIF(AA28:AA44,"=16808636",GX28:GX44),2) -> 0 | CK46: =ROUND(SUMIF(AA28:AA44,"=16808636",GY28:GY44),2) -> 0 | CL46: =ROUND(SUMIF(AA28:AA44,"=16808636",GZ28:GZ44),2) -> 0 | GX46: 0
A48: 50 | B48: 0 | C48: 0 | D48: 1 | E48: 201 | F48: =ROUND(Source!O46,O48) -> 10591.82 | G48: ПЗ | H48: Прямые затраты | K48: 201 | L48: 1 | M48: 3 | O48: 2
A49: 50 | B49: 0 | C49: 0 | D49: 1 | E49: 202 | F49: =ROUND(Source!P46,O49) -> 0 | G49: СтМатОб | H49: Стоимость материальных ресурсов (всего) | K49: 202 | L49: 2 | M49: 3 | O49: 2
A50: 50 | B50: 0 | C50: 0 | D50: 1 | E50: 222 | F50: =ROUND(Source!AO46,O50) -> 0 | G50: СтМатОбЗак | H50: Стоимость материалов и оборудования заказчика | K50: 222 | L50: 3 | M50: 3 | O50: 2
A51: 50 | B51: 0 | C51: 0 | D51: 1 | E51: 225 | F51: =ROUND(Source!AV46,O51) -> 0 | G51: СтМатОбПод | H51: Стоимость материалов и оборудования подрядчика | K51: 225 | L51: 4 | M51: 3 | O51: 2
A52: 50 | B52: 0 | C52: 0 | D52: 1 | E52: 226 | F52: =ROUND(Source!AW46,O52) -> 0 | G52: СтМат | H52: Стоимость материалов (всего) | K52: 226 | L52: 5 | M52: 3 | O52: 2
A53: 50 | B53: 0 | C53: 0 | D53: 1 | E53: 227 | F53: =ROUND(Source!AX46,O53) -> 0 | G53: СтМатЗак | H53: Стоимость материалов заказчика | K53: 227 | L53: 6 | M53: 3 | O53: 2
A54: 50 | B54: 0 | C54: 0 | D54: 1 | E54: 228 | F54: =ROUND(Source!AY46,O54) -> 0 | G54: СтМатПод | H54: Стоимость материалов подрядчика | K54: 228 | L54: 7 | M54: 3 | O54: 2
A55: 50 | B55: 0 | C55: 0 | D55: 1 | E55: 216 | F55: =ROUND(Source!AP46,O55) -> 0 | G55: Оборуд | H55: Стоимость оборудования (всего) | K55: 216 | L55: 8 | M55: 3 | O55: 2
A56: 50 | B56: 0 | C56: 0 | D56: 1 | E56: 223 | F56: =ROUND(Source!AQ46,O56) -> 0 | G56: ОборудЗак | H56: Стоимость оборудования заказчика | K56: 223 | L56: 9 | M56: 3 | O56: 2
A57: 50 | B57: 0 | C57: 0 | D57: 1 | E57: 229 | F57: =ROUND(Source!AZ46,O57) -> 0 | G57: ОборудПод | H57: Стоимость оборудования подрядчика | K57: 229 | L57: 10 | M57: 3 | O57: 2
A58: 50 | B58: 0 | C58: 0 | D58: 1 | E58: 203 | F58: =ROUND(Source!Q46,O58) -> 746.92 | G58: ЭММ | H58: Эксплуатация машин | K58: 203 | L58: 11 | M58: 3 | O58: 2
A59: 50 | B59: 0 | C59: 0 | D59: 1 | E59: 231 | F59: =ROUND(Source!BB46,O59) -> 0 | G59: ЭММсНРиСП | H59: Эксплуатация машин по ТСН-2001.16 | K59: 231 | L59: 12 | M59: 3 | O59: 2
A60: 50 | B60: 0 | C60: 0 | D60: 1 | E60: 204 | F60: =ROUND(Source!R46,O60) -> 276.14 | G60: ЗПМ | H60: ЗП машинистов | K60: 204 | L60: 13 | M60: 3 | O60: 2
A61: 50 | B61: 0 | C61: 0 | D61: 1 | E61: 205 | F61: =ROUND(Source!S46,O61) -> 9844.9 | G61: ОЗП | H61: Основная ЗП рабочих | K61: 205 | L61: 14 | M61: 3 | O61: 2
A62: 50 | B62: 0 | C62: 0 | D62: 1 | E62: 232 | F62: =ROUND(Source!BC46,O62) -> 0 | G62: ОЗПсНРиСП | H62: Основная ЗП рабочих по ТСН-2001.16 | K62: 232 | L62: 15 | M62: 3 | O62: 2
A63: 50 | B63: 0 | C63: 0 | D63: 1 | E63: 214 | F63: =ROUND(Source!AS46,O63) -> 23352.72 | G63: Строит | H63: Строительные работы с НР и СП | K63: 214 | L63: 16 | M63: 3 | O63: 2
A64: 50 | B64: 0 | C64: 0 | D64: 1 | E64: 215 | F64: =ROUND(Source!AT46,O64) -> 3064.57 | G64: Монтаж | H64: Монтажные работы с НР и СП | K64: 215 | L64: 17 | M64: 3 | O64: 2
A65: 50 | B65: 0 | C65: 0 | D65: 1 | E65: 217 | F65: =ROUND(Source!AU46,O65) -> 0 | G65: Прочие | H65: Прочие работы с НР и СП | K65: 217 | L65: 18 | M65: 3 | O65: 2
A66: 50 | B66: 0 | C66: 0 | D66: 1 | E66: 230 | F66: =ROUND(Source!BA46,O66) -> 0 | G66: ПрочиеЗатр | H66: Прочие затраты по ТСН-2001.16 | K66: 230 | L66: 19 | M66: 3 | O66: 2
A67: 50 | B67: 0 | C67: 0 | D67: 1 | E67: 206 | F67: =ROUND(Source!T46,O67) -> 0 | G67: ВозврМат | H67: Возврат материалов | K67: 206 | L67: 20 | M67: 3 | O67: 2
A68: 50 | B68: 0 | C68: 0 | D68: 1 | E68: 207 | F68: =Source!U46 -> 181.25867 | G68: ТрудСтр | H68: Трудозатраты строителей | K68: 207 | L68: 21 | M68: 3 | O68: -1
A69: 50 | B69: 0 | C69: 0 | D69: 1 | E69: 208 | F69: =Source!V46 -> 3.055758 | G69: ТрудМаш | H69: Трудозатраты машинистов | K69: 208 | L69: 22 | M69: 3 | O69: -1
A70: 50 | B70: 0 | C70: 0 | D70: 1 | E70: 209 | F70: =ROUND(Source!W46,O70) -> 0 | G70: ТранспМат | H70: Транспорт материалов | K70: 209 | L70: 23 | M70: 3 | O70: 2
A71: 50 | B71: 0 | C71: 0 | D71: 1 | E71: 210 | F71: =ROUND(Source!X46,O71) -> 9277.88 | G71: НР | H71: Накладные расходы | K71: 210 | L71: 24 | M71: 3 | O71: 2
A72: 50 | B72: 0 | C72: 0 | D72: 1 | E72: 211 | F72: =ROUND(Source!Y46,O72) -> 6547.59 | G72: СмПриб | H72: Сметная прибыль | K72: 211 | L72: 25 | M72: 3 | O72: 2
A73: 50 | B73: 0 | C73: 0 | D73: 1 | E73: 224 | F73: =ROUND(Source!AR46,O73) -> 26417.29 | G73: Всего | H73: Всего с НР и СП | K73: 224 | L73: 26 | M73: 3 | O73: 2
A75: 4 | B75: 1 | D75: =ROW(A152) -> 152 | F75: Новый раздел | G75: Монтаж | I75: 0 | K75: 0 | V75: 0 | BX75: 0 | CJ75: 0
A77: 52 | B77: =B152 -> 1 | C77: =C152 -> 4 | D77: =D152 -> 75 | E77: =E152 -> 0 | F77: =F152 -> Новый раздел | G77: =G152 -> Монтаж | O77: =O152 -> 652338.7 | P77: =P152 -> 610676.33 | Q77: =Q152 -> 3587.88 | R77: =R152 -> 963.99 | S77: =S152 -> 38074.49 | T77: =T152 -> 0 | U77: =U152 -> 656.53464 | V77: =V152 -> 11.325867 | ... GX77: =GX152 -> 0
A79: 17 | B79: 1 | C79: =ROW(SmtRes!A78) -> 78 | D79: =ROW(EtalonRes!A83) -> 83 | E79: 17 | F79: 10-01-039-01 | G79: Установка блоков в наружных и внутренних дверных проемах в каменных стенах, площадь проема до 3 м2 | H79: 100 м2 | I79: =ROUND(9.45/100,9) -> 0.0945 | J79: 0 | O79: =ROUND(CP79,2) -> 2720.27 | P79: =ROUND(CQ79*I79,2) -> 1080.38 | Q79: =ROUND(CR79*I79,2) -> 920.69 | R79: =ROUND(CS79*I79,2) -> 146.38 | S79: =ROUND(CT79*I79,2) -> 719.2 | T79: =ROUND(CU79*I79,2) -> 0 | U79: =CV79*I79 -> 11.675607 | V79: =CW79*I79 -> 1.65564 | W79: =ROUND(CX79*I79,2) -> 0 | X79: =ROUND(CY79,2) -> 917.51 | Y79: =ROUND(CZ79,2) -> 467.41 | AA79: 16808636 | AB79: =ROUND((AC79+AD79+AF79),2) -> 4290 | AC79: =ROUND((ES79),2) -> 1703.82 | AD79: =ROUND((((((ET79*1.25)*1.2))-(((EU79*1.25)*1.2)))+AE79),2) -> 1451.97 | AE79: =ROUND((((EU79*1.25)*1.2)),2) -> 230.85 | AF79: =ROUND((((EV79*1.15)*1.2)),2) -> 1134.21 | AG79: =ROUND((AP79),2) -> 0 | AH79: =(((EW79*1.15)*1.2)) -> 123.5514 | AI79: =(((EX79*1.25)*1.2)) -> 17.52 | AJ79: =(AS79) -> 0 | AK79: 3493.69 | AL79: 1703.82 | AM79: 967.98 | AN79: 153.9 | AO79: 821.89 | AP79: 0 | AQ79: 89.53 | AR79: 11.68 | AS79: 0 | AT79: 106 | AU79: 54 | AV79: 1 | AW79: 1 | AZ79: 6.71 | BA79: 6.71 | BB79: 6.71 | BC79: 6.71 | BH79: 0 | BI79: 1 | BJ79: ФЕР-2001, 10-01-039-01, приказ Минстроя России №1039/пр от 30.12.2016г. | BM79: 10001 | BN79: 0 | BP79: 0 | BQ79: 2 | BR79: 0 | BS79: 6.71 | BT79: 1 | BU79: 1 | BV79: 1 | BW79: 1 | BX79: 1 | BZ79: 118 | CA79: 63 | CE79: 0 | CF79: 0 | CG79: 0 | CM79: 0 | CN79: Поправка: МДС 81-35.2004, п.4.7 Наименование: Работы, выполняемые при реконструкции зданий и сооружений работы, аналогичные технологическим процессам в новом строительстве (в том числе возведение новых конструктивных элементов) стоимость которых определена по соответствующим сборникам ФЕР, кроме сборника № 46 «Работы при реконструкции зданий и сооружений» Поправка: МДС 81-35.2004, прил.1, т.1, п.2 Наименование: Производство строительных и других работ в существующих зданиях и сооружениях, освобожденных от оборудования и других предметов, мешающих нормальному производству работ. | CO79: 0 | CP79: =(P79+Q79+S79) -> 2720.27 | CQ79: =AC79*BC79 -> 11432.632 | CR79: =AD79*BB79 -> 9742.7187 | CS79: =AE79*BS79 -> 1549.0035 | CT79: =AF79*BA79 -> 7610.5491 | CU79: =AG79 -> 0 | CV79: =AH79 -> 123.5514 | CW79: =AI79 -> 17.52 | CX79: =AJ79 -> 0 | CY79: =(((S79+R79)*AT79)/100) -> 917.5148 | CZ79: =(((S79+R79)*AU79)/100) -> 467.4132 | DE79: )*1,25)*1,2 | DF79: )*1,25)*1,2 | DG79: )*1,15)*1,2 | DI79: )*1,15)*1,2 | DJ79: )*1,25)*1,2 | DN79: 0 | DO79: 0 | DP79: 1 | DQ79: 1 | DU79: 1005 | DV79: 100 м2 | DW79: 100 м2 | DX79: 100 | EE79: 16510487 | EF79: 2 | EG79: Общестроительные работы | EH79: 0 | EJ79: 1 | EK79: 10001 | EL79: Деревянные конструкции | EM79: ФЕР-10 | EO79: Поправка: МДС 81-35.2004, п.4.7 Поправка: МДС 81-35.2004, прил.1, т.1, п.2 | EQ79: 0 | ER79: 3493.69 | ES79: 1703.82 | ET79: 967.98 | EU79: 153.9 | EV79: 821.89 | EW79: 89.53 | EX79: 11.68 | EY79: 0 | FQ79: 0 | FR79: =ROUND(IF(AND(BH79=3,BI79=3),P79,0),2) -> 0 | FS79: 0 | FT79: *0,9 | FU79: *0,85 | FX79: 106.2 | FY79: 53.55 | GD79: 0 | GF79: -2063365966 | GG79: 1 | GH79: 1 | GI79: 4 | GJ79: 0 | GK79: =ROUND(R79*(R12)/100,2) -> 0 | GL79: =ROUND(IF(AND(BH79=3,BI79=3,FS79<>0),P79,0),2) -> 0 | GM79: =ROUND(O79+X79+Y79+GK79,2)+GX79 -> 4105.19 | GN79: =IF(OR(BI79=0,BI79=1),ROUND(O79+X79+Y79+GK79,2),0) -> 4105.19 | GO79: =IF(BI79=2,ROUND(O79+X79+Y79+GK79,2),0) -> 0 | GP79: =IF(BI79=4,ROUND(O79+X79+Y79+GK79,2)+GX79,0) -> 0 | GR79: 0 | GS79: 3 | GT79: 0 | GV79: =ROUND((GT79),2) -> 0 | GW79: 1 | GX79: =ROUND(HC79*I79,2) -> 0 | HA79: 0 | HB79: 0 | HC79: =GV79*GW79 -> 0 | IK79: 0
A80: 18 | B80: 1 | C80: 72 | E80: 17,1 | F80: 01.7.04.11 | G80: Скобяные изделия | H80: компл. | I80: =I79*J80 -> 0 | J80: 0 | O80: =ROUND(CP80,2) -> 0 | P80: =ROUND(CQ80*I80,2) -> 0 | Q80: =ROUND(CR80*I80,2) -> 0 | R80: =ROUND(CS80*I80,2) -> 0 | S80: =ROUND(CT80*I80,2) -> 0 | T80: =ROUND(CU80*I80,2) -> 0 | U80: =CV80*I80 -> 0 | V80: =CW80*I80 -> 0 | W80: =ROUND(CX80*I80,2) -> 0 | X80: =ROUND(CY80,2) -> 0 | Y80: =ROUND(CZ80,2) -> 0 | AA80: 16808636 | AB80: =ROUND((AC80+AD80+AF80),2) -> 0 | AC80: =ROUND((ES80),2) -> 0 | AD80: =ROUND((((ET80)-(EU80))+AE80),2) -> 0 | AE80: =ROUND((EU80),2) -> 0 | AF80: =ROUND((EV80),2) -> 0 | AG80: =ROUND((AP80),2) -> 0 | AH80: =(EW80) -> 0 | AI80: =(EX80) -> 0 | AJ80: =(AS80) -> 0 | AK80: 0 | AL80: 0 | AM80: 0 | AN80: 0 | AO80: 0 | AP80: 0 | AQ80: 0 | AR80: 0 | AS80: 0 | AT80: 106 | AU80: 54 | AV80: 1 | AW80: 1 | AZ80: 6.71 | BA80: 1 | BB80: 1 | BC80: 6.71 | BH80: 3 | BI80: 1 | BM80: 10001 | BN80: 0 | BP80: 0 | BQ80: 2 | BR80: 0 | BS80: 1 | BT80: 1 | BU80: 1 | BV80: 1 | BW80: 1 | BX80: 1 | BZ80: 118 | CA80: 63 | CE80: 0 | CF80: 0 | CG80: 0 | CM80: 0 | CN80: Поправка: МДС 81-35.2004, п.4.7 Наименование: Работы, выполняемые при реконструкции зданий и сооружений работы, аналогичные технологическим процессам в новом строительстве (в том числе возведение новых конструктивных элементов) стоимость которых определена по соответствующим сборникам ФЕР, кроме сборника № 46 «Работы при реконструкции зданий и сооружений» Поправка: МДС 81-35.2004, прил.1, т.1, п.2 Наименование: Производство строительных и других работ в существующих зданиях и сооружениях, освобожденных от оборудования и других предметов, мешающих нормальному производству работ. | CO80: 0 | CP80: =(P80+Q80+S80) -> 0 | CQ80: =AC80*BC80 -> 0 | CR80: =AD80*BB80 -> 0 | CS80: =AE80*BS80 -> 0 | CT80: =AF80*BA80 -> 0 | CU80: =AG80 -> 0 | CV80: =AH80 -> 0 | CW80: =AI80 -> 0 | CX80: =AJ80 -> 0 | CY80: =(((S80+R80)*AT80)/100) -> 0 | CZ80: =(((S80+R80)*AU80)/100) -> 0 | DN80: 0 | DO80: 0 | DP80: 1 | DQ80: 1 | DU80: 1013 | DV80: компл. | DW80: компл. | DX80: 1 | EE80: 16510487 | EF80: 2 | EG80: Общестроительные работы | EH80: 0 | EJ80: 1 | EK80: 10001 | EL80: Деревянные конструкции | EM80: ФЕР-10 | EO80: Поправка: МДС 81-35.2004, п.4.7 Поправка: МДС 81-35.2004, прил.1, т.1, п.2 | EQ80: 0 | ER80: 0 | ES80: 0 | ET80: 0 | EU80: 0 | EV80: 0 | EW80: 0 | EX80: 0 | FQ80: 0 | FR80: =ROUND(IF(AND(BH80=3,BI80=3),P80,0),2) -> 0 | FS80: 0 | FT80: *0,9 | FU80: *0,85 | FX80: 106.2 | FY80: 53.55 | GD80: 0 | GF80: 296028110 | GG80: 1 | GH80: 1 | GI80: 4 | GJ80: 0 | GK80: =ROUND(R80*(R12)/100,2) -> 0 | GL80: =ROUND(IF(AND(BH80=3,BI80=3,FS80<>0),P80,0),2) -> 0 | GM80: =ROUND(O80+X80+Y80+GK80,2)+GX80 -> 0 | GN80: =IF(OR(BI80=0,BI80=1),ROUND(O80+X80+Y80+GK80,2),0) -> 0 | GO80: =IF(BI80=2,ROUND(O80+X80+Y80+GK80,2),0) -> 0 | GP80: =IF(BI80=4,ROUND(O80+X80+Y80+GK80,2)+GX80,0) -> 0 | GR80: 0 | GS80: 3 | GT80: 0 | GV80: =ROUND((GT80),2) -> 0 | GW80: 1 | GX80: =ROUND(HC80*I80,2) -> 0 | HA80: 0 | HB80: 0 | HC80: =GV80*GW80 -> 0 | IK80: 0
A81: 18 | B81: 1 | C81: 71 | E81: 17,2 | F81: 01.7.04.07-0011 | G81: Скобяные изделия для блоков входных однопольных | H81: компл. | I81: =I79*J81 -> 5 | J81: 52.910053 | O81: =ROUND(CP81,2) -> 3176.51 | P81: =ROUND(CQ81*I81,2) -> 3176.51 | Q81: =ROUND(CR81*I81,2) -> 0 | R81: =ROUND(CS81*I81,2) -> 0 | S81: =ROUND(CT81*I81,2) -> 0 | T81: =ROUND(CU81*I81,2) -> 0 | U81: =CV81*I81 -> 0 | V81: =CW81*I81 -> 0 | W81: =ROUND(CX81*I81,2) -> 0 | X81: =ROUND(CY81,2) -> 0 | Y81: =ROUND(CZ81,2) -> 0 | AA81: 16808636 | AB81: =ROUND((AC81+AD81+AF81),2) -> 94.68 | AC81: =ROUND((ES81),2) -> 94.68 | AD81: =ROUND((((ET81)-(EU81))+AE81),2) -> 0 | AE81: =ROUND((EU81),2) -> 0 | AF81: =ROUND((EV81),2) -> 0 | AG81: =ROUND((AP81),2) -> 0 | AH81: =(EW81) -> 0 | AI81: =(EX81) -> 0 | AJ81: =(AS81) -> 0 | AK81: 94.68 | AL81: 94.68 | AM81: 0 | AN81: 0 | AO81: 0 | AP81: 0 | AQ81: 0 | AR81: 0 | AS81: 0 | AT81: 106 | AU81: 54 | AV81: 1 | AW81: 1 | AZ81: 6.71 | BA81: 1 | BB81: 1 | BC81: 6.71 | BH81: 3 | BI81: 1 | BJ81: ФССЦ-2001, 01.7.04.07-0011, приказ Минстроя России №1039/пр от 30.12.2016г. | BM81: 10001 | BN81: 0 | BP81: 0 | BQ81: 2 | BR81: 0 | BS81: 1 | BT81: 1 | BU81: 1 | BV81: 1 | BW81: 1 | BX81: 1 | BZ81: 118 | CA81: 63 | CE81: 0 | CF81: 0 | CG81: 0 | CM81: 0 | CN81: Поправка: МДС 81-35.2004, п.4.7 Наименование: Работы, выполняемые при реконструкции зданий и сооружений работы, аналогичные технологическим процессам в новом строительстве (в том числе возведение новых конструктивных элементов) стоимость которых определена по соответствующим сборникам ФЕР, кроме сборника № 46 «Работы при реконструкции зданий и сооружений» Поправка: МДС 81-35.2004, прил.1, т.1, п.2 Наименование: Производство строительных и других работ в существующих зданиях и сооружениях, освобожденных от оборудования и других предметов, мешающих нормальному производству работ. | CO81: 0 | CP81: =(P81+Q81+S81) -> 3176.51 | CQ81: =AC81*BC81 -> 635.3028 | CR81: =AD81*BB81 -> 0 | CS81: =AE81*BS81 -> 0 | CT81: =AF81*BA81 -> 0 | CU81: =AG81 -> 0 | CV81: =AH81 -> 0 | CW81: =AI81 -> 0 | CX81: =AJ81 -> 0 | CY81: =(((S81+R81)*AT81)/100) -> 0 | CZ81: =(((S81+R81)*AU81)/100) -> 0 | DN81: 0 | DO81: 0 | DP81: 1 | DQ81: 1 | DU81: 1013 | DV81: компл. | DW81: компл. | DX81: 1 | EE81: 16510487 | EF81: 2 | EG81: Общестроительные работы | EH81: 0 | EJ81: 1 | EK81: 10001 | EL81: Деревянные конструкции | EM81: ФЕР-10 | EO81: Поправка: МДС 81-35.2004, п.4.7 Поправка: МДС 81-35.2004, прил.1, т.1, п.2 | EQ81: 0 | ER81: 94.68 | ES81: 94.68 | ET81: 0 | EU81: 0 | EV81: 0 | EW81: 0 | EX81: 0 | FQ81: 0 | FR81: =ROUND(IF(AND(BH81=3,BI81=3),P81,0),2) -> 0 | FS81: 0 | FT81: *0,9 | FU81: *0,85 | FX81: 106.2 | FY81: 53.55 | GD81: 0 | GF81: -347778458 | GG81: 1 | GH81: 1 | GI81: 4 | GJ81: 0 | GK81: =ROUND(R81*(R12)/100,2) -> 0 | GL81: =ROUND(IF(AND(BH81=3,BI81=3,FS81<>0),P81,0),2) -> 0 | GM81: =ROUND(O81+X81+Y81+GK81,2)+GX81 -> 3176.51 | GN81: =IF(OR(BI81=0,BI81=1),ROUND(O81+X81+Y81+GK81,2),0) -> 3176.51 | GO81: =IF(BI81=2,ROUND(O81+X81+Y81+GK81,2),0) -> 0 | GP81: =IF(BI81=4,ROUND(O81+X81+Y81+GK81,2)+GX81,0) -> 0 | GR81: 0 | GS81: 3 | GT81: 0 | GV81: =ROUND((GT81),2) -> 0 | GW81: 1 | GX81: =ROUND(HC81*I81,2) -> 0 | HA81: 0 | HB81: 0 | HC81: =GV81*GW81 -> 0 | IK81: 0
A82: 18 | B82: 1 | C82: 76 | E82: 17,3 | F82: 11.2.02.01 | G82: Блоки дверные | H82: м2 | I82: =I79*J82 -> 9.45 | J82: 100 | O82: =ROUND(CP82,2) -> 0 | P82: =ROUND(CQ82*I82,2) -> 0 | Q82: =ROUND(CR82*I82,2) -> 0 | R82: =ROUND(CS82*I82,2) -> 0 | S82: =ROUND(CT82*I82,2) -> 0 | T82: =ROUND(CU82*I82,2) -> 0 | U82: =CV82*I82 -> 0 | V82: =CW82*I82 -> 0 | W82: =ROUND(CX82*I82,2) -> 0 | X82: =ROUND(CY82,2) -> 0 | Y82: =ROUND(CZ82,2) -> 0 | AA82: 16808636 | AB82: =ROUND((AC82+AD82+AF82),2) -> 0 | AC82: =ROUND((ES82),2) -> 0 | AD82: =ROUND((((ET82)-(EU82))+AE82),2) -> 0 | AE82: =ROUND((EU82),2) -> 0 | AF82: =ROUND((EV82),2) -> 0 | AG82: =ROUND((AP82),2) -> 0 | AH82: =(EW82) -> 0 | AI82: =(EX82) -> 0 | AJ82: =(AS82) -> 0 | AK82: 0 | AL82: 0 | AM82: 0 | AN82: 0 | AO82: 0 | AP82: 0 | AQ82: 0 | AR82: 0 | AS82: 0 | AT82: 106 | AU82: 54 | AV82: 1 | AW82: 1 | AZ82: 6.71 | BA82: 1 | BB82: 1 | BC82: 6.71 | BH82: 3 | BI82: 1 | BM82: 10001 | BN82: 0 | BP82: 0 | BQ82: 2 | BR82: 0 | BS82: 1 | BT82: 1 | BU82: 1 | BV82: 1 | BW82: 1 | BX82: 1 | BZ82: 118 | CA82: 63 | CE82: 0 | CF82: 0 | CG82: 0 | CM82: 0 | CN82: Поправка: МДС 81-35.2004, п.4.7 Наименование: Работы, выполняемые при реконструкции зданий и сооружений работы, аналогичные технологическим процессам в новом строительстве (в том числе возведение новых конструктивных элементов) стоимость которых определена по соответствующим сборникам ФЕР, кроме сборника № 46 «Работы при реконструкции зданий и сооружений» Поправка: МДС 81-35.2004, прил.1, т.1, п.2 Наименование: Производство строительных и других работ в существующих зданиях и сооружениях, освобожденных от оборудования и других предметов, мешающих нормальному производству работ. | CO82: 0 | CP82: =(P82+Q82+S82) -> 0 | CQ82: =AC82*BC82 -> 0 | CR82: =AD82*BB82 -> 0 | CS82: =AE82*BS82 -> 0 | CT82: =AF82*BA82 -> 0 | CU82: =AG82 -> 0 | CV82: =AH82 -> 0 | CW82: =AI82 -> 0 | CX82: =AJ82 -> 0 | CY82: =(((S82+R82)*AT82)/100) -> 0 | CZ82: =(((S82+R82)*AU82)/100) -> 0 | DN82: 0 | DO82: 0 | DP82: 1 | DQ82: 1 | DU82: 1005 | DV82: м2 | DW82: м2 | DX82: 1 | EE82: 16510487 | EF82: 2 | EG82: Общестроительные работы | EH82: 0 | EJ82: 1 | EK82: 10001 | EL82: Деревянные конструкции | EM82: ФЕР-10 | EO82: Поправка: МДС 81-35.2004, п.4.7 Поправка: МДС 81-35.2004, прил.1, т.1, п.2 | EQ82: 0 | ER82: 0 | ES82: 0 | ET82: 0 | EU82: 0 | EV82: 0 | EW82: 0 | EX82: 0 | FQ82: 0 | FR82: =ROUND(IF(AND(BH82=3,BI82=3),P82,0),2) -> 0 | FS82: 0 | FT82: *0,9 | FU82: *0,85 | FX82: 106.2 | FY82: 53.55 | GD82: 0 | GF82: -732808487 | GG82: 1 | GH82: 1 | GI82: 4 | GJ82: 0 | GK82: =ROUND(R82*(R12)/100,2) -> 0 | GL82: =ROUND(IF(AND(BH82=3,BI82=3,FS82<>0),P82,0),2) -> 0 | GM82: =ROUND(O82+X82+Y82+GK82,2)+GX82 -> 0 | GN82: =IF(OR(BI82=0,BI82=1),ROUND(O82+X82+Y82+GK82,2),0) -> 0 | GO82: =IF(BI82=2,ROUND(O82+X82+Y82+GK82,2),0) -> 0 | GP82: =IF(BI82=4,ROUND(O82+X82+Y82+GK82,2)+GX82,0) -> 0 | GR82: 0 | GS82: 3 | GT82: 0 | GV82: =ROUND((GT82),2) -> 0 | GW82: 1 | GX82: =ROUND(HC82*I82,2) -> 0 | HA82: 0 | HB82: 0 | HC82: =GV82*GW82 -> 0 | IK82: 0
A83: 18 | B83: 1 | C83: 77 | E83: 17,4 | F83: 11.2.02.01-0032 | G83: Блоки дверные внутренние однопольные глухие шлифованные, из массива сосны, тонированные | H83: м2 | I83: =I79*J83 -> 9.45 | J83: 100 | O83: =ROUND(CP83,2) -> 91867.68 | P83: =ROUND(CQ83*I83,2) -> 91867.68 | Q83: =ROUND(CR83*I83,2) -> 0 | R83: =ROUND(CS83*I83,2) -> 0 | S83: =ROUND(CT83*I83,2) -> 0 | T83: =ROUND(CU83*I83,2) -> 0 | U83: =CV83*I83 -> 0 | V83: =CW83*I83 -> 0 | W83: =ROUND(CX83*I83,2) -> 0 | X83: =ROUND(CY83,2) -> 0 | Y83: =ROUND(CZ83,2) -> 0 | AA83: 16808636 | AB83: =ROUND((AC83+AD83+AF83),2) -> 1448.8 | AC83: =ROUND((ES83),2) -> 1448.8 | AD83: =ROUND((((ET83)-(EU83))+AE83),2) -> 0 | AE83: =ROUND((EU83),2) -> 0 | AF83: =ROUND((EV83),2) -> 0 | AG83: =ROUND((AP83),2) -> 0 | AH83: =(EW83) -> 0 | AI83: =(EX83) -> 0 | AJ83: =(AS83) -> 0 | AK83: 1448.8 | AL83: 1448.8 | AM83: 0 | AN83: 0 | AO83: 0 | AP83: 0 | AQ83: 0 | AR83: 0 | AS83: 0 | AT83: 106 | AU83: 54 | AV83: 1 | AW83: 1 | AZ83: 6.71 | BA83: 1 | BB83: 1 | BC83: 6.71 | BH83: 3 | BI83: 1 | BJ83: ФССЦ-2001, 11.2.02.01-0032, приказ Минстроя России №1039/пр от 30.12.2016г. | BM83: 10001 | BN83: 0 | BP83: 0 | BQ83: 2 | BR83: 0 | BS83: 1 | BT83: 1 | BU83: 1 | BV83: 1 | BW83: 1 | BX83: 1 | BZ83: 118 | CA83: 63 | CE83: 0 | CF83: 0 | CG83: 0 | CM83: 0 | CN83: Поправка: МДС 81-35.2004, п.4.7 Наименование: Работы, выполняемые при реконструкции зданий и сооружений работы, аналогичные технологическим процессам в новом строительстве (в том числе возведение новых конструктивных элементов) стоимость которых определена по соответствующим сборникам ФЕР, кроме сборника № 46 «Работы при реконструкции зданий и сооружений» Поправка: МДС 81-35.2004, прил.1, т.1, п.2 Наименование: Производство строительных и других работ в существующих зданиях и сооружениях, освобожденных от оборудования и других предметов, мешающих нормальному производству работ. | CO83: 0 | CP83: =(P83+Q83+S83) -> 91867.68 | CQ83: =AC83*BC83 -> 9721.448 | CR83: =AD83*BB83 -> 0 | CS83: =AE83*BS83 -> 0 | CT83: =AF83*BA83 -> 0 | CU83: =AG83 -> 0 | CV83: =AH83 -> 0 | CW83: =AI83 -> 0 | CX83: =AJ83 -> 0 | CY83: =(((S83+R83)*AT83)/100) -> 0 | CZ83: =(((S83+R83)*AU83)/100) -> 0 | DN83: 0 | DO83: 0 | DP83: 1 | DQ83: 1 | DU83: 1005 | DV83: м2 | DW83: м2 | DX83: 1 | EE83: 16510487 | EF83: 2 | EG83: Общестроительные работы | EH83: 0 | EJ83: 1 | EK83: 10001 | EL83: Деревянные конструкции | EM83: ФЕР-10 | EO83: Поправка: МДС 81-35.2004, п.4.7 Поправка: МДС 81-35.2004, прил.1, т.1, п.2 | EQ83: 0 | ER83: 1448.8 | ES83: 1448.8 | ET83: 0 | EU83: 0 | EV83: 0 | EW83: 0 | EX83: 0 | FQ83: 0 | FR83: =ROUND(IF(AND(BH83=3,BI83=3),P83,0),2) -> 0 | FS83: 0 | FT83: *0,9 | FU83: *0,85 | FX83: 106.2 | FY83: 53.55 | GD83: 0 | GF83: -863452992 | GG83: 1 | GH83: 1 | GI83: 4 | GJ83: 0 | GK83: =ROUND(R83*(R12)/100,2) -> 0 | GL83: =ROUND(IF(AND(BH83=3,BI83=3,FS83<>0),P83,0),2) -> 0 | GM83: =ROUND(O83+X83+Y83+GK83,2)+GX83 -> 91867.68 | GN83: =IF(OR(BI83=0,BI83=1),ROUND(O83+X83+Y83+GK83,2),0) -> 91867.68 | GO83: =IF(BI83=2,ROUND(O83+X83+Y83+GK83,2),0) -> 0 | GP83: =IF(BI83=4,ROUND(O83+X83+Y83+GK83,2)+GX83,0) -> 0 | GR83: 0 | GS83: 3 | GT83: 0 | GV83: =ROUND((GT83),2) -> 0 | GW83: 1 | GX83: =ROUND(HC83*I83,2) -> 0 | HA83: 0 | HB83: 0 | HC83: =GV83*GW83 -> 0 | IK83: 0
A84: 17 | B84: 1 | C84: =ROW(SmtRes!A84) -> 84 | D84: =ROW(EtalonRes!A88) -> 88 | E84: 18 | F84: 10-01-060-01 | G84: Установка и крепление наличников | H84: 100 м | I84: =ROUND(50/100,9) -> 0.5 | J84: 0 | O84: =ROUND(CP84,2) -> 337.58 | P84: =ROUND(CQ84*I84,2) -> 28.52 | Q84: =ROUND(CR84*I84,2) -> 13.25 | R84: =ROUND(CS84*I84,2) -> 2.31 | S84: =ROUND(CT84*I84,2) -> 295.81 | T84: =ROUND(CU84*I84,2) -> 0 | U84: =CV84*I84 -> 5.3958 | V84: =CW84*I84 -> 0.03 | W84: =ROUND(CX84*I84,2) -> 0 | X84: =ROUND(CY84,2) -> 316.01 | Y84: =ROUND(CZ84,2) -> 160.98 | AA84: 16808636 | AB84: =ROUND((AC84+AD84+AF84),2) -> 100.62 | AC84: =ROUND((ES84),2) -> 8.5 | AD84: =ROUND((((((ET84*1.25)*1.2))-(((EU84*1.25)*1.2)))+AE84),2) -> 3.95 | AE84: =ROUND((((EU84*1.25)*1.2)),2) -> 0.69 | AF84: =ROUND((((EV84*1.15)*1.2)),2) -> 88.17 | AG84: =ROUND((AP84),2) -> 0 | AH84: =(((EW84*1.15)*1.2)) -> 10.7916 | AI84: =(((EX84*1.25)*1.2)) -> 0.06 | AJ84: =(AS84) -> 0 | AK84: 75.02 | AL84: 8.5 | AM84: 2.63 | AN84: 0.46 | AO84: 63.89 | AP84: 0 | AQ84: 7.82 | AR84: 0.04 | AS84: 0 | AT84: 106 | AU84: 54 | AV84: 1 | AW84: 1 | AZ84: 6.71 | BA84: 6.71 | BB84: 6.71 | BC84: 6.71 | BH84: 0 | BI84: 1 | BJ84: ФЕР-2001, 10-01-060-01, приказ Минстроя России №1039/пр от 30.12.2016г. | BM84: 10001 | BN84: 0 | BP84: 0 | BQ84: 2 | BR84: 0 | BS84: 6.71 | BT84: 1 | BU84: 1 | BV84: 1 | BW84: 1 | BX84: 1 | BZ84: 118 | CA84: 63 | CE84: 0 | CF84: 0 | CG84: 0 | CM84: 0 | CN84: Поправка: МДС 81-35.2004, п.4.7 Наименование: Работы, выполняемые при реконструкции зданий и сооружений работы, аналогичные технологическим процессам в новом строительстве (в том числе возведение новых конструктивных элементов) стоимость которых определена по соответствующим сборникам ФЕР, кроме сборника № 46 «Работы при реконструкции зданий и сооружений» Поправка: МДС 81-35.2004, прил.1, т.1, п.2 Наименование: Производство строительных и других работ в существующих зданиях и сооружениях, освобожденных от оборудования и других предметов, мешающих нормальному производству работ. | CO84: 0 | CP84: =(P84+Q84+S84) -> 337.58 | CQ84: =AC84*BC84 -> 57.035 | CR84: =AD84*BB84 -> 26.5045 | CS84: =AE84*BS84 -> 4.6299 | CT84: =AF84*BA84 -> 591.6207 | CU84: =AG84 -> 0 | CV84: =AH84 -> 10.7916 | CW84: =AI84 -> 0.06 | CX84: =AJ84 -> 0 | CY84: =(((S84+R84)*AT84)/100) -> 316.0072 | CZ84: =(((S84+R84)*AU84)/100) -> 160.9848 | DE84: )*1,25)*1,2 | DF84: )*1,25)*1,2 | DG84: )*1,15)*1,2 | DI84: )*1,15)*1,2 | DJ84: )*1,25)*1,2 | DN84: 0 | DO84: 0 | DP84: 1 | DQ84: 1 | DU84: 1003 | DV84: 100 м | DW84: 100 м | DX84: 100 | EE84: 16510487 | EF84: 2 | EG84: Общестроительные работы | EH84: 0 | EJ84: 1 | EK84: 10001 | EL84: Деревянные конструкции | EM84: ФЕР-10 | EO84: Поправка: МДС 81-35.2004, п.4.7 Поправка: МДС 81-35.2004, прил.1, т.1, п.2 | EQ84: 0 | ER84: 75.02 | ES84: 8.5 | ET84: 2.63 | EU84: 0.46 | EV84: 63.89 | EW84: 7.82 | EX84: 0.04 | EY84: 0 | FQ84: 0 | FR84: =ROUND(IF(AND(BH84=3,BI84=3),P84,0),2) -> 0 | FS84: 0 | FT84: *0,9 | FU84: *0,85 | FX84: 106.2 | FY84: 53.55 | GD84: 0 | GF84: -971434034 | GG84: 1 | GH84: 1 | GI84: 4 | GJ84: 0 | GK84: =ROUND(R84*(R12)/100,2) -> 0 | GL84: =ROUND(IF(AND(BH84=3,BI84=3,FS84<>0),P84,0),2) -> 0 | GM84: =ROUND(O84+X84+Y84+GK84,2)+GX84 -> 814.57 | GN84: =IF(OR(BI84=0,BI84=1),ROUND(O84+X84+Y84+GK84,2),0) -> 814.57 | GO84: =IF(BI84=2,ROUND(O84+X84+Y84+GK84,2),0) -> 0 | GP84: =IF(BI84=4,ROUND(O84+X84+Y84+GK84,2)+GX84,0) -> 0 | GR84: 0 | GS84: 3 | GT84: 0 | GV84: =ROUND((GT84),2) -> 0 | GW84: 1 | GX84: =ROUND(HC84*I84,2) -> 0 | HA84: 0 | HB84: 0 | HC84: =GV84*GW84 -> 0 | IK84: 0
A85: 18 | B85: 1 | C85: 83 | E85: 18,1 | F85: 11.1.01.10 | G85: Наличники | H85: м | I85: =I84*J85 -> 56 | J85: 112 | O85: =ROUND(CP85,2) -> 0 | P85: =ROUND(CQ85*I85,2) -> 0 | Q85: =ROUND(CR85*I85,2) -> 0 | R85: =ROUND(CS85*I85,2) -> 0 | S85: =ROUND(CT85*I85,2) -> 0 | T85: =ROUND(CU85*I85,2) -> 0 | U85: =CV85*I85 -> 0 | V85: =CW85*I85 -> 0 | W85: =ROUND(CX85*I85,2) -> 0 | X85: =ROUND(CY85,2) -> 0 | Y85: =ROUND(CZ85,2) -> 0 | AA85: 16808636 | AB85: =ROUND((AC85+AD85+AF85),2) -> 0 | AC85: =ROUND((ES85),2) -> 0 | AD85: =ROUND((((ET85)-(EU85))+AE85),2) -> 0 | AE85: =ROUND((EU85),2) -> 0 | AF85: =ROUND((EV85),2) -> 0 | AG85: =ROUND((AP85),2) -> 0 | AH85: =(EW85) -> 0 | AI85: =(EX85) -> 0 | AJ85: =(AS85) -> 0 | AK85: 0 | AL85: 0 | AM85: 0 | AN85: 0 | AO85: 0 | AP85: 0 | AQ85: 0 | AR85: 0 | AS85: 0 | AT85: 106 | AU85: 54 | AV85: 1 | AW85: 1 | AZ85: 6.71 | BA85: 1 | BB85: 1 | BC85: 6.71 | BH85: 3 | BI85: 1 | BM85: 10001 | BN85: 0 | BP85: 0 | BQ85: 2 | BR85: 0 | BS85: 1 | BT85: 1 | BU85: 1 | BV85: 1 | BW85: 1 | BX85: 1 | BZ85: 118 | CA85: 63 | CE85: 0 | CF85: 0 | CG85: 0 | CM85: 0 | CO85: 0 | CP85: =(P85+Q85+S85) -> 0 | CQ85: =AC85*BC85 -> 0 | CR85: =AD85*BB85 -> 0 | CS85: =AE85*BS85 -> 0 | CT85: =AF85*BA85 -> 0 | CU85: =AG85 -> 0 | CV85: =AH85 -> 0 | CW85: =AI85 -> 0 | CX85: =AJ85 -> 0 | CY85: =(((S85+R85)*AT85)/100) -> 0 | CZ85: =(((S85+R85)*AU85)/100) -> 0 | DN85: 0 | DO85: 0 | DP85: 1 | DQ85: 1 | DU85: 1003 | DV85: м | DW85: м | DX85: 1 | EE85: 16510487 | EF85: 2 | EG85: Общестроительные работы | EH85: 0 | EJ85: 1 | EK85: 10001 | EL85: Деревянные конструкции | EM85: ФЕР-10 | EQ85: 0 | ER85: 0 | ES85: 0 | ET85: 0 | EU85: 0 | EV85: 0 | EW85: 0 | EX85: 0 | FQ85: 0 | FR85: =ROUND(IF(AND(BH85=3,BI85=3),P85,0),2) -> 0 | FS85: 0 | FT85: *0,9 | FU85: *0,85 | FX85: 106.2 | FY85: 53.55 | GD85: 0 | GF85: 1542502361 | GG85: 1 | GH85: 1 | GI85: 4 | GJ85: 0 | GK85: =ROUND(R85*(R12)/100,2) -> 0 | GL85: =ROUND(IF(AND(BH85=3,BI85=3,FS85<>0),P85,0),2) -> 0 | GM85: =ROUND(O85+X85+Y85+GK85,2)+GX85 -> 0 | GN85: =IF(OR(BI85=0,BI85=1),ROUND(O85+X85+Y85+GK85,2),0) -> 0 | GO85: =IF(BI85=2,ROUND(O85+X85+Y85+GK85,2),0) -> 0 | GP85: =IF(BI85=4,ROUND(O85+X85+Y85+GK85,2)+GX85,0) -> 0 | GR85: 0 | GS85: 3 | GT85: 0 | GV85: =ROUND((GT85),2) -> 0 | GW85: 1 | GX85: =ROUND(HC85*I85,2) -> 0 | HA85: 0 | HB85: 0 | HC85: =GV85*GW85 -> 0 | IK85: 0
A86: 18 | B86: 1 | C86: 84 | E86: 18,2 | F86: 11.1.01.10-0003 | G86: Наличники из древесины типа Н-1, Н-2 размером 13х54 мм | H86: м | I86: =I84*J86 -> 56 | J86: 112 | O86: =ROUND(CP86,2) -> 1476.74 | P86: =ROUND(CQ86*I86,2) -> 1476.74 | Q86: =ROUND(CR86*I86,2) -> 0 | R86: =ROUND(CS86*I86,2) -> 0 | S86: =ROUND(CT86*I86,2) -> 0 | T86: =ROUND(CU86*I86,2) -> 0 | U86: =CV86*I86 -> 0 | V86: =CW86*I86 -> 0 | W86: =ROUND(CX86*I86,2) -> 0 | X86: =ROUND(CY86,2) -> 0 | Y86: =ROUND(CZ86,2) -> 0 | AA86: 16808636 | AB86: =ROUND((AC86+AD86+AF86),2) -> 3.93 | AC86: =ROUND((ES86),2) -> 3.93 | AD86: =ROUND((((ET86)-(EU86))+AE86),2) -> 0 | AE86: =ROUND((EU86),2) -> 0 | AF86: =ROUND((EV86),2) -> 0 | AG86: =ROUND((AP86),2) -> 0 | AH86: =(EW86) -> 0 | AI86: =(EX86) -> 0 | AJ86: =(AS86) -> 0 | AK86: 3.93 | AL86: 3.93 | AM86: 0 | AN86: 0 | AO86: 0 | AP86: 0 | AQ86: 0 | AR86: 0 | AS86: 0 | AT86: 106 | AU86: 54 | AV86: 1 | AW86: 1 | AZ86: 6.71 | BA86: 1 | BB86: 1 | BC86: 6.71 | BH86: 3 | BI86: 1 | BJ86: ФССЦ-2001, 11.1.01.10-0003, приказ Минстроя России №1039/пр от 30.12.2016г. | BM86: 10001 | BN86: 0 | BP86: 0 | BQ86: 2 | BR86: 0 | BS86: 1 | BT86: 1 | BU86: 1 | BV86: 1 | BW86: 1 | BX86: 1 | BZ86: 118 | CA86: 63 | CE86: 0 | CF86: 0 | CG86: 0 | CM86: 0 | CO86: 0 | CP86: =(P86+Q86+S86) -> 1476.74 | CQ86: =AC86*BC86 -> 26.3703 | CR86: =AD86*BB86 -> 0 | CS86: =AE86*BS86 -> 0 | CT86: =AF86*BA86 -> 0 | CU86: =AG86 -> 0 | CV86: =AH86 -> 0 | CW86: =AI86 -> 0 | CX86: =AJ86 -> 0 | CY86: =(((S86+R86)*AT86)/100) -> 0 | CZ86: =(((S86+R86)*AU86)/100) -> 0 | DN86: 0 | DO86: 0 | DP86: 1 | DQ86: 1 | DU86: 1003 | DV86: м | DW86: м | DX86: 1 | EE86: 16510487 | EF86: 2 | EG86: Общестроительные работы | EH86: 0 | EJ86: 1 | EK86: 10001 | EL86: Деревянные конструкции | EM86: ФЕР-10 | EQ86: 0 | ER86: 3.93 | ES86: 3.93 | ET86: 0 | EU86: 0 | EV86: 0 | EW86: 0 | EX86: 0 | FQ86: 0 | FR86: =ROUND(IF(AND(BH86=3,BI86=3),P86,0),2) -> 0 | FS86: 0 | FT86: *0,9 | FU86: *0,85 | FX86: 106.2 | FY86: 53.55 | GD86: 0 | GF86: 1273548754 | GG86: 1 | GH86: 1 | GI86: 4 | GJ86: 0 | GK86: =ROUND(R86*(R12)/100,2) -> 0 | GL86: =ROUND(IF(AND(BH86=3,BI86=3,FS86<>0),P86,0),2) -> 0 | GM86: =ROUND(O86+X86+Y86+GK86,2)+GX86 -> 1476.74 | GN86: =IF(OR(BI86=0,BI86=1),ROUND(O86+X86+Y86+GK86,2),0) -> 1476.74 | GO86: =IF(BI86=2,ROUND(O86+X86+Y86+GK86,2),0) -> 0 | GP86: =IF(BI86=4,ROUND(O86+X86+Y86+GK86,2)+GX86,0) -> 0 | GR86: 0 | GS86: 3 | GT86: 0 | GV86: =ROUND((GT86),2) -> 0 | GW86: 1 | GX86: =ROUND(HC86*I86,2) -> 0 | HA86: 0 | HB86: 0 | HC86: =GV86*GW86 -> 0 | IK86: 0
A87: 17 | B87: 1 | C87: =ROW(SmtRes!A89) -> 89 | D87: =ROW(EtalonRes!A94) -> 94 | E87: 19 | F87: 61-2-7 | G87: Ремонт штукатурки внутренних стен по камню и бетону цементно-известковым раствором, площадью отдельных мест до 1 м2 толщиной слоя до 20 мм | H87: 100 м2 | I87: =ROUND(14.4/100,9) -> 0.144 | J87: 0 | O87: =ROUND(CP87,2) -> 3076.87 | P87: =ROUND(CQ87*I87,2) -> 1101.76 | Q87: =ROUND(CR87*I87,2) -> 20.23 | R87: =ROUND(CS87*I87,2) -> 8.74 | S87: =ROUND(CT87*I87,2) -> 1954.88 | T87: =ROUND(CU87*I87,2) -> 0 | U87: =CV87*I87 -> 32.8824 | V87: =CW87*I87 -> 0.09648 | W87: =ROUND(CX87*I87,2) -> 0 | X87: =ROUND(CY87,2) -> 1551.26 | Y87: =ROUND(CZ87,2) -> 981.81 | AA87: 16808636 | AB87: =ROUND((AC87+AD87+AF87),2) -> 3184.37 | AC87: =ROUND((ES87),2) -> 1140.25 | AD87: =ROUND((((ET87)-(EU87))+AE87),2) -> 20.94 | AE87: =ROUND((EU87),2) -> 9.05 | AF87: =ROUND((EV87),2) -> 2023.18 | AG87: =ROUND((AP87),2) -> 0 | AH87: =(EW87) -> 228.35 | AI87: =(EX87) -> 0.67 | AJ87: =(AS87) -> 0 | AK87: 3184.37 | AL87: 1140.25 | AM87: 20.94 | AN87: 9.05 | AO87: 2023.18 | AP87: 0 | AQ87: 228.35 | AR87: 0.67 | AS87: 0 | AT87: 79 | AU87: 50 | AV87: 1 | AW87: 1 | AZ87: 6.71 | BA87: 6.71 | BB87: 6.71 | BC87: 6.71 | BH87: 0 | BI87: 1 | BJ87: ФЕРр-2001, 61-2-7, приказ Минстроя России №1039/пр от 30.12.2016г. | BM87: 61001 | BN87: 0 | BP87: 0 | BQ87: 6 | BR87: 0 | BS87: 6.71 | BT87: 1 | BU87: 1 | BV87: 1 | BW87: 1 | BX87: 1 | BZ87: 79 | CA87: 50 | CE87: 0 | CF87: 0 | CG87: 0 | CM87: 0 | CO87: 0 | CP87: =(P87+Q87+S87) -> 3076.87 | CQ87: =AC87*BC87 -> 7651.0775 | CR87: =AD87*BB87 -> 140.5074 | CS87: =AE87*BS87 -> 60.7255 | CT87: =AF87*BA87 -> 13575.538 | CU87: =AG87 -> 0 | CV87: =AH87 -> 228.35 | CW87: =AI87 -> 0.67 | CX87: =AJ87 -> 0 | CY87: =(((S87+R87)*AT87)/100) -> 1551.2598 | CZ87: =(((S87+R87)*AU87)/100) -> 981.81 | DN87: 0 | DO87: 0 | DP87: 1 | DQ87: 1 | DU87: 1005 | DV87: 100 м2 | DW87: 100 м2 | DX87: 100 | EE87: 16510570 | EF87: 6 | EG87: Ремонтно-строительные работы | EH87: 0 | EJ87: 1 | EK87: 61001 | EL87: Штукатрурные работы | EM87: рФЕР-61 | EQ87: 0 | ER87: 3184.37 | ES87: 1140.25 | ET87: 20.94 | EU87: 9.05 | EV87: 2023.18 | EW87: 228.35 | EX87: 0.67 | EY87: 0 | FQ87: 0 | FR87: =ROUND(IF(AND(BH87=3,BI87=3),P87,0),2) -> 0 | FS87: 0 | FX87: 79 | FY87: 50 | GD87: 0 | GF87: -1050670095 | GG87: 1 | GH87: 1 | GI87: 4 | GJ87: 0 | GK87: =ROUND(R87*(R12)/100,2) -> 0 | GL87: =ROUND(IF(AND(BH87=3,BI87=3,FS87<>0),P87,0),2) -> 0 | GM87: =ROUND(O87+X87+Y87+GK87,2)+GX87 -> 5609.94 | GN87: =IF(OR(BI87=0,BI87=1),ROUND(O87+X87+Y87+GK87,2),0) -> 5609.94 | GO87: =IF(BI87=2,ROUND(O87+X87+Y87+GK87,2),0) -> 0 | GP87: =IF(BI87=4,ROUND(O87+X87+Y87+GK87,2)+GX87,0) -> 0 | GR87: 0 | GS87: 3 | GT87: 0 | GV87: =ROUND((GT87),2) -> 0 | GW87: 1 | GX87: =ROUND(HC87*I87,2) -> 0 | HA87: 0 | HB87: 0 | HC87: =GV87*GW87 -> 0 | IK87: 0
A88: 17 | B88: 1 | C88: =ROW(SmtRes!A92) -> 92 | D88: =ROW(EtalonRes!A97) -> 97 | E88: 20 | F88: 62-42-1 | G88: Протравка цементной штукатурки нейтрализующим раствором | H88: 100 м2 | I88: =ROUND(46.61/100,9) -> 0.4661 | J88: 0 | O88: =ROUND(CP88,2) -> 116.03 | P88: =ROUND(CQ88*I88,2) -> 24.05 | Q88: =ROUND(CR88*I88,2) -> 0 | R88: =ROUND(CS88*I88,2) -> 0 | S88: =ROUND(CT88*I88,2) -> 91.98 | T88: =ROUND(CU88*I88,2) -> 0 | U88: =CV88*I88 -> 1.757197 | V88: =CW88*I88 -> 0 | W88: =ROUND(CX88*I88,2) -> 0 | X88: =ROUND(CY88,2) -> 73.58 | Y88: =ROUND(CZ88,2) -> 45.99 | AA88: 16808636 | AB88: =ROUND((AC88+AD88+AF88),2) -> 37.1 | AC88: =ROUND((ES88),2) -> 7.69 | AD88: =ROUND((((ET88)-(EU88))+AE88),2) -> 0 | AE88: =ROUND((EU88),2) -> 0 | AF88: =ROUND((EV88),2) -> 29.41 | AG88: =ROUND((AP88),2) -> 0 | AH88: =(EW88) -> 3.77 | AI88: =(EX88) -> 0 | AJ88: =(AS88) -> 0 | AK88: 37.1 | AL88: 7.69 | AM88: 0 | AN88: 0 | AO88: 29.41 | AP88: 0 | AQ88: 3.77 | AR88: 0 | AS88: 0 | AT88: 80 | AU88: 50 | AV88: 1 | AW88: 1 | AZ88: 6.71 | BA88: 6.71 | BB88: 6.71 | BC88: 6.71 | BH88: 0 | BI88: 1 | BJ88: ФЕРр-2001, 62-42-1, приказ Минстроя России №1039/пр от 30.12.2016г. | BM88: 62001 | BN88: 0 | BP88: 0 | BQ88: 6 | BR88: 0 | BS88: 6.71 | BT88: 1 | BU88: 1 | BV88: 1 | BW88: 1 | BX88: 1 | BZ88: 80 | CA88: 50 | CE88: 0 | CF88: 0 | CG88: 0 | CM88: 0 | CO88: 0 | CP88: =(P88+Q88+S88) -> 116.03 | CQ88: =AC88*BC88 -> 51.5999 | CR88: =AD88*BB88 -> 0 | CS88: =AE88*BS88 -> 0 | CT88: =AF88*BA88 -> 197.3411 | CU88: =AG88 -> 0 | CV88: =AH88 -> 3.77 | CW88: =AI88 -> 0 | CX88: =AJ88 -> 0 | CY88: =(((S88+R88)*AT88)/100) -> 73.584 | CZ88: =(((S88+R88)*AU88)/100) -> 45.99 | DN88: 0 | DO88: 0 | DP88: 1 | DQ88: 1 | DU88: 1005 | DV88: 100 м2 | DW88: 100 м2 | DX88: 100 | EE88: 16510571 | EF88: 6 | EG88: Ремонтно-строительные работы | EH88: 0 | EJ88: 1 | EK88: 62001 | EL88: Малярные работы | EM88: рФЕР-62 | EQ88: 0 | ER88: 37.1 | ES88: 7.69 | ET88: 0 | EU88: 0 | EV88: 29.41 | EW88: 3.77 | EX88: 0 | EY88: 0 | FQ88: 0 | FR88: =ROUND(IF(AND(BH88=3,BI88=3),P88,0),2) -> 0 | FS88: 0 | FX88: 80 | FY88: 50 | GD88: 0 | GF88: 1248739953 | GG88: 1 | GH88: 1 | GI88: 4 | GJ88: 0 | GK88: =ROUND(R88*(R12)/100,2) -> 0 | GL88: =ROUND(IF(AND(BH88=3,BI88=3,FS88<>0),P88,0),2) -> 0 | GM88: =ROUND(O88+X88+Y88+GK88,2)+GX88 -> 235.6 | GN88: =IF(OR(BI88=0,BI88=1),ROUND(O88+X88+Y88+GK88,2),0) -> 235.6 | GO88: =IF(BI88=2,ROUND(O88+X88+Y88+GK88,2),0) -> 0 | GP88: =IF(BI88=4,ROUND(O88+X88+Y88+GK88,2)+GX88,0) -> 0 | GR88: 0 | GS88: 3 | GT88: 0 | GV88: =ROUND((GT88),2) -> 0 | GW88: 1 | GX88: =ROUND(HC88*I88,2) -> 0 | HA88: 0 | HB88: 0 | HC88: =GV88*GW88 -> 0 | IK88: 0
A89: 17 | B89: 1 | C89: =ROW(SmtRes!A99) -> 99 | D89: =ROW(EtalonRes!A103) -> 103 | E89: 21 | F89: 15-04-006-03 | G89: Покрытие поверхностей грунтовкой глубокого проникновения за 1 раз стен | H89: 100 м2 | I89: =ROUND(468/100,9) -> 4.68 | J89: 0 | O89: =ROUND(CP89,2) -> 2781.97 | P89: =ROUND(CQ89*I89,2) -> 5.65 | Q89: =ROUND(CR89*I89,2) -> 45.85 | R89: =ROUND(CS89*I89,2) -> 12.25 | S89: =ROUND(CT89*I89,2) -> 2730.47 | T89: =ROUND(CU89*I89,2) -> 0 | U89: =CV89*I89 -> 42.30252 | V89: =CW89*I89 -> 0.1404 | W89: =ROUND(CX89*I89,2) -> 0 | X89: =ROUND(CY89,2) -> 2605.58 | Y89: =ROUND(CZ89,2) -> 1289.08 | AA89: 16808636 | AB89: =ROUND((AC89+AD89+AF89),2) -> 88.59 | AC89: =ROUND((ES89),2) -> 0.18 | AD89: =ROUND((((((ET89*1.25)*1.2))-(((EU89*1.25)*1.2)))+AE89),2) -> 1.46 | AE89: =ROUND((((EU89*1.25)*1.2)),2) -> 0.39 | AF89: =ROUND((((EV89*1.15)*1.2)),2) -> 86.95 | AG89: =ROUND((AP89),2) -> 0 | AH89: =(((EW89*1.15)*1.2)) -> 9.039 | AI89: =(((EX89*1.25)*1.2)) -> 0.03 | AJ89: =(AS89) -> 0 | AK89: 64.16 | AL89: 0.18 | AM89: 0.97 | AN89: 0.26 | AO89: 63.01 | AP89: 0 | AQ89: 6.55 | AR89: 0.02 | AS89: 0 | AT89: 95 | AU89: 47 | AV89: 1 | AW89: 1 | AZ89: 6.71 | BA89: 6.71 | BB89: 6.71 | BC89: 6.71 | BH89: 0 | BI89: 1 | BJ89: ФЕР-2001, 15-04-006-03, приказ Минстроя России №1039/пр от 30.12.2016г. | BM89: 15001 | BN89: 0 | BP89: 0 | BQ89: 2 | BR89: 0 | BS89: 6.71 | BT89: 1 | BU89: 1 | BV89: 1 | BW89: 1 | BX89: 1 | BZ89: 105 | CA89: 55 | CE89: 0 | CF89: 0 | CG89: 0 | CM89: 0 | CN89: Поправка: МДС 81-35.2004, п.4.7 Наименование: Работы, выполняемые при реконструкции зданий и сооружений работы, аналогичные технологическим процессам в новом строительстве (в том числе возведение новых конструктивных элементов) стоимость которых определена по соответствующим сборникам ФЕР, кроме сборника № 46 «Работы при реконструкции зданий и сооружений» Поправка: МДС 81-35.2004, прил.1, т.1, п.2 Наименование: Производство строительных и других работ в существующих зданиях и сооружениях, освобожденных от оборудования и других предметов, мешающих нормальному производству работ. | CO89: 0 | CP89: =(P89+Q89+S89) -> 2781.97 | CQ89: =AC89*BC89 -> 1.2078 | CR89: =AD89*BB89 -> 9.7966 | CS89: =AE89*BS89 -> 2.6169 | CT89: =AF89*BA89 -> 583.4345 | CU89: =AG89 -> 0 | CV89: =AH89 -> 9.039 | CW89: =AI89 -> 0.03 | CX89: =AJ89 -> 0 | CY89: =(((S89+R89)*AT89)/100) -> 2605.584 | CZ89: =(((S89+R89)*AU89)/100) -> 1289.0784 | DE89: )*1,25)*1,2 | DF89: )*1,25)*1,2 | DG89: )*1,15)*1,2 | DI89: )*1,15)*1,2 | DJ89: )*1,25)*1,2 | DN89: 0 | DO89: 0 | DP89: 1 | DQ89: 1 | DU89: 1005 | DV89: 100 м2 | DW89: 100 м2 | DX89: 100 | EE89: 16510513 | EF89: 2 | EG89: Общестроительные работы | EH89: 0 | EJ89: 1 | EK89: 15001 | EL89: Отделочные работы | EM89: ФЕР-15 | EO89: Поправка: МДС 81-35.2004, п.4.7 Поправка: МДС 81-35.2004, прил.1, т.1, п.2 | EQ89: 0 | ER89: 64.16 | ES89: 0.18 | ET89: 0.97 | EU89: 0.26 | EV89: 63.01 | EW89: 6.55 | EX89: 0.02 | EY89: 0 | FQ89: 0 | FR89: =ROUND(IF(AND(BH89=3,BI89=3),P89,0),2) -> 0 | FS89: 0 | FT89: *0,9 | FU89: *0,85 | FX89: 94.5 | FY89: 46.75 | GD89: 0 | GF89: -2014629731 | GG89: 1 | GH89: 1 | GI89: 4 | GJ89: 0 | GK89: =ROUND(R89*(R12)/100,2) -> 0 | GL89: =ROUND(IF(AND(BH89=3,BI89=3,FS89<>0),P89,0),2) -> 0 | GM89: =ROUND(O89+X89+Y89+GK89,2)+GX89 -> 6676.63 | GN89: =IF(OR(BI89=0,BI89=1),ROUND(O89+X89+Y89+GK89,2),0) -> 6676.63 | GO89: =IF(BI89=2,ROUND(O89+X89+Y89+GK89,2),0) -> 0 | GP89: =IF(BI89=4,ROUND(O89+X89+Y89+GK89,2)+GX89,0) -> 0 | GR89: 0 | GS89: 3 | GT89: 0 | GV89: =ROUND((GT89),2) -> 0 | GW89: 1 | GX89: =ROUND(HC89*I89,2) -> 0 | HA89: 0 | HB89: 0 | HC89: =GV89*GW89 -> 0 | IK89: 0
A90: 18 | B90: 1 | C90: 99 | E90: 21,1 | F90: 14.4.01.21 | G90: Грунтовка | H90: т | I90: =I89*J90 -> 0.06084 | J90: 0.013 | O90: =ROUND(CP90,2) -> 0 | P90: =ROUND(CQ90*I90,2) -> 0 | Q90: =ROUND(CR90*I90,2) -> 0 | R90: =ROUND(CS90*I90,2) -> 0 | S90: =ROUND(CT90*I90,2) -> 0 | T90: =ROUND(CU90*I90,2) -> 0 | U90: =CV90*I90 -> 0 | V90: =CW90*I90 -> 0 | W90: =ROUND(CX90*I90,2) -> 0 | X90: =ROUND(CY90,2) -> 0 | Y90: =ROUND(CZ90,2) -> 0 | AA90: 16808636 | AB90: =ROUND((AC90+AD90+AF90),2) -> 0 | AC90: =ROUND((ES90),2) -> 0 | AD90: =ROUND((((ET90)-(EU90))+AE90),2) -> 0 | AE90: =ROUND((EU90),2) -> 0 | AF90: =ROUND((EV90),2) -> 0 | AG90: =ROUND((AP90),2) -> 0 | AH90: =(EW90) -> 0 | AI90: =(EX90) -> 0 | AJ90: =(AS90) -> 0 | AK90: 0 | AL90: 0 | AM90: 0 | AN90: 0 | AO90: 0 | AP90: 0 | AQ90: 0 | AR90: 0 | AS90: 0 | AT90: 95 | AU90: 47 | AV90: 1 | AW90: 1 | AZ90: 6.71 | BA90: 1 | BB90: 1 | BC90: 6.71 | BH90: 3 | BI90: 1 | BM90: 15001 | BN90: 0 | BP90: 0 | BQ90: 2 | BR90: 0 | BS90: 1 | BT90: 1 | BU90: 1 | BV90: 1 | BW90: 1 | BX90: 1 | BZ90: 105 | CA90: 55 | CE90: 0 | CF90: 0 | CG90: 0 | CM90: 0 | CO90: 0 | CP90: =(P90+Q90+S90) -> 0 | CQ90: =AC90*BC90 -> 0 | CR90: =AD90*BB90 -> 0 | CS90: =AE90*BS90 -> 0 | CT90: =AF90*BA90 -> 0 | CU90: =AG90 -> 0 | CV90: =AH90 -> 0 | CW90: =AI90 -> 0 | CX90: =AJ90 -> 0 | CY90: =(((S90+R90)*AT90)/100) -> 0 | CZ90: =(((S90+R90)*AU90)/100) -> 0 | DN90: 0 | DO90: 0 | DP90: 1 | DQ90: 1 | DU90: 1009 | DV90: т | DW90: т | DX90: 1000 | EE90: 16510513 | EF90: 2 | EG90: Общестроительные работы | EH90: 0 | EJ90: 1 | EK90: 15001 | EL90: Отделочные работы | EM90: ФЕР-15 | EQ90: 0 | ER90: 0 | ES90: 0 | ET90: 0 | EU90: 0 | EV90: 0 | EW90: 0 | EX90: 0 | FQ90: 0 | FR90: =ROUND(IF(AND(BH90=3,BI90=3),P90,0),2) -> 0 | FS90: 0 | FT90: *0,9 | FU90: *0,85 | FX90: 94.5 | FY90: 46.75 | GD90: 0 | GF90: -1212923053 | GG90: 1 | GH90: 1 | GI90: 4 | GJ90: 0 | GK90: =ROUND(R90*(R12)/100,2) -> 0 | GL90: =ROUND(IF(AND(BH90=3,BI90=3,FS90<>0),P90,0),2) -> 0 | GM90: =ROUND(O90+X90+Y90+GK90,2)+GX90 -> 0 | GN90: =IF(OR(BI90=0,BI90=1),ROUND(O90+X90+Y90+GK90,2),0) -> 0 | GO90: =IF(BI90=2,ROUND(O90+X90+Y90+GK90,2),0) -> 0 | GP90: =IF(BI90=4,ROUND(O90+X90+Y90+GK90,2)+GX90,0) -> 0 | GR90: 0 | GS90: 3 | GT90: 0 | GV90: =ROUND((GT90),2) -> 0 | GW90: 1 | GX90: =ROUND(HC90*I90,2) -> 0 | HA90: 0 | HB90: 0 | HC90: =GV90*GW90 -> 0 | IK90: 0
A91: 18 | B91: 1 | C91: 98 | E91: 21,2 | F91: 14.4.01.02-0201 | G91: Грунтовка: акриловая упрочняющая стабилизирующая глубокого проникновения "БИРСС Грунт М" | H91: т | I91: =I89*J91 -> 0.06084 | J91: 0.013 | O91: =ROUND(CP91,2) -> 12473.43 | P91: =ROUND(CQ91*I91,2) -> 12473.43 | Q91: =ROUND(CR91*I91,2) -> 0 | R91: =ROUND(CS91*I91,2) -> 0 | S91: =ROUND(CT91*I91,2) -> 0 | T91: =ROUND(CU91*I91,2) -> 0 | U91: =CV91*I91 -> 0 | V91: =CW91*I91 -> 0 | W91: =ROUND(CX91*I91,2) -> 0 | X91: =ROUND(CY91,2) -> 0 | Y91: =ROUND(CZ91,2) -> 0 | AA91: 16808636 | AB91: =ROUND((AC91+AD91+AF91),2) -> 30554.42 | AC91: =ROUND((ES91),2) -> 30554.42 | AD91: =ROUND((((ET91)-(EU91))+AE91),2) -> 0 | AE91: =ROUND((EU91),2) -> 0 | AF91: =ROUND((EV91),2) -> 0 | AG91: =ROUND((AP91),2) -> 0 | AH91: =(EW91) -> 0 | AI91: =(EX91) -> 0 | AJ91: =(AS91) -> 0 | AK91: 30554.42 | AL91: 30554.42 | AM91: 0 | AN91: 0 | AO91: 0 | AP91: 0 | AQ91: 0 | AR91: 0 | AS91: 0 | AT91: 95 | AU91: 47 | AV91: 1 | AW91: 1 | AZ91: 6.71 | BA91: 1 | BB91: 1 | BC91: 6.71 | BH91: 3 | BI91: 1 | BJ91: ФССЦ-2001, 14.4.01.02-0201, приказ Минстроя России №1039/пр от 30.12.2016г. | BM91: 15001 | BN91: 0 | BP91: 0 | BQ91: 2 | BR91: 0 | BS91: 1 | BT91: 1 | BU91: 1 | BV91: 1 | BW91: 1 | BX91: 1 | BZ91: 105 | CA91: 55 | CE91: 0 | CF91: 0 | CG91: 0 | CM91: 0 | CO91: 0 | CP91: =(P91+Q91+S91) -> 12473.43 | CQ91: =AC91*BC91 -> 205020.16 | CR91: =AD91*BB91 -> 0 | CS91: =AE91*BS91 -> 0 | CT91: =AF91*BA91 -> 0 | CU91: =AG91 -> 0 | CV91: =AH91 -> 0 | CW91: =AI91 -> 0 | CX91: =AJ91 -> 0 | CY91: =(((S91+R91)*AT91)/100) -> 0 | CZ91: =(((S91+R91)*AU91)/100) -> 0 | DN91: 0 | DO91: 0 | DP91: 1 | DQ91: 1 | DU91: 1009 | DV91: т | DW91: т | DX91: 1000 | EE91: 16510513 | EF91: 2 | EG91: Общестроительные работы | EH91: 0 | EJ91: 1 | EK91: 15001 | EL91: Отделочные работы | EM91: ФЕР-15 | EQ91: 0 | ER91: 30554.42 | ES91: 30554.42 | ET91: 0 | EU91: 0 | EV91: 0 | EW91: 0 | EX91: 0 | FQ91: 0 | FR91: =ROUND(IF(AND(BH91=3,BI91=3),P91,0),2) -> 0 | FS91: 0 | FT91: *0,9 | FU91: *0,85 | FX91: 94.5 | FY91: 46.75 | GD91: 0 | GF91: -1643184550 | GG91: 1 | GH91: 1 | GI91: 4 | GJ91: 0 | GK91: =ROUND(R91*(R12)/100,2) -> 0 | GL91: =ROUND(IF(AND(BH91=3,BI91=3,FS91<>0),P91,0),2) -> 0 | GM91: =ROUND(O91+X91+Y91+GK91,2)+GX91 -> 12473.43 | GN91: =IF(OR(BI91=0,BI91=1),ROUND(O91+X91+Y91+GK91,2),0) -> 12473.43 | GO91: =IF(BI91=2,ROUND(O91+X91+Y91+GK91,2),0) -> 0 | GP91: =IF(BI91=4,ROUND(O91+X91+Y91+GK91,2)+GX91,0) -> 0 | GR91: 0 | GS91: 3 | GT91: 0 | GV91: =ROUND((GT91),2) -> 0 | GW91: 1 | GX91: =ROUND(HC91*I91,2) -> 0 | HA91: 0 | HB91: 0 | HC91: =GV91*GW91 -> 0 | IK91: 0
A92: 17 | B92: 1 | C92: =ROW(SmtRes!A112) -> 112 | D92: =ROW(EtalonRes!A115) -> 115 | E92: 22 | F92: 62-17-4 | G92: Окрашивание водоэмульсионными составами поверхностей потолков, ранее окрашенных водоэмульсионной краской, с расчисткой старой краски более 35% | H92: 100 м2 | I92: =ROUND(166.3/100,9) -> 1.663 | J92: 0 | O92: =ROUND(CP92,2) -> 9064.46 | P92: =ROUND(CQ92*I92,2) -> 5728.78 | Q92: =ROUND(CR92*I92,2) -> 78.89 | R92: =ROUND(CS92*I92,2) -> 22.88 | S92: =ROUND(CT92*I92,2) -> 3256.79 | T92: =ROUND(CU92*I92,2) -> 0 | U92: =CV92*I92 -> 56.17614 | V92: =CW92*I92 -> 0.26608 | W92: =ROUND(CX92*I92,2) -> 0 | X92: =ROUND(CY92,2) -> 2623.74 | Y92: =ROUND(CZ92,2) -> 1639.84 | AA92: 16808636 | AB92: =ROUND((AC92+AD92+AF92),2) -> 812.32 | AC92: =ROUND((ES92),2) -> 513.39 | AD92: =ROUND((((ET92)-(EU92))+AE92),2) -> 7.07 | AE92: =ROUND((EU92),2) -> 2.05 | AF92: =ROUND((EV92),2) -> 291.86 | AG92: =ROUND((AP92),2) -> 0 | AH92: =(EW92) -> 33.78 | AI92: =(EX92) -> 0.16 | AJ92: =(AS92) -> 0 | AK92: 812.32 | AL92: 513.39 | AM92: 7.07 | AN92: 2.05 | AO92: 291.86 | AP92: 0 | AQ92: 33.78 | AR92: 0.16 | AS92: 0 | AT92: 80 | AU92: 50 | AV92: 1 | AW92: 1 | AZ92: 6.71 | BA92: 6.71 | BB92: 6.71 | BC92: 6.71 | BH92: 0 | BI92: 1 | BJ92: ФЕРр-2001, 62-17-4, приказ Минстроя России №1039/пр от 30.12.2016г. | BM92: 62001 | BN92: 0 | BP92: 0 | BQ92: 6 | BR92: 0 | BS92: 6.71 | BT92: 1 | BU92: 1 | BV92: 1 | BW92: 1 | BX92: 1 | BZ92: 80 | CA92: 50 | CE92: 0 | CF92: 0 | CG92: 0 | CM92: 0 | CO92: 0 | CP92: =(P92+Q92+S92) -> 9064.46 | CQ92: =AC92*BC92 -> 3444.8469 | CR92: =AD92*BB92 -> 47.4397 | CS92: =AE92*BS92 -> 13.7555 | CT92: =AF92*BA92 -> 1958.3806 | CU92: =AG92 -> 0 | CV92: =AH92 -> 33.78 | CW92: =AI92 -> 0.16 | CX92: =AJ92 -> 0 | CY92: =(((S92+R92)*AT92)/100) -> 2623.736 | CZ92: =(((S92+R92)*AU92)/100) -> 1639.835 | DN92: 0 | DO92: 0 | DP92: 1 | DQ92: 1 | DU92: 1005 | DV92: 100 м2 | DW92: 100 м2 | DX92: 100 | EE92: 16510571 | EF92: 6 | EG92: Ремонтно-строительные работы | EH92: 0 | EJ92: 1 | EK92: 62001 | EL92: Малярные работы | EM92: рФЕР-62 | EQ92: 0 | ER92: 812.32 | ES92: 513.39 | ET92: 7.07 | EU92: 2.05 | EV92: 291.86 | EW92: 33.78 | EX92: 0.16 | EY92: 0 | FQ92: 0 | FR92: =ROUND(IF(AND(BH92=3,BI92=3),P92,0),2) -> 0 | FS92: 0 | FX92: 80 | FY92: 50 | GD92: 0 | GF92: -311457377 | GG92: 1 | GH92: 1 | GI92: 4 | GJ92: 0 | GK92: =ROUND(R92*(R12)/100,2) -> 0 | GL92: =ROUND(IF(AND(BH92=3,BI92=3,FS92<>0),P92,0),2) -> 0 | GM92: =ROUND(O92+X92+Y92+GK92,2)+GX92 -> 13328.04 | GN92: =IF(OR(BI92=0,BI92=1),ROUND(O92+X92+Y92+GK92,2),0) -> 13328.04 | GO92: =IF(BI92=2,ROUND(O92+X92+Y92+GK92,2),0) -> 0 | GP92: =IF(BI92=4,ROUND(O92+X92+Y92+GK92,2)+GX92,0) -> 0 | GR92: 0 | GS92: 3 | GT92: 0 | GV92: =ROUND((GT92),2) -> 0 | GW92: 1 | GX92: =ROUND(HC92*I92,2) -> 0 | HA92: 0 | HB92: 0 | HC92: =GV92*GW92 -> 0 | IK92: 0
A93: 18 | B93: 1 | C93: 110 | E93: 22,1 | F93: 14.3.02.01 | G93: Краска водоэмульсионная | H93: т | I93: =I92*J93 -> 0.118073 | J93: 0.071 | O93: =ROUND(CP93,2) -> 0 | P93: =ROUND(CQ93*I93,2) -> 0 | Q93: =ROUND(CR93*I93,2) -> 0 | R93: =ROUND(CS93*I93,2) -> 0 | S93: =ROUND(CT93*I93,2) -> 0 | T93: =ROUND(CU93*I93,2) -> 0 | U93: =CV93*I93 -> 0 | V93: =CW93*I93 -> 0 | W93: =ROUND(CX93*I93,2) -> 0 | X93: =ROUND(CY93,2) -> 0 | Y93: =ROUND(CZ93,2) -> 0 | AA93: 16808636 | AB93: =ROUND((AC93+AD93+AF93),2) -> 0 | AC93: =ROUND((ES93),2) -> 0 | AD93: =ROUND((((ET93)-(EU93))+AE93),2) -> 0 | AE93: =ROUND((EU93),2) -> 0 | AF93: =ROUND((EV93),2) -> 0 | AG93: =ROUND((AP93),2) -> 0 | AH93: =(EW93) -> 0 | AI93: =(EX93) -> 0 | AJ93: =(AS93) -> 0 | AK93: 0 | AL93: 0 | AM93: 0 | AN93: 0 | AO93: 0 | AP93: 0 | AQ93: 0 | AR93: 0 | AS93: 0 | AT93: 80 | AU93: 50 | AV93: 1 | AW93: 1 | AZ93: 6.71 | BA93: 1 | BB93: 1 | BC93: 6.71 | BH93: 3 | BI93: 1 | BM93: 62001 | BN93: 0 | BP93: 0 | BQ93: 6 | BR93: 0 | BS93: 1 | BT93: 1 | BU93: 1 | BV93: 1 | BW93: 1 | BX93: 1 | BZ93: 80 | CA93: 50 | CE93: 0 | CF93: 0 | CG93: 0 | CM93: 0 | CO93: 0 | CP93: =(P93+Q93+S93) -> 0 | CQ93: =AC93*BC93 -> 0 | CR93: =AD93*BB93 -> 0 | CS93: =AE93*BS93 -> 0 | CT93: =AF93*BA93 -> 0 | CU93: =AG93 -> 0 | CV93: =AH93 -> 0 | CW93: =AI93 -> 0 | CX93: =AJ93 -> 0 | CY93: =(((S93+R93)*AT93)/100) -> 0 | CZ93: =(((S93+R93)*AU93)/100) -> 0 | DN93: 0 | DO93: 0 | DP93: 1 | DQ93: 1 | DU93: 1009 | DV93: т | DW93: т | DX93: 1000 | EE93: 16510571 | EF93: 6 | EG93: Ремонтно-строительные работы | EH93: 0 | EJ93: 1 | EK93: 62001 | EL93: Малярные работы | EM93: рФЕР-62 | EQ93: 0 | ER93: 0 | ES93: 0 | ET93: 0 | EU93: 0 | EV93: 0 | EW93: 0 | EX93: 0 | FQ93: 0 | FR93: =ROUND(IF(AND(BH93=3,BI93=3),P93,0),2) -> 0 | FS93: 0 | FX93: 80 | FY93: 50 | GD93: 0 | GF93: 1891904026 | GG93: 1 | GH93: 1 | GI93: 4 | GJ93: 0 | GK93: =ROUND(R93*(R12)/100,2) -> 0 | GL93: =ROUND(IF(AND(BH93=3,BI93=3,FS93<>0),P93,0),2) -> 0 | GM93: =ROUND(O93+X93+Y93+GK93,2)+GX93 -> 0 | GN93: =IF(OR(BI93=0,BI93=1),ROUND(O93+X93+Y93+GK93,2),0) -> 0 | GO93: =IF(BI93=2,ROUND(O93+X93+Y93+GK93,2),0) -> 0 | GP93: =IF(BI93=4,ROUND(O93+X93+Y93+GK93,2)+GX93,0) -> 0 | GR93: 0 | GS93: 3 | GT93: 0 | GV93: =ROUND((GT93),2) -> 0 | GW93: 1 | GX93: =ROUND(HC93*I93,2) -> 0 | HA93: 0 | HB93: 0 | HC93: =GV93*GW93 -> 0 | IK93: 0
A94: 18 | B94: 1 | C94: 111 | E94: 22,2 | F94: 14.3.02.01-0224 | G94: Краска водоэмульсионная для внутренних работ ВАК-25 | H94: т | I94: =I92*J94 -> 0.118073 | J94: 0.071 | O94: =ROUND(CP94,2) -> 17813.92 | P94: =ROUND(CQ94*I94,2) -> 17813.92 | Q94: =ROUND(CR94*I94,2) -> 0 | R94: =ROUND(CS94*I94,2) -> 0 | S94: =ROUND(CT94*I94,2) -> 0 | T94: =ROUND(CU94*I94,2) -> 0 | U94: =CV94*I94 -> 0 | V94: =CW94*I94 -> 0 | W94: =ROUND(CX94*I94,2) -> 0 | X94: =ROUND(CY94,2) -> 0 | Y94: =ROUND(CZ94,2) -> 0 | AA94: 16808636 | AB94: =ROUND((AC94+AD94+AF94),2) -> 22484.66 | AC94: =ROUND((ES94),2) -> 22484.66 | AD94: =ROUND((((ET94)-(EU94))+AE94),2) -> 0 | AE94: =ROUND((EU94),2) -> 0 | AF94: =ROUND((EV94),2) -> 0 | AG94: =ROUND((AP94),2) -> 0 | AH94: =(EW94) -> 0 | AI94: =(EX94) -> 0 | AJ94: =(AS94) -> 0 | AK94: 22484.66 | AL94: 22484.66 | AM94: 0 | AN94: 0 | AO94: 0 | AP94: 0 | AQ94: 0 | AR94: 0 | AS94: 0 | AT94: 80 | AU94: 50 | AV94: 1 | AW94: 1 | AZ94: 6.71 | BA94: 1 | BB94: 1 | BC94: 6.71 | BH94: 3 | BI94: 1 | BJ94: ФССЦ-2001, 14.3.02.01-0224, приказ Минстроя России №1039/пр от 30.12.2016г. | BM94: 62001 | BN94: 0 | BP94: 0 | BQ94: 6 | BR94: 0 | BS94: 1 | BT94: 1 | BU94: 1 | BV94: 1 | BW94: 1 | BX94: 1 | BZ94: 80 | CA94: 50 | CE94: 0 | CF94: 0 | CG94: 0 | CM94: 0 | CO94: 0 | CP94: =(P94+Q94+S94) -> 17813.92 | CQ94: =AC94*BC94 -> 150872.07 | CR94: =AD94*BB94 -> 0 | CS94: =AE94*BS94 -> 0 | CT94: =AF94*BA94 -> 0 | CU94: =AG94 -> 0 | CV94: =AH94 -> 0 | CW94: =AI94 -> 0 | CX94: =AJ94 -> 0 | CY94: =(((S94+R94)*AT94)/100) -> 0 | CZ94: =(((S94+R94)*AU94)/100) -> 0 | DN94: 0 | DO94: 0 | DP94: 1 | DQ94: 1 | DU94: 1009 | DV94: т | DW94: т | DX94: 1000 | EE94: 16510571 | EF94: 6 | EG94: Ремонтно-строительные работы | EH94: 0 | EJ94: 1 | EK94: 62001 | EL94: Малярные работы | EM94: рФЕР-62 | EQ94: 0 | ER94: 22484.66 | ES94: 22484.66 | ET94: 0 | EU94: 0 | EV94: 0 | EW94: 0 | EX94: 0 | FQ94: 0 | FR94: =ROUND(IF(AND(BH94=3,BI94=3),P94,0),2) -> 0 | FS94: 0 | FX94: 80 | FY94: 50 | GD94: 0 | GF94: 960802034 | GG94: 1 | GH94: 1 | GI94: 4 | GJ94: 0 | GK94: =ROUND(R94*(R12)/100,2) -> 0 | GL94: =ROUND(IF(AND(BH94=3,BI94=3,FS94<>0),P94,0),2) -> 0 | GM94: =ROUND(O94+X94+Y94+GK94,2)+GX94 -> 17813.92 | GN94: =IF(OR(BI94=0,BI94=1),ROUND(O94+X94+Y94+GK94,2),0) -> 17813.92 | GO94: =IF(BI94=2,ROUND(O94+X94+Y94+GK94,2),0) -> 0 | GP94: =IF(BI94=4,ROUND(O94+X94+Y94+GK94,2)+GX94,0) -> 0 | GR94: 0 | GS94: 3 | GT94: 0 | GV94: =ROUND((GT94),2) -> 0 | GW94: 1 | GX94: =ROUND(HC94*I94,2) -> 0 | HA94: 0 | HB94: 0 | HC94: =GV94*GW94 -> 0 | IK94: 0
A95: 17 | B95: 1 | C95: =ROW(SmtRes!A125) -> 125 | D95: =ROW(EtalonRes!A127) -> 127 | E95: 23 | F95: 62-16-5 | G95: Окрашивание водоэмульсионными составами поверхностей стен, ранее окрашенных масляной краской с расчисткой старой краски более 35% | H95: 100 м2 | I95: =ROUND(468/100,9) -> 4.68 | J95: 0 | O95: =ROUND(CP95,2) -> 24999.77 | P95: =ROUND(CQ95*I95,2) -> 15582.7 | Q95: =ROUND(CR95*I95,2) -> 222.02 | R95: =ROUND(CS95*I95,2) -> 64.38 | S95: =ROUND(CT95*I95,2) -> 9195.05 | T95: =ROUND(CU95*I95,2) -> 0 | U95: =CV95*I95 -> 158.6052 | V95: =CW95*I95 -> 0.7488 | W95: =ROUND(CX95*I95,2) -> 0 | X95: =ROUND(CY95,2) -> 7407.54 | Y95: =ROUND(CZ95,2) -> 4629.72 | AA95: 16808636 | AB95: =ROUND((AC95+AD95+AF95),2) -> 796.1 | AC95: =ROUND((ES95),2) -> 496.22 | AD95: =ROUND((((ET95)-(EU95))+AE95),2) -> 7.07 | AE95: =ROUND((EU95),2) -> 2.05 | AF95: =ROUND((EV95),2) -> 292.81 | AG95: =ROUND((AP95),2) -> 0 | AH95: =(EW95) -> 33.89 | AI95: =(EX95) -> 0.16 | AJ95: =(AS95) -> 0 | AK95: 796.1 | AL95: 496.22 | AM95: 7.07 | AN95: 2.05 | AO95: 292.81 | AP95: 0 | AQ95: 33.89 | AR95: 0.16 | AS95: 0 | AT95: 80 | AU95: 50 | AV95: 1 | AW95: 1 | AZ95: 6.71 | BA95: 6.71 | BB95: 6.71 | BC95: 6.71 | BH95: 0 | BI95: 1 | BJ95: ФЕРр-2001, 62-16-5, приказ Минстроя России №1039/пр от 30.12.2016г. | BM95: 62001 | BN95: 0 | BP95: 0 | BQ95: 6 | BR95: 0 | BS95: 6.71 | BT95: 1 | BU95: 1 | BV95: 1 | BW95: 1 | BX95: 1 | BZ95: 80 | CA95: 50 | CE95: 0 | CF95: 0 | CG95: 0 | CM95: 0 | CO95: 0 | CP95: =(P95+Q95+S95) -> 24999.77 | CQ95: =AC95*BC95 -> 3329.6362 | CR95: =AD95*BB95 -> 47.4397 | CS95: =AE95*BS95 -> 13.7555 | CT95: =AF95*BA95 -> 1964.7551 | CU95: =AG95 -> 0 | CV95: =AH95 -> 33.89 | CW95: =AI95 -> 0.16 | CX95: =AJ95 -> 0 | CY95: =(((S95+R95)*AT95)/100) -> 7407.544 | CZ95: =(((S95+R95)*AU95)/100) -> 4629.715 | DN95: 0 | DO95: 0 | DP95: 1 | DQ95: 1 | DU95: 1005 | DV95: 100 м2 | DW95: 100 м2 | DX95: 100 | EE95: 16510571 | EF95: 6 | EG95: Ремонтно-строительные работы | EH95: 0 | EJ95: 1 | EK95: 62001 | EL95: Малярные работы | EM95: рФЕР-62 | EQ95: 0 | ER95: 796.1 | ES95: 496.22 | ET95: 7.07 | EU95: 2.05 | EV95: 292.81 | EW95: 33.89 | EX95: 0.16 | EY95: 0 | FQ95: 0 | FR95: =ROUND(IF(AND(BH95=3,BI95=3),P95,0),2) -> 0 | FS95: 0 | FX95: 80 | FY95: 50 | GD95: 0 | GF95: 1256979024 | GG95: 1 | GH95: 1 | GI95: 4 | GJ95: 0 | GK95: =ROUND(R95*(R12)/100,2) -> 0 | GL95: =ROUND(IF(AND(BH95=3,BI95=3,FS95<>0),P95,0),2) -> 0 | GM95: =ROUND(O95+X95+Y95+GK95,2)+GX95 -> 37037.03 | GN95: =IF(OR(BI95=0,BI95=1),ROUND(O95+X95+Y95+GK95,2),0) -> 37037.03 | GO95: =IF(BI95=2,ROUND(O95+X95+Y95+GK95,2),0) -> 0 | GP95: =IF(BI95=4,ROUND(O95+X95+Y95+GK95,2)+GX95,0) -> 0 | GR95: 0 | GS95: 3 | GT95: 0 | GV95: =ROUND((GT95),2) -> 0 | GW95: 1 | GX95: =ROUND(HC95*I95,2) -> 0 | HA95: 0 | HB95: 0 | HC95: =GV95*GW95 -> 0 | IK95: 0
A96: 18 | B96: 1 | C96: 124 | E96: 23,1 | F96: 14.3.02.01-0224 | G96: Краска водоэмульсионная для внутренних работ ВАК-25 | H96: т | I96: =I95*J96 -> 0.33228 | J96: 0.071 | O96: =ROUND(CP96,2) -> 50131.77 | P96: =ROUND(CQ96*I96,2) -> 50131.77 | Q96: =ROUND(CR96*I96,2) -> 0 | R96: =ROUND(CS96*I96,2) -> 0 | S96: =ROUND(CT96*I96,2) -> 0 | T96: =ROUND(CU96*I96,2) -> 0 | U96: =CV96*I96 -> 0 | V96: =CW96*I96 -> 0 | W96: =ROUND(CX96*I96,2) -> 0 | X96: =ROUND(CY96,2) -> 0 | Y96: =ROUND(CZ96,2) -> 0 | AA96: 16808636 | AB96: =ROUND((AC96+AD96+AF96),2) -> 22484.66 | AC96: =ROUND((ES96),2) -> 22484.66 | AD96: =ROUND((((ET96)-(EU96))+AE96),2) -> 0 | AE96: =ROUND((EU96),2) -> 0 | AF96: =ROUND((EV96),2) -> 0 | AG96: =ROUND((AP96),2) -> 0 | AH96: =(EW96) -> 0 | AI96: =(EX96) -> 0 | AJ96: =(AS96) -> 0 | AK96: 22484.66 | AL96: 22484.66 | AM96: 0 | AN96: 0 | AO96: 0 | AP96: 0 | AQ96: 0 | AR96: 0 | AS96: 0 | AT96: 80 | AU96: 50 | AV96: 1 | AW96: 1 | AZ96: 6.71 | BA96: 1 | BB96: 1 | BC96: 6.71 | BH96: 3 | BI96: 1 | BJ96: ФССЦ-2001, 14.3.02.01-0224, приказ Минстроя России №1039/пр от 30.12.2016г. | BM96: 62001 | BN96: 0 | BP96: 0 | BQ96: 6 | BR96: 0 | BS96: 1 | BT96: 1 | BU96: 1 | BV96: 1 | BW96: 1 | BX96: 1 | BZ96: 80 | CA96: 50 | CE96: 0 | CF96: 0 | CG96: 0 | CM96: 0 | CO96: 0 | CP96: =(P96+Q96+S96) -> 50131.77 | CQ96: =AC96*BC96 -> 150872.07 | CR96: =AD96*BB96 -> 0 | CS96: =AE96*BS96 -> 0 | CT96: =AF96*BA96 -> 0 | CU96: =AG96 -> 0 | CV96: =AH96 -> 0 | CW96: =AI96 -> 0 | CX96: =AJ96 -> 0 | CY96: =(((S96+R96)*AT96)/100) -> 0 | CZ96: =(((S96+R96)*AU96)/100) -> 0 | DN96: 0 | DO96: 0 | DP96: 1 | DQ96: 1 | DU96: 1009 | DV96: т | DW96: т | DX96: 1000 | EE96: 16510571 | EF96: 6 | EG96: Ремонтно-строительные работы | EH96: 0 | EJ96: 1 | EK96: 62001 | EL96: Малярные работы | EM96: рФЕР-62 | EQ96: 0 | ER96: 22484.66 | ES96: 22484.66 | ET96: 0 | EU96: 0 | EV96: 0 | EW96: 0 | EX96: 0 | FQ96: 0 | FR96: =ROUND(IF(AND(BH96=3,BI96=3),P96,0),2) -> 0 | FS96: 0 | FX96: 80 | FY96: 50 | GD96: 0 | GF96: 960802034 | GG96: 1 | GH96: 1 | GI96: 4 | GJ96: 0 | GK96: =ROUND(R96*(R12)/100,2) -> 0 | GL96: =ROUND(IF(AND(BH96=3,BI96=3,FS96<>0),P96,0),2) -> 0 | GM96: =ROUND(O96+X96+Y96+GK96,2)+GX96 -> 50131.77 | GN96: =IF(OR(BI96=0,BI96=1),ROUND(O96+X96+Y96+GK96,2),0) -> 50131.77 | GO96: =IF(BI96=2,ROUND(O96+X96+Y96+GK96,2),0) -> 0 | GP96: =IF(BI96=4,ROUND(O96+X96+Y96+GK96,2)+GX96,0) -> 0 | GR96: 0 | GS96: 3 | GT96: 0 | GV96: =ROUND((GT96),2) -> 0 | GW96: 1 | GX96: =ROUND(HC96*I96,2) -> 0 | HA96: 0 | HB96: 0 | HC96: =GV96*GW96 -> 0 | IK96: 0
A97: 18 | B97: 1 | C97: 123 | E97: 23,2 | F97: 14.3.02.01 | G97: Краска водоэмульсионная | H97: т | I97: =I95*J97 -> 0.33228 | J97: 0.071 | O97: =ROUND(CP97,2) -> 0 | P97: =ROUND(CQ97*I97,2) -> 0 | Q97: =ROUND(CR97*I97,2) -> 0 | R97: =ROUND(CS97*I97,2) -> 0 | S97: =ROUND(CT97*I97,2) -> 0 | T97: =ROUND(CU97*I97,2) -> 0 | U97: =CV97*I97 -> 0 | V97: =CW97*I97 -> 0 | W97: =ROUND(CX97*I97,2) -> 0 | X97: =ROUND(CY97,2) -> 0 | Y97: =ROUND(CZ97,2) -> 0 | AA97: 16808636 | AB97: =ROUND((AC97+AD97+AF97),2) -> 0 | AC97: =ROUND((ES97),2) -> 0 | AD97: =ROUND((((ET97)-(EU97))+AE97),2) -> 0 | AE97: =ROUND((EU97),2) -> 0 | AF97: =ROUND((EV97),2) -> 0 | AG97: =ROUND((AP97),2) -> 0 | AH97: =(EW97) -> 0 | AI97: =(EX97) -> 0 | AJ97: =(AS97) -> 0 | AK97: 0 | AL97: 0 | AM97: 0 | AN97: 0 | AO97: 0 | AP97: 0 | AQ97: 0 | AR97: 0 | AS97: 0 | AT97: 80 | AU97: 50 | AV97: 1 | AW97: 1 | AZ97: 6.71 | BA97: 1 | BB97: 1 | BC97: 6.71 | BH97: 3 | BI97: 1 | BM97: 62001 | BN97: 0 | BP97: 0 | BQ97: 6 | BR97: 0 | BS97: 1 | BT97: 1 | BU97: 1 | BV97: 1 | BW97: 1 | BX97: 1 | BZ97: 80 | CA97: 50 | CE97: 0 | CF97: 0 | CG97: 0 | CM97: 0 | CO97: 0 | CP97: =(P97+Q97+S97) -> 0 | CQ97: =AC97*BC97 -> 0 | CR97: =AD97*BB97 -> 0 | CS97: =AE97*BS97 -> 0 | CT97: =AF97*BA97 -> 0 | CU97: =AG97 -> 0 | CV97: =AH97 -> 0 | CW97: =AI97 -> 0 | CX97: =AJ97 -> 0 | CY97: =(((S97+R97)*AT97)/100) -> 0 | CZ97: =(((S97+R97)*AU97)/100) -> 0 | DN97: 0 | DO97: 0 | DP97: 1 | DQ97: 1 | DU97: 1009 | DV97: т | DW97: т | DX97: 1000 | EE97: 16510571 | EF97: 6 | EG97: Ремонтно-строительные работы | EH97: 0 | EJ97: 1 | EK97: 62001 | EL97: Малярные работы | EM97: рФЕР-62 | EQ97: 0 | ER97: 0 | ES97: 0 | ET97: 0 | EU97: 0 | EV97: 0 | EW97: 0 | EX97: 0 | FQ97: 0 | FR97: =ROUND(IF(AND(BH97=3,BI97=3),P97,0),2) -> 0 | FS97: 0 | FX97: 80 | FY97: 50 | GD97: 0 | GF97: 1891904026 | GG97: 1 | GH97: 1 | GI97: 4 | GJ97: 0 | GK97: =ROUND(R97*(R12)/100,2) -> 0 | GL97: =ROUND(IF(AND(BH97=3,BI97=3,FS97<>0),P97,0),2) -> 0 | GM97: =ROUND(O97+X97+Y97+GK97,2)+GX97 -> 0 | GN97: =IF(OR(BI97=0,BI97=1),ROUND(O97+X97+Y97+GK97,2),0) -> 0 | GO97: =IF(BI97=2,ROUND(O97+X97+Y97+GK97,2),0) -> 0 | GP97: =IF(BI97=4,ROUND(O97+X97+Y97+GK97,2)+GX97,0) -> 0 | GR97: 0 | GS97: 3 | GT97: 0 | GV97: =ROUND((GT97),2) -> 0 | GW97: 1 | GX97: =ROUND(HC97*I97,2) -> 0 | HA97: 0 | HB97: 0 | HC97: =GV97*GW97 -> 0 | IK97: 0
A98: 17 | B98: 1 | C98: =ROW(SmtRes!A132) -> 132 | D98: =ROW(EtalonRes!A133) -> 133 | E98: 24 | F98: 11-01-011-01 | G98: Устройство стяжек цементных толщиной 20 мм | H98: 100 м2 | I98: =ROUND(166.3/100,9) -> 1.663 | J98: 0 | O98: =ROUND(CP98,2) -> 5666.74 | P98: =ROUND(CQ98*I98,2) -> 95.3 | Q98: =ROUND(CR98*I98,2) -> 740.6 | R98: =ROUND(CS98*I98,2) -> 287.11 | S98: =ROUND(CT98*I98,2) -> 4830.84 | T98: =ROUND(CU98*I98,2) -> 0 | U98: =CV98*I98 -> 90.673079 | V98: =CW98*I98 -> 3.168015 | W98: =ROUND(CX98*I98,2) -> 0 | X98: =ROUND(CY98,2) -> 5680.92 | Y98: =ROUND(CZ98,2) -> 3275.49 | AA98: 16808636 | AB98: =ROUND((AC98+AD98+AF98),2) -> 507.83 | AC98: =ROUND((ES98),2) -> 8.54 | AD98: =ROUND((((((ET98*1.25)*1.2))-(((EU98*1.25)*1.2)))+AE98),2) -> 66.37 | AE98: =ROUND((((EU98*1.25)*1.2)),2) -> 25.73 | AF98: =ROUND((((EV98*1.15)*1.2)),2) -> 432.92 | AG98: =ROUND((AP98),2) -> 0 | AH98: =(((EW98*1.15)*1.2)) -> 54.5238 | AI98: =(((EX98*1.25)*1.2)) -> 1.905 | AJ98: =(AS98) -> 0 | AK98: 366.49 | AL98: 8.54 | AM98: 44.24 | AN98: 17.15 | AO98: 313.71 | AP98: 0 | AQ98: 39.51 | AR98: 1.27 | AS98: 0 | AT98: 111 | AU98: 64 | AV98: 1 | AW98: 1 | AZ98: 6.71 | BA98: 6.71 | BB98: 6.71 | BC98: 6.71 | BH98: 0 | BI98: 1 | BJ98: ФЕР-2001, 11-01-011-01, приказ Минстроя России №1039/пр от 30.12.2016г. | BM98: 11001 | BN98: 0 | BP98: 0 | BQ98: 2 | BR98: 0 | BS98: 6.71 | BT98: 1 | BU98: 1 | BV98: 1 | BW98: 1 | BX98: 1 | BZ98: 123 | CA98: 75 | CE98: 0 | CF98: 0 | CG98: 0 | CM98: 0 | CN98: Поправка: МДС 81-35.2004, п.4.7 Наименование: Работы, выполняемые при реконструкции зданий и сооружений работы, аналогичные технологическим процессам в новом строительстве (в том числе возведение новых конструктивных элементов) стоимость которых определена по соответствующим сборникам ФЕР, кроме сборника № 46 «Работы при реконструкции зданий и сооружений» Поправка: МДС 81-35.2004, прил.1, т.1, п.2 Наименование: Производство строительных и других работ в существующих зданиях и сооружениях, освобожденных от оборудования и других предметов, мешающих нормальному производству работ. | CO98: 0 | CP98: =(P98+Q98+S98) -> 5666.74 | CQ98: =AC98*BC98 -> 57.3034 | CR98: =AD98*BB98 -> 445.3427 | CS98: =AE98*BS98 -> 172.6483 | CT98: =AF98*BA98 -> 2904.8932 | CU98: =AG98 -> 0 | CV98: =AH98 -> 54.5238 | CW98: =AI98 -> 1.905 | CX98: =AJ98 -> 0 | CY98: =(((S98+R98)*AT98)/100) -> 5680.9245 | CZ98: =(((S98+R98)*AU98)/100) -> 3275.488 | DE98: )*1,25)*1,2 | DF98: )*1,25)*1,2 | DG98: )*1,15)*1,2 | DI98: )*1,15)*1,2 | DJ98: )*1,25)*1,2 | DN98: 0 | DO98: 0 | DP98: 1 | DQ98: 1 | DU98: 1005 | DV98: 100 м2 | DW98: 100 м2 | DX98: 100 | EE98: 16510488 | EF98: 2 | EG98: Общестроительные работы | EH98: 0 | EJ98: 1 | EK98: 11001 | EL98: Полы | EM98: ФЕР-11 | EO98: Поправка: МДС 81-35.2004, п.4.7 Поправка: МДС 81-35.2004, прил.1, т.1, п.2 | EQ98: 0 | ER98: 366.49 | ES98: 8.54 | ET98: 44.24 | EU98: 17.15 | EV98: 313.71 | EW98: 39.51 | EX98: 1.27 | EY98: 0 | FQ98: 0 | FR98: =ROUND(IF(AND(BH98=3,BI98=3),P98,0),2) -> 0 | FS98: 0 | FT98: *0,9 | FU98: *0,85 | FX98: 110.7 | FY98: 63.75 | GD98: 0 | GF98: 192743499 | GG98: 1 | GH98: 1 | GI98: 4 | GJ98: 0 | GK98: =ROUND(R98*(R12)/100,2) -> 0 | GL98: =ROUND(IF(AND(BH98=3,BI98=3,FS98<>0),P98,0),2) -> 0 | GM98: =ROUND(O98+X98+Y98+GK98,2)+GX98 -> 14623.15 | GN98: =IF(OR(BI98=0,BI98=1),ROUND(O98+X98+Y98+GK98,2),0) -> 14623.15 | GO98: =IF(BI98=2,ROUND(O98+X98+Y98+GK98,2),0) -> 0 | GP98: =IF(BI98=4,ROUND(O98+X98+Y98+GK98,2)+GX98,0) -> 0 | GR98: 0 | GS98: 3 | GT98: 0 | GV98: =ROUND((GT98),2) -> 0 | GW98: 1 | GX98: =ROUND(HC98*I98,2) -> 0 | HA98: 0 | HB98: 0 | HC98: =GV98*GW98 -> 0 | IK98: 0
A99: 18 | B99: 1 | C99: 131 | E99: 24,1 | F99: 04.3.01.09 | G99: Раствор готовый кладочный тяжелый цементный | H99: м3 | I99: =I98*J99 -> 3.39252 | J99: 2.04 | O99: =ROUND(CP99,2) -> 0 | P99: =ROUND(CQ99*I99,2) -> 0 | Q99: =ROUND(CR99*I99,2) -> 0 | R99: =ROUND(CS99*I99,2) -> 0 | S99: =ROUND(CT99*I99,2) -> 0 | T99: =ROUND(CU99*I99,2) -> 0 | U99: =CV99*I99 -> 0 | V99: =CW99*I99 -> 0 | W99: =ROUND(CX99*I99,2) -> 0 | X99: =ROUND(CY99,2) -> 0 | Y99: =ROUND(CZ99,2) -> 0 | AA99: 16808636 | AB99: =ROUND((AC99+AD99+AF99),2) -> 0 | AC99: =ROUND((ES99),2) -> 0 | AD99: =ROUND((((ET99)-(EU99))+AE99),2) -> 0 | AE99: =ROUND((EU99),2) -> 0 | AF99: =ROUND((EV99),2) -> 0 | AG99: =ROUND((AP99),2) -> 0 | AH99: =(EW99) -> 0 | AI99: =(EX99) -> 0 | AJ99: =(AS99) -> 0 | AK99: 0 | AL99: 0 | AM99: 0 | AN99: 0 | AO99: 0 | AP99: 0 | AQ99: 0 | AR99: 0 | AS99: 0 | AT99: 111 | AU99: 64 | AV99: 1 | AW99: 1 | AZ99: 6.71 | BA99: 1 | BB99: 1 | BC99: 6.71 | BH99: 3 | BI99: 1 | BM99: 11001 | BN99: 0 | BP99: 0 | BQ99: 2 | BR99: 0 | BS99: 1 | BT99: 1 | BU99: 1 | BV99: 1 | BW99: 1 | BX99: 1 | BZ99: 123 | CA99: 75 | CE99: 0 | CF99: 0 | CG99: 0 | CM99: 0 | CO99: 0 | CP99: =(P99+Q99+S99) -> 0 | CQ99: =AC99*BC99 -> 0 | CR99: =AD99*BB99 -> 0 | CS99: =AE99*BS99 -> 0 | CT99: =AF99*BA99 -> 0 | CU99: =AG99 -> 0 | CV99: =AH99 -> 0 | CW99: =AI99 -> 0 | CX99: =AJ99 -> 0 | CY99: =(((S99+R99)*AT99)/100) -> 0 | CZ99: =(((S99+R99)*AU99)/100) -> 0 | DN99: 0 | DO99: 0 | DP99: 1 | DQ99: 1 | DU99: 1007 | DV99: м3 | DW99: м3 | DX99: 1 | EE99: 16510488 | EF99: 2 | EG99: Общестроительные работы | EH99: 0 | EJ99: 1 | EK99: 11001 | EL99: Полы | EM99: ФЕР-11 | EQ99: 0 | ER99: 0 | ES99: 0 | ET99: 0 | EU99: 0 | EV99: 0 | EW99: 0 | EX99: 0 | FQ99: 0 | FR99: =ROUND(IF(AND(BH99=3,BI99=3),P99,0),2) -> 0 | FS99: 0 | FT99: *0,9 | FU99: *0,85 | FX99: 110.7 | FY99: 63.75 | GD99: 0 | GF99: -2113302258 | GG99: 1 | GH99: 1 | GI99: 4 | GJ99: 0 | GK99: =ROUND(R99*(R12)/100,2) -> 0 | GL99: =ROUND(IF(AND(BH99=3,BI99=3,FS99<>0),P99,0),2) -> 0 | GM99: =ROUND(O99+X99+Y99+GK99,2)+GX99 -> 0 | GN99: =IF(OR(BI99=0,BI99=1),ROUND(O99+X99+Y99+GK99,2),0) -> 0 | GO99: =IF(BI99=2,ROUND(O99+X99+Y99+GK99,2),0) -> 0 | GP99: =IF(BI99=4,ROUND(O99+X99+Y99+GK99,2)+GX99,0) -> 0 | GR99: 0 | GS99: 3 | GT99: 0 | GV99: =ROUND((GT99),2) -> 0 | GW99: 1 | GX99: =ROUND(HC99*I99,2) -> 0 | HA99: 0 | HB99: 0 | HC99: =GV99*GW99 -> 0 | IK99: 0
A100: 18 | B100: 1 | C100: 132 | E100: 24,2 | F100: 04.3.01.09-0017 | G100: Раствор готовый кладочный цементный | H100: м3 | I100: =I98*J100 -> 3.39252 | J100: 2.04 | O100: =ROUND(CP100,2) -> 14837 | P100: =ROUND(CQ100*I100,2) -> 14837 | Q100: =ROUND(CR100*I100,2) -> 0 | R100: =ROUND(CS100*I100,2) -> 0 | S100: =ROUND(CT100*I100,2) -> 0 | T100: =ROUND(CU100*I100,2) -> 0 | U100: =CV100*I100 -> 0 | V100: =CW100*I100 -> 0 | W100: =ROUND(CX100*I100,2) -> 0 | X100: =ROUND(CY100,2) -> 0 | Y100: =ROUND(CZ100,2) -> 0 | AA100: 16808636 | AB100: =ROUND((AC100+AD100+AF100),2) -> 651.78 | AC100: =ROUND((ES100),2) -> 651.78 | AD100: =ROUND((((ET100)-(EU100))+AE100),2) -> 0 | AE100: =ROUND((EU100),2) -> 0 | AF100: =ROUND((EV100),2) -> 0 | AG100: =ROUND((AP100),2) -> 0 | AH100: =(EW100) -> 0 | AI100: =(EX100) -> 0 | AJ100: =(AS100) -> 0 | AK100: 651.78 | AL100: 651.78 | AM100: 0 | AN100: 0 | AO100: 0 | AP100: 0 | AQ100: 0 | AR100: 0 | AS100: 0 | AT100: 111 | AU100: 64 | AV100: 1 | AW100: 1 | AZ100: 6.71 | BA100: 1 | BB100: 1 | BC100: 6.71 | BH100: 3 | BI100: 1 | BJ100: ФССЦ-2001, 04.3.01.09-0017, приказ Минстроя России №1039/пр от 30.12.2016г. | BM100: 11001 | BN100: 0 | BP100: 0 | BQ100: 2 | BR100: 0 | BS100: 1 | BT100: 1 | BU100: 1 | BV100: 1 | BW100: 1 | BX100: 1 | BZ100: 123 | CA100: 75 | CE100: 0 | CF100: 0 | CG100: 0 | CM100: 0 | CO100: 0 | CP100: =(P100+Q100+S100) -> 14837 | CQ100: =AC100*BC100 -> 4373.4438 | CR100: =AD100*BB100 -> 0 | CS100: =AE100*BS100 -> 0 | CT100: =AF100*BA100 -> 0 | CU100: =AG100 -> 0 | CV100: =AH100 -> 0 | CW100: =AI100 -> 0 | CX100: =AJ100 -> 0 | CY100: =(((S100+R100)*AT100)/100) -> 0 | CZ100: =(((S100+R100)*AU100)/100) -> 0 | DN100: 0 | DO100: 0 | DP100: 1 | DQ100: 1 | DU100: 1007 | DV100: м3 | DW100: м3 | DX100: 1 | EE100: 16510488 | EF100: 2 | EG100: Общестроительные работы | EH100: 0 | EJ100: 1 | EK100: 11001 | EL100: Полы | EM100: ФЕР-11 | EQ100: 0 | ER100: 651.78 | ES100: 651.78 | ET100: 0 | EU100: 0 | EV100: 0 | EW100: 0 | EX100: 0 | FQ100: 0 | FR100: =ROUND(IF(AND(BH100=3,BI100=3),P100,0),2) -> 0 | FS100: 0 | FT100: *0,9 | FU100: *0,85 | FX100: 110.7 | FY100: 63.75 | GD100: 0 | GF100: 121454568 | GG100: 1 | GH100: 1 | GI100: 4 | GJ100: 0 | GK100: =ROUND(R100*(R12)/100,2) -> 0 | GL100: =ROUND(IF(AND(BH100=3,BI100=3,FS100<>0),P100,0),2) -> 0 | GM100: =ROUND(O100+X100+Y100+GK100,2)+GX100 -> 14837 | GN100: =IF(OR(BI100=0,BI100=1),ROUND(O100+X100+Y100+GK100,2),0) -> 14837 | GO100: =IF(BI100=2,ROUND(O100+X100+Y100+GK100,2),0) -> 0 | GP100: =IF(BI100=4,ROUND(O100+X100+Y100+GK100,2)+GX100,0) -> 0 | GR100: 0 | GS100: 3 | GT100: 0 | GV100: =ROUND((GT100),2) -> 0 | GW100: 1 | GX100: =ROUND(HC100*I100,2) -> 0 | HA100: 0 | HB100: 0 | HC100: =GV100*GW100 -> 0 | IK100: 0
A101: 17 | B101: 1 | C101: =ROW(SmtRes!A139) -> 139 | D101: =ROW(EtalonRes!A140) -> 140 | E101: 25 | F101: 11-01-011-09 | G101: Устройство стяжек из выравнивающей смеси типа "Ветонит" 3000, толщиной 3 мм | H101: 100 м2 | I101: =ROUND(166.3/100,9) -> 1.663 | J101: 0 | O101: =ROUND(CP101,2) -> 67880.89 | P101: =ROUND(CQ101*I101,2) -> 63789.88 | Q101: =ROUND(CR101*I101,2) -> 54.45 | R101: =ROUND(CS101*I101,2) -> 17.41 | S101: =ROUND(CT101*I101,2) -> 4036.56 | T101: =ROUND(CU101*I101,2) -> 0 | U101: =CV101*I101 -> 70.523506 | V101: =CW101*I101 -> 0.224505 | W101: =ROUND(CX101*I101,2) -> 0 | X101: =ROUND(CY101,2) -> 4499.91 | Y101: =ROUND(CZ101,2) -> 2594.54 | AA101: 16808636 | AB101: =ROUND((AC101+AD101+AF101),2) -> 6083.21 | AC101: =ROUND((ES101),2) -> 5716.59 | AD101: =ROUND((((((ET101*1.25)*1.2))-(((EU101*1.25)*1.2)))+AE101),2) -> 4.88 | AE101: =ROUND((((EU101*1.25)*1.2)),2) -> 1.56 | AF101: =ROUND((((EV101*1.15)*1.2)),2) -> 361.74 | AG101: =ROUND((AP101),2) -> 0 | AH101: =(((EW101*1.15)*1.2)) -> 42.4074 | AI101: =(((EX101*1.25)*1.2)) -> 0.135 | AJ101: =(AS101) -> 0 | AK101: 5981.97 | AL101: 5716.59 | AM101: 3.25 | AN101: 1.04 | AO101: 262.13 | AP101: 0 | AQ101: 30.73 | AR101: 0.09 | AS101: 0 | AT101: 111 | AU101: 64 | AV101: 1 | AW101: 1 | AZ101: 6.71 | BA101: 6.71 | BB101: 6.71 | BC101: 6.71 | BH101: 0 | BI101: 1 | BJ101: ФЕР-2001, 11-01-011-09, приказ Минстроя России №1039/пр от 30.12.2016г. | BM101: 11001 | BN101: 0 | BP101: 0 | BQ101: 2 | BR101: 0 | BS101: 6.71 | BT101: 1 | BU101: 1 | BV101: 1 | BW101: 1 | BX101: 1 | BZ101: 123 | CA101: 75 | CE101: 0 | CF101: 0 | CG101: 0 | CM101: 0 | CN101: Поправка: МДС 81-35.2004, п.4.7 Наименование: Работы, выполняемые при реконструкции зданий и сооружений работы, аналогичные технологическим процессам в новом строительстве (в том числе возведение новых конструктивных элементов) стоимость которых определена по соответствующим сборникам ФЕР, кроме сборника № 46 «Работы при реконструкции зданий и сооружений» Поправка: МДС 81-35.2004, прил.1, т.1, п.2 Наименование: Производство строительных и других работ в существующих зданиях и сооружениях, освобожденных от оборудования и других предметов, мешающих нормальному производству работ. | CO101: 0 | CP101: =(P101+Q101+S101) -> 67880.89 | CQ101: =AC101*BC101 -> 38358.319 | CR101: =AD101*BB101 -> 32.7448 | CS101: =AE101*BS101 -> 10.4676 | CT101: =AF101*BA101 -> 2427.2754 | CU101: =AG101 -> 0 | CV101: =AH101 -> 42.4074 | CW101: =AI101 -> 0.135 | CX101: =AJ101 -> 0 | CY101: =(((S101+R101)*AT101)/100) -> 4499.9067 | CZ101: =(((S101+R101)*AU101)/100) -> 2594.5408 | DE101: )*1,25)*1,2 | DF101: )*1,25)*1,2 | DG101: )*1,15)*1,2 | DI101: )*1,15)*1,2 | DJ101: )*1,25)*1,2 | DN101: 0 | DO101: 0 | DP101: 1 | DQ101: 1 | DU101: 1005 | DV101: 100 м2 | DW101: 100 м2 | DX101: 100 | EE101: 16510488 | EF101: 2 | EG101: Общестроительные работы | EH101: 0 | EJ101: 1 | EK101: 11001 | EL101: Полы | EM101: ФЕР-11 | EO101: Поправка: МДС 81-35.2004, п.4.7 Поправка: МДС 81-35.2004, прил.1, т.1, п.2 | EQ101: 0 | ER101: 5981.97 | ES101: 5716.59 | ET101: 3.25 | EU101: 1.04 | EV101: 262.13 | EW101: 30.73 | EX101: 0.09 | EY101: 0 | FQ101: 0 | FR101: =ROUND(IF(AND(BH101=3,BI101=3),P101,0),2) -> 0 | FS101: 0 | FT101: *0,9 | FU101: *0,85 | FX101: 110.7 | FY101: 63.75 | GD101: 0 | GF101: 1154869174 | GG101: 1 | GH101: 1 | GI101: 4 | GJ101: 0 | GK101: =ROUND(R101*(R12)/100,2) -> 0 | GL101: =ROUND(IF(AND(BH101=3,BI101=3,FS101<>0),P101,0),2) -> 0 | GM101: =ROUND(O101+X101+Y101+GK101,2)+GX101 -> 74975.34 | GN101: =IF(OR(BI101=0,BI101=1),ROUND(O101+X101+Y101+GK101,2),0) -> 74975.34 | GO101: =IF(BI101=2,ROUND(O101+X101+Y101+GK101,2),0) -> 0 | GP101: =IF(BI101=4,ROUND(O101+X101+Y101+GK101,2)+GX101,0) -> 0 | GR101: 0 | GS101: 3 | GT101: 0 | GV101: =ROUND((GT101),2) -> 0 | GW101: 1 | GX101: =ROUND(HC101*I101,2) -> 0 | HA101: 0 | HB101: 0 | HC101: =GV101*GW101 -> 0 | IK101: 0
A102: 17 | B102: 1 | C102: =ROW(SmtRes!A148) -> 148 | D102: =ROW(EtalonRes!A147) -> 147 | E102: 26 | F102: 11-01-036-04 | G102: Устройство покрытий из линолеума насухо со свариванием полотнищ в стыках | H102: 100 м2 | I102: =ROUND(118/100,9) -> 1.18 | J102: 0 | O102: =ROUND(CP102,2) -> 3566.97 | P102: =ROUND(CQ102*I102,2) -> 0 | Q102: =ROUND(CR102*I102,2) -> 714.9 | R102: =ROUND(CS102*I102,2) -> 120.67 | S102: =ROUND(CT102*I102,2) -> 2852.07 | T102: =ROUND(CU102*I102,2) -> 0 | U102: =CV102*I102 -> 51.148044 | V102: =CW102*I102 -> 1.4514 | W102: =ROUND(CX102*I102,2) -> 0 | X102: =ROUND(CY102,2) -> 3299.74 | Y102: =ROUND(CZ102,2) -> 1902.55 | AA102: 16808636 | AB102: =ROUND((AC102+AD102+AF102),2) -> 450.5 | AC102: =ROUND((ES102),2) -> 0 | AD102: =ROUND((((((ET102*1.25)*1.2))-(((EU102*1.25)*1.2)))+AE102),2) -> 90.29 | AE102: =ROUND((((EU102*1.25)*1.2)),2) -> 15.24 | AF102: =ROUND((((EV102*1.15)*1.2)),2) -> 360.21 | AG102: =ROUND((AP102),2) -> 0 | AH102: =(((EW102*1.15)*1.2)) -> 43.3458 | AI102: =(((EX102*1.25)*1.2)) -> 1.23 | AJ102: =(AS102) -> 0 | AK102: 321.21 | AL102: 0 | AM102: 60.19 | AN102: 10.16 | AO102: 261.02 | AP102: 0 | AQ102: 31.41 | AR102: 0.82 | AS102: 0 | AT102: 111 | AU102: 64 | AV102: 1 | AW102: 1 | AZ102: 6.71 | BA102: 6.71 | BB102: 6.71 | BC102: 6.71 | BH102: 0 | BI102: 1 | BJ102: ФЕР-2001, 11-01-036-04, приказ Минстроя России №1039/пр от 30.12.2016г. | BM102: 11001 | BN102: 0 | BP102: 0 | BQ102: 2 | BR102: 0 | BS102: 6.71 | BT102: 1 | BU102: 1 | BV102: 1 | BW102: 1 | BX102: 1 | BZ102: 123 | CA102: 75 | CE102: 0 | CF102: 0 | CG102: 0 | CM102: 0 | CN102: Поправка: МДС 81-35.2004, п.4.7 Наименование: Работы, выполняемые при реконструкции зданий и сооружений работы, аналогичные технологическим процессам в новом строительстве (в том числе возведение новых конструктивных элементов) стоимость которых определена по соответствующим сборникам ФЕР, кроме сборника № 46 «Работы при реконструкции зданий и сооружений» Поправка: МДС 81-35.2004, прил.1, т.1, п.2 Наименование: Производство строительных и других работ в существующих зданиях и сооружениях, освобожденных от оборудования и других предметов, мешающих нормальному производству работ. | CO102: 0 | CP102: =(P102+Q102+S102) -> 3566.97 | CQ102: =AC102*BC102 -> 0 | CR102: =AD102*BB102 -> 605.8459 | CS102: =AE102*BS102 -> 102.2604 | CT102: =AF102*BA102 -> 2417.0091 | CU102: =AG102 -> 0 | CV102: =AH102 -> 43.3458 | CW102: =AI102 -> 1.23 | CX102: =AJ102 -> 0 | CY102: =(((S102+R102)*AT102)/100) -> 3299.7414 | CZ102: =(((S102+R102)*AU102)/100) -> 1902.5536 | DE102: )*1,25)*1,2 | DF102: )*1,25)*1,2 | DG102: )*1,15)*1,2 | DI102: )*1,15)*1,2 | DJ102: )*1,25)*1,2 | DN102: 0 | DO102: 0 | DP102: 1 | DQ102: 1 | DU102: 1005 | DV102: 100 м2 | DW102: 100 м2 | DX102: 100 | EE102: 16510488 | EF102: 2 | EG102: Общестроительные работы | EH102: 0 | EJ102: 1 | EK102: 11001 | EL102: Полы | EM102: ФЕР-11 | EO102: Поправка: МДС 81-35.2004, п.4.7 Поправка: МДС 81-35.2004, прил.1, т.1, п.2 | EQ102: 0 | ER102: 321.21 | ES102: 0 | ET102: 60.19 | EU102: 10.16 | EV102: 261.02 | EW102: 31.41 | EX102: 0.82 | EY102: 0 | FQ102: 0 | FR102: =ROUND(IF(AND(BH102=3,BI102=3),P102,0),2) -> 0 | FS102: 0 | FT102: *0,9 | FU102: *0,85 | FX102: 110.7 | FY102: 63.75 | GD102: 0 | GF102: 1445910452 | GG102: 1 | GH102: 1 | GI102: 4 | GJ102: 0 | GK102: =ROUND(R102*(R12)/100,2) -> 0 | GL102: =ROUND(IF(AND(BH102=3,BI102=3,FS102<>0),P102,0),2) -> 0 | GM102: =ROUND(O102+X102+Y102+GK102,2)+GX102 -> 8769.26 | GN102: =IF(OR(BI102=0,BI102=1),ROUND(O102+X102+Y102+GK102,2),0) -> 8769.26 | GO102: =IF(BI102=2,ROUND(O102+X102+Y102+GK102,2),0) -> 0 | GP102: =IF(BI102=4,ROUND(O102+X102+Y102+GK102,2)+GX102,0) -> 0 | GR102: 0 | GS102: 3 | GT102: 0 | GV102: =ROUND((GT102),2) -> 0 | GW102: 1 | GX102: =ROUND(HC102*I102,2) -> 0 | HA102: 0 | HB102: 0 | HC102: =GV102*GW102 -> 0 | IK102: 0
A103: 18 | B103: 1 | C103: 145 | E103: 26,1 | F103: 01.6.03.04 | G103: Линолеум на теплозвукоизолирующей подоснове | H103: м2 | I103: =I102*J103 -> 120.36 | J103: 102 | O103: =ROUND(CP103,2) -> 0 | P103: =ROUND(CQ103*I103,2) -> 0 | Q103: =ROUND(CR103*I103,2) -> 0 | R103: =ROUND(CS103*I103,2) -> 0 | S103: =ROUND(CT103*I103,2) -> 0 | T103: =ROUND(CU103*I103,2) -> 0 | U103: =CV103*I103 -> 0 | V103: =CW103*I103 -> 0 | W103: =ROUND(CX103*I103,2) -> 0 | X103: =ROUND(CY103,2) -> 0 | Y103: =ROUND(CZ103,2) -> 0 | AA103: 16808636 | AB103: =ROUND((AC103+AD103+AF103),2) -> 0 | AC103: =ROUND((ES103),2) -> 0 | AD103: =ROUND((((ET103)-(EU103))+AE103),2) -> 0 | AE103: =ROUND((EU103),2) -> 0 | AF103: =ROUND((EV103),2) -> 0 | AG103: =ROUND((AP103),2) -> 0 | AH103: =(EW103) -> 0 | AI103: =(EX103) -> 0 | AJ103: =(AS103) -> 0 | AK103: 0 | AL103: 0 | AM103: 0 | AN103: 0 | AO103: 0 | AP103: 0 | AQ103: 0 | AR103: 0 | AS103: 0 | AT103: 111 | AU103: 64 | AV103: 1 | AW103: 1 | AZ103: 6.71 | BA103: 1 | BB103: 1 | BC103: 6.71 | BH103: 3 | BI103: 1 | BM103: 11001 | BN103: 0 | BP103: 0 | BQ103: 2 | BR103: 0 | BS103: 1 | BT103: 1 | BU103: 1 | BV103: 1 | BW103: 1 | BX103: 1 | BZ103: 123 | CA103: 75 | CE103: 0 | CF103: 0 | CG103: 0 | CM103: 0 | CO103: 0 | CP103: =(P103+Q103+S103) -> 0 | CQ103: =AC103*BC103 -> 0 | CR103: =AD103*BB103 -> 0 | CS103: =AE103*BS103 -> 0 | CT103: =AF103*BA103 -> 0 | CU103: =AG103 -> 0 | CV103: =AH103 -> 0 | CW103: =AI103 -> 0 | CX103: =AJ103 -> 0 | CY103: =(((S103+R103)*AT103)/100) -> 0 | CZ103: =(((S103+R103)*AU103)/100) -> 0 | DN103: 0 | DO103: 0 | DP103: 1 | DQ103: 1 | DU103: 1005 | DV103: м2 | DW103: м2 | DX103: 1 | EE103: 16510488 | EF103: 2 | EG103: Общестроительные работы | EH103: 0 | EJ103: 1 | EK103: 11001 | EL103: Полы | EM103: ФЕР-11 | EQ103: 0 | ER103: 0 | ES103: 0 | ET103: 0 | EU103: 0 | EV103: 0 | EW103: 0 | EX103: 0 | FQ103: 0 | FR103: =ROUND(IF(AND(BH103=3,BI103=3),P103,0),2) -> 0 | FS103: 0 | FT103: *0,9 | FU103: *0,85 | FX103: 110.7 | FY103: 63.75 | GD103: 0 | GF103: -919469713 | GG103: 1 | GH103: 1 | GI103: 4 | GJ103: 0 | GK103: =ROUND(R103*(R12)/100,2) -> 0 | GL103: =ROUND(IF(AND(BH103=3,BI103=3,FS103<>0),P103,0),2) -> 0 | GM103: =ROUND(O103+X103+Y103+GK103,2)+GX103 -> 0 | GN103: =IF(OR(BI103=0,BI103=1),ROUND(O103+X103+Y103+GK103,2),0) -> 0 | GO103: =IF(BI103=2,ROUND(O103+X103+Y103+GK103,2),0) -> 0 | GP103: =IF(BI103=4,ROUND(O103+X103+Y103+GK103,2)+GX103,0) -> 0 | GR103: 0 | GS103: 3 | GT103: 0 | GV103: =ROUND((GT103),2) -> 0 | GW103: 1 | GX103: =ROUND(HC103*I103,2) -> 0 | HA103: 0 | HB103: 0 | HC103: =GV103*GW103 -> 0 | IK103: 0
A104: 18 | B104: 1 | C104: 146 | E104: 26,2 | F104: 01.6.03.04-0115 | G104: Линолеум коммерческий гомогенный "ТАРКЕТТ iQ GRANIT ACOUSTIC", акустический (толщина 2 мм, класс 34/43, пож. безопасность Г4, В3, РП2, Д2, Т2) прим. | H104: м2 | I104: =I102*J104 -> 120.36 | J104: 102 | O104: =ROUND(CP104,2) -> 242244.3 | P104: =ROUND(CQ104*I104,2) -> 242244.3 | Q104: =ROUND(CR104*I104,2) -> 0 | R104: =ROUND(CS104*I104,2) -> 0 | S104: =ROUND(CT104*I104,2) -> 0 | T104: =ROUND(CU104*I104,2) -> 0 | U104: =CV104*I104 -> 0 | V104: =CW104*I104 -> 0 | W104: =ROUND(CX104*I104,2) -> 0 | X104: =ROUND(CY104,2) -> 0 | Y104: =ROUND(CZ104,2) -> 0 | AA104: 16808636 | AB104: =ROUND((AC104+AD104+AF104),2) -> 299.95 | AC104: =ROUND((ES104),2) -> 299.95 | AD104: =ROUND((((ET104)-(EU104))+AE104),2) -> 0 | AE104: =ROUND((EU104),2) -> 0 | AF104: =ROUND((EV104),2) -> 0 | AG104: =ROUND((AP104),2) -> 0 | AH104: =(EW104) -> 0 | AI104: =(EX104) -> 0 | AJ104: =(AS104) -> 0 | AK104: 299.95 | AL104: 299.95 | AM104: 0 | AN104: 0 | AO104: 0 | AP104: 0 | AQ104: 0 | AR104: 0 | AS104: 0 | AT104: 111 | AU104: 64 | AV104: 1 | AW104: 1 | AZ104: 6.71 | BA104: 1 | BB104: 1 | BC104: 6.71 | BH104: 3 | BI104: 1 | BJ104: ФССЦ-2001, 01.6.03.04-0115, приказ Минстроя России №1039/пр от 30.12.2016г. | BM104: 11001 | BN104: 0 | BP104: 0 | BQ104: 2 | BR104: 0 | BS104: 1 | BT104: 1 | BU104: 1 | BV104: 1 | BW104: 1 | BX104: 1 | BZ104: 123 | CA104: 75 | CE104: 0 | CF104: 0 | CG104: 0 | CM104: 0 | CO104: 0 | CP104: =(P104+Q104+S104) -> 242244.3 | CQ104: =AC104*BC104 -> 2012.6645 | CR104: =AD104*BB104 -> 0 | CS104: =AE104*BS104 -> 0 | CT104: =AF104*BA104 -> 0 | CU104: =AG104 -> 0 | CV104: =AH104 -> 0 | CW104: =AI104 -> 0 | CX104: =AJ104 -> 0 | CY104: =(((S104+R104)*AT104)/100) -> 0 | CZ104: =(((S104+R104)*AU104)/100) -> 0 | DN104: 0 | DO104: 0 | DP104: 1 | DQ104: 1 | DU104: 1005 | DV104: м2 | DW104: м2 | DX104: 1 | EE104: 16510488 | EF104: 2 | EG104: Общестроительные работы | EH104: 0 | EJ104: 1 | EK104: 11001 | EL104: Полы | EM104: ФЕР-11 | EQ104: 0 | ER104: 299.95 | ES104: 299.95 | ET104: 0 | EU104: 0 | EV104: 0 | EW104: 0 | EX104: 0 | FQ104: 0 | FR104: =ROUND(IF(AND(BH104=3,BI104=3),P104,0),2) -> 0 | FS104: 0 | FT104: *0,9 | FU104: *0,85 | FX104: 110.7 | FY104: 63.75 | GD104: 0 | GF104: 2096096043 | GG104: 1 | GH104: 1 | GI104: 4 | GJ104: 0 | GK104: =ROUND(R104*(R12)/100,2) -> 0 | GL104: =ROUND(IF(AND(BH104=3,BI104=3,FS104<>0),P104,0),2) -> 0 | GM104: =ROUND(O104+X104+Y104+GK104,2)+GX104 -> 242244.3 | GN104: =IF(OR(BI104=0,BI104=1),ROUND(O104+X104+Y104+GK104,2),0) -> 242244.3 | GO104: =IF(BI104=2,ROUND(O104+X104+Y104+GK104,2),0) -> 0 | GP104: =IF(BI104=4,ROUND(O104+X104+Y104+GK104,2)+GX104,0) -> 0 | GR104: 0 | GS104: 3 | GT104: 0 | GV104: =ROUND((GT104),2) -> 0 | GW104: 1 | GX104: =ROUND(HC104*I104,2) -> 0 | HA104: 0 | HB104: 0 | HC104: =GV104*GW104 -> 0 | IK104: 0
A105: 18 | B105: 1 | C105: 148 | E105: 26,3 | F105: 01.7.06.14-0034 | G105: Лента полимерная (фторопластовая) для сварки линолеума | H105: 100 м | I105: =I102*J105 -> 0.8024 | J105: 0.68 | O105: =ROUND(CP105,2) -> 535.18 | P105: =ROUND(CQ105*I105,2) -> 535.18 | Q105: =ROUND(CR105*I105,2) -> 0 | R105: =ROUND(CS105*I105,2) -> 0 | S105: =ROUND(CT105*I105,2) -> 0 | T105: =ROUND(CU105*I105,2) -> 0 | U105: =CV105*I105 -> 0 | V105: =CW105*I105 -> 0 | W105: =ROUND(CX105*I105,2) -> 0 | X105: =ROUND(CY105,2) -> 0 | Y105: =ROUND(CZ105,2) -> 0 | AA105: 16808636 | AB105: =ROUND((AC105+AD105+AF105),2) -> 99.4 | AC105: =ROUND((ES105),2) -> 99.4 | AD105: =ROUND((((ET105)-(EU105))+AE105),2) -> 0 | AE105: =ROUND((EU105),2) -> 0 | AF105: =ROUND((EV105),2) -> 0 | AG105: =ROUND((AP105),2) -> 0 | AH105: =(EW105) -> 0 | AI105: =(EX105) -> 0 | AJ105: =(AS105) -> 0 | AK105: 99.4 | AL105: 99.4 | AM105: 0 | AN105: 0 | AO105: 0 | AP105: 0 | AQ105: 0 | AR105: 0 | AS105: 0 | AT105: 111 | AU105: 64 | AV105: 1 | AW105: 1 | AZ105: 6.71 | BA105: 1 | BB105: 1 | BC105: 6.71 | BH105: 3 | BI105: 1 | BJ105: ФССЦ-2001, 01.7.06.14-0034, приказ Минстроя России №1039/пр от 30.12.2016г. | BM105: 11001 | BN105: 0 | BP105: 0 | BQ105: 2 | BR105: 0 | BS105: 1 | BT105: 1 | BU105: 1 | BV105: 1 | BW105: 1 | BX105: 1 | BZ105: 123 | CA105: 75 | CE105: 0 | CF105: 0 | CG105: 0 | CM105: 0 | CO105: 0 | CP105: =(P105+Q105+S105) -> 535.18 | CQ105: =AC105*BC105 -> 666.974 | CR105: =AD105*BB105 -> 0 | CS105: =AE105*BS105 -> 0 | CT105: =AF105*BA105 -> 0 | CU105: =AG105 -> 0 | CV105: =AH105 -> 0 | CW105: =AI105 -> 0 | CX105: =AJ105 -> 0 | CY105: =(((S105+R105)*AT105)/100) -> 0 | CZ105: =(((S105+R105)*AU105)/100) -> 0 | DN105: 0 | DO105: 0 | DP105: 1 | DQ105: 1 | DU105: 1003 | DV105: 100 м | DW105: 100 м | DX105: 100 | EE105: 16510488 | EF105: 2 | EG105: Общестроительные работы | EH105: 0 | EJ105: 1 | EK105: 11001 | EL105: Полы | EM105: ФЕР-11 | EQ105: 0 | ER105: 99.4 | ES105: 99.4 | ET105: 0 | EU105: 0 | EV105: 0 | EW105: 0 | EX105: 0 | FQ105: 0 | FR105: =ROUND(IF(AND(BH105=3,BI105=3),P105,0),2) -> 0 | FS105: 0 | FT105: *0,9 | FU105: *0,85 | FX105: 110.7 | FY105: 63.75 | GD105: 0 | GF105: -1119837873 | GG105: 1 | GH105: 1 | GI105: 4 | GJ105: 0 | GK105: =ROUND(R105*(R12)/100,2) -> 0 | GL105: =ROUND(IF(AND(BH105=3,BI105=3,FS105<>0),P105,0),2) -> 0 | GM105: =ROUND(O105+X105+Y105+GK105,2)+GX105 -> 535.18 | GN105: =IF(OR(BI105=0,BI105=1),ROUND(O105+X105+Y105+GK105,2),0) -> 535.18 | GO105: =IF(BI105=2,ROUND(O105+X105+Y105+GK105,2),0) -> 0 | GP105: =IF(BI105=4,ROUND(O105+X105+Y105+GK105,2)+GX105,0) -> 0 | GR105: 0 | GS105: 3 | GT105: 0 | GV105: =ROUND((GT105),2) -> 0 | GW105: 1 | GX105: =ROUND(HC105*I105,2) -> 0 | HA105: 0 | HB105: 0 | HC105: =GV105*GW105 -> 0 | IK105: 0
A106: 18 | B106: 1 | C106: 147 | E106: 26,4 | F106: 01.7.06.03 | G106: Лента полимерная | H106: 100 м | I106: =I102*J106 -> 0.8024 | J106: 0.68 | O106: =ROUND(CP106,2) -> 0 | P106: =ROUND(CQ106*I106,2) -> 0 | Q106: =ROUND(CR106*I106,2) -> 0 | R106: =ROUND(CS106*I106,2) -> 0 | S106: =ROUND(CT106*I106,2) -> 0 | T106: =ROUND(CU106*I106,2) -> 0 | U106: =CV106*I106 -> 0 | V106: =CW106*I106 -> 0 | W106: =ROUND(CX106*I106,2) -> 0 | X106: =ROUND(CY106,2) -> 0 | Y106: =ROUND(CZ106,2) -> 0 | AA106: 16808636 | AB106: =ROUND((AC106+AD106+AF106),2) -> 0 | AC106: =ROUND((ES106),2) -> 0 | AD106: =ROUND((((ET106)-(EU106))+AE106),2) -> 0 | AE106: =ROUND((EU106),2) -> 0 | AF106: =ROUND((EV106),2) -> 0 | AG106: =ROUND((AP106),2) -> 0 | AH106: =(EW106) -> 0 | AI106: =(EX106) -> 0 | AJ106: =(AS106) -> 0 | AK106: 0 | AL106: 0 | AM106: 0 | AN106: 0 | AO106: 0 | AP106: 0 | AQ106: 0 | AR106: 0 | AS106: 0 | AT106: 111 | AU106: 64 | AV106: 1 | AW106: 1 | AZ106: 6.71 | BA106: 1 | BB106: 1 | BC106: 6.71 | BH106: 3 | BI106: 1 | BM106: 11001 | BN106: 0 | BP106: 0 | BQ106: 2 | BR106: 0 | BS106: 1 | BT106: 1 | BU106: 1 | BV106: 1 | BW106: 1 | BX106: 1 | BZ106: 123 | CA106: 75 | CE106: 0 | CF106: 0 | CG106: 0 | CM106: 0 | CO106: 0 | CP106: =(P106+Q106+S106) -> 0 | CQ106: =AC106*BC106 -> 0 | CR106: =AD106*BB106 -> 0 | CS106: =AE106*BS106 -> 0 | CT106: =AF106*BA106 -> 0 | CU106: =AG106 -> 0 | CV106: =AH106 -> 0 | CW106: =AI106 -> 0 | CX106: =AJ106 -> 0 | CY106: =(((S106+R106)*AT106)/100) -> 0 | CZ106: =(((S106+R106)*AU106)/100) -> 0 | DN106: 0 | DO106: 0 | DP106: 1 | DQ106: 1 | DU106: 1003 | DV106: 100 м | DW106: 100 м | DX106: 100 | EE106: 16510488 | EF106: 2 | EG106: Общестроительные работы | EH106: 0 | EJ106: 1 | EK106: 11001 | EL106: Полы | EM106: ФЕР-11 | EQ106: 0 | ER106: 0 | ES106: 0 | ET106: 0 | EU106: 0 | EV106: 0 | EW106: 0 | EX106: 0 | FQ106: 0 | FR106: =ROUND(IF(AND(BH106=3,BI106=3),P106,0),2) -> 0 | FS106: 0 | FT106: *0,9 | FU106: *0,85 | FX106: 110.7 | FY106: 63.75 | GD106: 0 | GF106: 1552293167 | GG106: 1 | GH106: 1 | GI106: 4 | GJ106: 0 | GK106: =ROUND(R106*(R12)/100,2) -> 0 | GL106: =ROUND(IF(AND(BH106=3,BI106=3,FS106<>0),P106,0),2) -> 0 | GM106: =ROUND(O106+X106+Y106+GK106,2)+GX106 -> 0 | GN106: =IF(OR(BI106=0,BI106=1),ROUND(O106+X106+Y106+GK106,2),0) -> 0 | GO106: =IF(BI106=2,ROUND(O106+X106+Y106+GK106,2),0) -> 0 | GP106: =IF(BI106=4,ROUND(O106+X106+Y106+GK106,2)+GX106,0) -> 0 | GR106: 0 | GS106: 3 | GT106: 0 | GV106: =ROUND((GT106),2) -> 0 | GW106: 1 | GX106: =ROUND(HC106*I106,2) -> 0 | HA106: 0 | HB106: 0 | HC106: =GV106*GW106 -> 0 | IK106: 0
A107: 17 | B107: 1 | C107: =ROW(SmtRes!A161) -> 161 | D107: =ROW(EtalonRes!A158) -> 158 | E107: 27 | F107: 11-01-027-06 | G107: Устройство покрытий на растворе их сухой смеси с приготовлением раствора в построечных условиях из плиток гладких неглазурованных керамических для полов одноцветных | H107: 100 м2 | I107: =ROUND(48.3/100,9) -> 0.483 | J107: 0 | O107: =ROUND(CP107,2) -> 30842.76 | P107: =ROUND(CQ107*I107,2) -> 25470.14 | Q107: =ROUND(CR107*I107,2) -> 690.48 | R107: =ROUND(CS107*I107,2) -> 260.64 | S107: =ROUND(CT107*I107,2) -> 4682.14 | T107: =ROUND(CU107*I107,2) -> 0 | U107: =CV107*I107 -> 79.838161 | V107: =CW107*I107 -> 3.26025 | W107: =ROUND(CX107*I107,2) -> 0 | X107: =ROUND(CY107,2) -> 5486.49 | Y107: =ROUND(CZ107,2) -> 3163.38 | AA107: 16808636 | AB107: =ROUND((AC107+AD107+AF107),2) -> 9516.64 | AC107: =ROUND((ES107),2) -> 7858.9 | AD107: =ROUND((((((ET107*1.25)*1.2))-(((EU107*1.25)*1.2)))+AE107),2) -> 213.05 | AE107: =ROUND((((EU107*1.25)*1.2)),2) -> 80.42 | AF107: =ROUND((((EV107*1.15)*1.2)),2) -> 1444.69 | AG107: =ROUND((AP107),2) -> 0 | AH107: =(((EW107*1.15)*1.2)) -> 165.2964 | AI107: =(((EX107*1.25)*1.2)) -> 6.75 | AJ107: =(AS107) -> 0 | AK107: 9047.81 | AL107: 7858.9 | AM107: 142.03 | AN107: 53.61 | AO107: 1046.88 | AP107: 0 | AQ107: 119.78 | AR107: 4.5 | AS107: 0 | AT107: 111 | AU107: 64 | AV107: 1 | AW107: 1 | AZ107: 6.71 | BA107: 6.71 | BB107: 6.71 | BC107: 6.71 | BH107: 0 | BI107: 1 | BJ107: ФЕР-2001, 11-01-027-06, приказ Минстроя России №1039/пр от 30.12.2016г. | BM107: 11001 | BN107: 0 | BP107: 0 | BQ107: 2 | BR107: 0 | BS107: 6.71 | BT107: 1 | BU107: 1 | BV107: 1 | BW107: 1 | BX107: 1 | BZ107: 123 | CA107: 75 | CE107: 0 | CF107: 0 | CG107: 0 | CM107: 0 | CN107: Поправка: МДС 81-35.2004, п.4.7 Наименование: Работы, выполняемые при реконструкции зданий и сооружений работы, аналогичные технологическим процессам в новом строительстве (в том числе возведение новых конструктивных элементов) стоимость которых определена по соответствующим сборникам ФЕР, кроме сборника № 46 «Работы при реконструкции зданий и сооружений» Поправка: МДС 81-35.2004, прил.1, т.1, п.2 Наименование: Производство строительных и других работ в существующих зданиях и сооружениях, освобожденных от оборудования и других предметов, мешающих нормальному производству работ. | CO107: 0 | CP107: =(P107+Q107+S107) -> 30842.76 | CQ107: =AC107*BC107 -> 52733.219 | CR107: =AD107*BB107 -> 1429.5655 | CS107: =AE107*BS107 -> 539.6182 | CT107: =AF107*BA107 -> 9693.8699 | CU107: =AG107 -> 0 | CV107: =AH107 -> 165.2964 | CW107: =AI107 -> 6.75 | CX107: =AJ107 -> 0 | CY107: =(((S107+R107)*AT107)/100) -> 5486.4858 | CZ107: =(((S107+R107)*AU107)/100) -> 3163.3792 | DE107: )*1,25)*1,2 | DF107: )*1,25)*1,2 | DG107: )*1,15)*1,2 | DI107: )*1,15)*1,2 | DJ107: )*1,25)*1,2 | DN107: 0 | DO107: 0 | DP107: 1 | DQ107: 1 | DU107: 1005 | DV107: 100 м2 | DW107: 100 м2 | DX107: 100 | EE107: 16510488 | EF107: 2 | EG107: Общестроительные работы | EH107: 0 | EJ107: 1 | EK107: 11001 | EL107: Полы | EM107: ФЕР-11 | EO107: Поправка: МДС 81-35.2004, п.4.7 Поправка: МДС 81-35.2004, прил.1, т.1, п.2 | EQ107: 0 | ER107: 9047.81 | ES107: 7858.9 | ET107: 142.03 | EU107: 53.61 | EV107: 1046.88 | EW107: 119.78 | EX107: 4.5 | EY107: 0 | FQ107: 0 | FR107: =ROUND(IF(AND(BH107=3,BI107=3),P107,0),2) -> 0 | FS107: 0 | FT107: *0,9 | FU107: *0,85 | FX107: 110.7 | FY107: 63.75 | GD107: 0 | GF107: -1877248367 | GG107: 1 | GH107: 1 | GI107: 4 | GJ107: 0 | GK107: =ROUND(R107*(R12)/100,2) -> 0 | GL107: =ROUND(IF(AND(BH107=3,BI107=3,FS107<>0),P107,0),2) -> 0 | GM107: =ROUND(O107+X107+Y107+GK107,2)+GX107 -> 39492.63 | GN107: =IF(OR(BI107=0,BI107=1),ROUND(O107+X107+Y107+GK107,2),0) -> 39492.63 | GO107: =IF(BI107=2,ROUND(O107+X107+Y107+GK107,2),0) -> 0 | GP107: =IF(BI107=4,ROUND(O107+X107+Y107+GK107,2)+GX107,0) -> 0 | GR107: 0 | GS107: 3 | GT107: 0 | GV107: =ROUND((GT107),2) -> 0 | GW107: 1 | GX107: =ROUND(HC107*I107,2) -> 0 | HA107: 0 | HB107: 0 | HC107: =GV107*GW107 -> 0 | IK107: 0
A108: 18 | B108: 1 | C108: 158 | E108: 27,1 | F108: 06.2.02.01-0071 | G108: Плитки керамические для полов гладкие неглазурованные одноцветные с красителем квадратные и прямоугольные | H108: м2 | I108: =I107*J108 -> -49.266 | J108: -102 | O108: =ROUND(CP108,2) -> -22412.98 | P108: =ROUND(CQ108*I108,2) -> -22412.98 | Q108: =ROUND(CR108*I108,2) -> 0 | R108: =ROUND(CS108*I108,2) -> 0 | S108: =ROUND(CT108*I108,2) -> 0 | T108: =ROUND(CU108*I108,2) -> 0 | U108: =CV108*I108 -> 0 | V108: =CW108*I108 -> 0 | W108: =ROUND(CX108*I108,2) -> 0 | X108: =ROUND(CY108,2) -> 0 | Y108: =ROUND(CZ108,2) -> 0 | AA108: 16808636 | AB108: =ROUND((AC108+AD108+AF108),2) -> 67.8 | AC108: =ROUND((ES108),2) -> 67.8 | AD108: =ROUND((((ET108)-(EU108))+AE108),2) -> 0 | AE108: =ROUND((EU108),2) -> 0 | AF108: =ROUND((EV108),2) -> 0 | AG108: =ROUND((AP108),2) -> 0 | AH108: =(EW108) -> 0 | AI108: =(EX108) -> 0 | AJ108: =(AS108) -> 0 | AK108: 67.8 | AL108: 67.8 | AM108: 0 | AN108: 0 | AO108: 0 | AP108: 0 | AQ108: 0 | AR108: 0 | AS108: 0 | AT108: 111 | AU108: 64 | AV108: 1 | AW108: 1 | AZ108: 6.71 | BA108: 1 | BB108: 1 | BC108: 6.71 | BH108: 3 | BI108: 1 | BJ108: ФССЦ-2001, 06.2.02.01-0071, приказ Минстроя России №1039/пр от 30.12.2016г. | BM108: 11001 | BN108: 0 | BP108: 0 | BQ108: 2 | BR108: 1 | BS108: 1 | BT108: 1 | BU108: 1 | BV108: 1 | BW108: 1 | BX108: 1 | BZ108: 123 | CA108: 75 | CE108: 0 | CF108: 0 | CG108: 0 | CM108: 0 | CO108: 0 | CP108: =(P108+Q108+S108) -> -22412.98 | CQ108: =AC108*BC108 -> 454.938 | CR108: =AD108*BB108 -> 0 | CS108: =AE108*BS108 -> 0 | CT108: =AF108*BA108 -> 0 | CU108: =AG108 -> 0 | CV108: =AH108 -> 0 | CW108: =AI108 -> 0 | CX108: =AJ108 -> 0 | CY108: =(((S108+R108)*AT108)/100) -> 0 | CZ108: =(((S108+R108)*AU108)/100) -> 0 | DN108: 0 | DO108: 0 | DP108: 1 | DQ108: 1 | DU108: 1005 | DV108: м2 | DW108: м2 | DX108: 1 | EE108: 16510488 | EF108: 2 | EG108: Общестроительные работы | EH108: 0 | EJ108: 1 | EK108: 11001 | EL108: Полы | EM108: ФЕР-11 | EQ108: 0 | ER108: 67.8 | ES108: 67.8 | ET108: 0 | EU108: 0 | EV108: 0 | EW108: 0 | EX108: 0 | FQ108: 0 | FR108: =ROUND(IF(AND(BH108=3,BI108=3),P108,0),2) -> 0 | FS108: 0 | FT108: *0,9 | FU108: *0,85 | FX108: 110.7 | FY108: 63.75 | GD108: 0 | GF108: 380867059 | GG108: 1 | GH108: 1 | GI108: 4 | GJ108: 0 | GK108: =ROUND(R108*(R12)/100,2) -> 0 | GL108: =ROUND(IF(AND(BH108=3,BI108=3,FS108<>0),P108,0),2) -> 0 | GM108: =ROUND(O108+X108+Y108+GK108,2)+GX108 -> -22412.98 | GN108: =IF(OR(BI108=0,BI108=1),ROUND(O108+X108+Y108+GK108,2),0) -> -22412.98 | GO108: =IF(BI108=2,ROUND(O108+X108+Y108+GK108,2),0) -> 0 | GP108: =IF(BI108=4,ROUND(O108+X108+Y108+GK108,2)+GX108,0) -> 0 | GR108: 0 | GS108: 3 | GT108: 0 | GV108: =ROUND((GT108),2) -> 0 | GW108: 1 | GX108: =ROUND(HC108*I108,2) -> 0 | HA108: 0 | HB108: 0 | HC108: =GV108*GW108 -> 0 | IK108: 0
A109: 18 | B109: 1 | C109: 159 | E109: 27,2 | F109: 06.2.02.01-0082 | G109: Плитки керамические для полов рельефные глазурованные, декорированные методом сериографии, квадратные и прямоугольные с многоцветным рисунком толщиной 13 мм | H109: м2 | I109: =I107*J109 -> 49.266 | J109: 102 | O109: =ROUND(CP109,2) -> 47460.63 | P109: =ROUND(CQ109*I109,2) -> 47460.63 | Q109: =ROUND(CR109*I109,2) -> 0 | R109: =ROUND(CS109*I109,2) -> 0 | S109: =ROUND(CT109*I109,2) -> 0 | T109: =ROUND(CU109*I109,2) -> 0 | U109: =CV109*I109 -> 0 | V109: =CW109*I109 -> 0 | W109: =ROUND(CX109*I109,2) -> 0 | X109: =ROUND(CY109,2) -> 0 | Y109: =ROUND(CZ109,2) -> 0 | AA109: 16808636 | AB109: =ROUND((AC109+AD109+AF109),2) -> 143.57 | AC109: =ROUND((ES109),2) -> 143.57 | AD109: =ROUND((((ET109)-(EU109))+AE109),2) -> 0 | AE109: =ROUND((EU109),2) -> 0 | AF109: =ROUND((EV109),2) -> 0 | AG109: =ROUND((AP109),2) -> 0 | AH109: =(EW109) -> 0 | AI109: =(EX109) -> 0 | AJ109: =(AS109) -> 0 | AK109: 143.57 | AL109: 143.57 | AM109: 0 | AN109: 0 | AO109: 0 | AP109: 0 | AQ109: 0 | AR109: 0 | AS109: 0 | AT109: 111 | AU109: 64 | AV109: 1 | AW109: 1 | AZ109: 6.71 | BA109: 1 | BB109: 1 | BC109: 6.71 | BH109: 3 | BI109: 1 | BJ109: ФССЦ-2001, 06.2.02.01-0082, приказ Минстроя России №1039/пр от 30.12.2016г. | BM109: 11001 | BN109: 0 | BP109: 0 | BQ109: 2 | BR109: 0 | BS109: 1 | BT109: 1 | BU109: 1 | BV109: 1 | BW109: 1 | BX109: 1 | BZ109: 123 | CA109: 75 | CE109: 0 | CF109: 0 | CG109: 0 | CM109: 0 | CO109: 0 | CP109: =(P109+Q109+S109) -> 47460.63 | CQ109: =AC109*BC109 -> 963.3547 | CR109: =AD109*BB109 -> 0 | CS109: =AE109*BS109 -> 0 | CT109: =AF109*BA109 -> 0 | CU109: =AG109 -> 0 | CV109: =AH109 -> 0 | CW109: =AI109 -> 0 | CX109: =AJ109 -> 0 | CY109: =(((S109+R109)*AT109)/100) -> 0 | CZ109: =(((S109+R109)*AU109)/100) -> 0 | DN109: 0 | DO109: 0 | DP109: 1 | DQ109: 1 | DU109: 1005 | DV109: м2 | DW109: м2 | DX109: 1 | EE109: 16510488 | EF109: 2 | EG109: Общестроительные работы | EH109: 0 | EJ109: 1 | EK109: 11001 | EL109: Полы | EM109: ФЕР-11 | EQ109: 0 | ER109: 143.57 | ES109: 143.57 | ET109: 0 | EU109: 0 | EV109: 0 | EW109: 0 | EX109: 0 | FQ109: 0 | FR109: =ROUND(IF(AND(BH109=3,BI109=3),P109,0),2) -> 0 | FS109: 0 | FT109: *0,9 | FU109: *0,85 | FX109: 110.7 | FY109: 63.75 | GD109: 0 | GF109: 2101539550 | GG109: 1 | GH109: 1 | GI109: 4 | GJ109: 0 | GK109: =ROUND(R109*(R12)/100,2) -> 0 | GL109: =ROUND(IF(AND(BH109=3,BI109=3,FS109<>0),P109,0),2) -> 0 | GM109: =ROUND(O109+X109+Y109+GK109,2)+GX109 -> 47460.63 | GN109: =IF(OR(BI109=0,BI109=1),ROUND(O109+X109+Y109+GK109,2),0) -> 47460.63 | GO109: =IF(BI109=2,ROUND(O109+X109+Y109+GK109,2),0) -> 0 | GP109: =IF(BI109=4,ROUND(O109+X109+Y109+GK109,2)+GX109,0) -> 0 | GR109: 0 | GS109: 3 | GT109: 0 | GV109: =ROUND((GT109),2) -> 0 | GW109: 1 | GX109: =ROUND(HC109*I109,2) -> 0 | HA109: 0 | HB109: 0 | HC109: =GV109*GW109 -> 0 | IK109: 0
A110: 18 | B110: 1 | C110: 160 | E110: 27,3 | F110: 14.1.06.02-0008 | G110: Клей для плитки Ветонит "Быстросхватывающийся клей для ремонтных работ" | H110: т | I110: =I107*J110 -> 0.21735 | J110: 0.45 | O110: =ROUND(CP110,2) -> 10705.62 | P110: =ROUND(CQ110*I110,2) -> 10705.62 | Q110: =ROUND(CR110*I110,2) -> 0 | R110: =ROUND(CS110*I110,2) -> 0 | S110: =ROUND(CT110*I110,2) -> 0 | T110: =ROUND(CU110*I110,2) -> 0 | U110: =CV110*I110 -> 0 | V110: =CW110*I110 -> 0 | W110: =ROUND(CX110*I110,2) -> 0 | X110: =ROUND(CY110,2) -> 0 | Y110: =ROUND(CZ110,2) -> 0 | AA110: 16808636 | AB110: =ROUND((AC110+AD110+AF110),2) -> 7340.57 | AC110: =ROUND((ES110),2) -> 7340.57 | AD110: =ROUND((((ET110)-(EU110))+AE110),2) -> 0 | AE110: =ROUND((EU110),2) -> 0 | AF110: =ROUND((EV110),2) -> 0 | AG110: =ROUND((AP110),2) -> 0 | AH110: =(EW110) -> 0 | AI110: =(EX110) -> 0 | AJ110: =(AS110) -> 0 | AK110: 7340.57 | AL110: 7340.57 | AM110: 0 | AN110: 0 | AO110: 0 | AP110: 0 | AQ110: 0 | AR110: 0 | AS110: 0 | AT110: 95 | AU110: 47 | AV110: 1 | AW110: 1 | AZ110: 6.71 | BA110: 1 | BB110: 1 | BC110: 6.71 | BH110: 3 | BI110: 1 | BJ110: ФССЦ-2001, 14.1.06.02-0008, приказ Минстроя России №1039/пр от 30.12.2016г. | BM110: 15001 | BN110: 0 | BP110: 0 | BQ110: 2 | BR110: 0 | BS110: 1 | BT110: 1 | BU110: 1 | BV110: 1 | BW110: 1 | BX110: 1 | BZ110: 105 | CA110: 55 | CE110: 0 | CF110: 0 | CG110: 0 | CM110: 0 | CO110: 0 | CP110: =(P110+Q110+S110) -> 10705.62 | CQ110: =AC110*BC110 -> 49255.225 | CR110: =AD110*BB110 -> 0 | CS110: =AE110*BS110 -> 0 | CT110: =AF110*BA110 -> 0 | CU110: =AG110 -> 0 | CV110: =AH110 -> 0 | CW110: =AI110 -> 0 | CX110: =AJ110 -> 0 | CY110: =(((S110+R110)*AT110)/100) -> 0 | CZ110: =(((S110+R110)*AU110)/100) -> 0 | DN110: 0 | DO110: 0 | DP110: 1 | DQ110: 1 | DU110: 1009 | DV110: т | DW110: т | DX110: 1000 | EE110: 16510513 | EF110: 2 | EG110: Общестроительные работы | EH110: 0 | EJ110: 1 | EK110: 15001 | EL110: Отделочные работы | EM110: ФЕР-15 | EQ110: 0 | ER110: 7340.57 | ES110: 7340.57 | ET110: 0 | EU110: 0 | EV110: 0 | EW110: 0 | EX110: 0 | FQ110: 0 | FR110: =ROUND(IF(AND(BH110=3,BI110=3),P110,0),2) -> 0 | FS110: 0 | FT110: *0,9 | FU110: *0,85 | FX110: 94.5 | FY110: 46.75 | GD110: 0 | GF110: 1446672103 | GG110: 1 | GH110: 1 | GI110: 4 | GJ110: 0 | GK110: =ROUND(R110*(R12)/100,2) -> 0 | GL110: =ROUND(IF(AND(BH110=3,BI110=3,FS110<>0),P110,0),2) -> 0 | GM110: =ROUND(O110+X110+Y110+GK110,2)+GX110 -> 10705.62 | GN110: =IF(OR(BI110=0,BI110=1),ROUND(O110+X110+Y110+GK110,2),0) -> 10705.62 | GO110: =IF(BI110=2,ROUND(O110+X110+Y110+GK110,2),0) -> 0 | GP110: =IF(BI110=4,ROUND(O110+X110+Y110+GK110,2)+GX110,0) -> 0 | GR110: 0 | GS110: 3 | GT110: 0 | GV110: =ROUND((GT110),2) -> 0 | GW110: 1 | GX110: =ROUND(HC110*I110,2) -> 0 | HA110: 0 | HB110: 0 | HC110: =GV110*GW110 -> 0 | IK110: 0
A111: 18 | B111: 1 | C111: 161 | E111: 27,4 | F111: 14.1.06.02-0037 | G111: Клей плиточный «Старатель-стандарт» | H111: кг | I111: =I107*J111 -> -217.35 | J111: -450 | O111: =ROUND(CP111,2) -> -1998.03 | P111: =ROUND(CQ111*I111,2) -> -1998.03 | Q111: =ROUND(CR111*I111,2) -> 0 | R111: =ROUND(CS111*I111,2) -> 0 | S111: =ROUND(CT111*I111,2) -> 0 | T111: =ROUND(CU111*I111,2) -> 0 | U111: =CV111*I111 -> 0 | V111: =CW111*I111 -> 0 | W111: =ROUND(CX111*I111,2) -> 0 | X111: =ROUND(CY111,2) -> 0 | Y111: =ROUND(CZ111,2) -> 0 | AA111: 16808636 | AB111: =ROUND((AC111+AD111+AF111),2) -> 1.37 | AC111: =ROUND((ES111),2) -> 1.37 | AD111: =ROUND((((ET111)-(EU111))+AE111),2) -> 0 | AE111: =ROUND((EU111),2) -> 0 | AF111: =ROUND((EV111),2) -> 0 | AG111: =ROUND((AP111),2) -> 0 | AH111: =(EW111) -> 0 | AI111: =(EX111) -> 0 | AJ111: =(AS111) -> 0 | AK111: 1.37 | AL111: 1.37 | AM111: 0 | AN111: 0 | AO111: 0 | AP111: 0 | AQ111: 0 | AR111: 0 | AS111: 0 | AT111: 111 | AU111: 64 | AV111: 1 | AW111: 1 | AZ111: 6.71 | BA111: 1 | BB111: 1 | BC111: 6.71 | BH111: 3 | BI111: 1 | BJ111: ФССЦ-2001, 14.1.06.02-0037, приказ Минстроя России №1039/пр от 30.12.2016г. | BM111: 11001 | BN111: 0 | BP111: 0 | BQ111: 2 | BR111: 1 | BS111: 1 | BT111: 1 | BU111: 1 | BV111: 1 | BW111: 1 | BX111: 1 | BZ111: 123 | CA111: 75 | CE111: 0 | CF111: 0 | CG111: 0 | CM111: 0 | CO111: 0 | CP111: =(P111+Q111+S111) -> -1998.03 | CQ111: =AC111*BC111 -> 9.1927 | CR111: =AD111*BB111 -> 0 | CS111: =AE111*BS111 -> 0 | CT111: =AF111*BA111 -> 0 | CU111: =AG111 -> 0 | CV111: =AH111 -> 0 | CW111: =AI111 -> 0 | CX111: =AJ111 -> 0 | CY111: =(((S111+R111)*AT111)/100) -> 0 | CZ111: =(((S111+R111)*AU111)/100) -> 0 | DN111: 0 | DO111: 0 | DP111: 1 | DQ111: 1 | DU111: 1009 | DV111: кг | DW111: кг | DX111: 1 | EE111: 16510488 | EF111: 2 | EG111: Общестроительные работы | EH111: 0 | EJ111: 1 | EK111: 11001 | EL111: Полы | EM111: ФЕР-11 | EQ111: 0 | ER111: 1.37 | ES111: 1.37 | ET111: 0 | EU111: 0 | EV111: 0 | EW111: 0 | EX111: 0 | FQ111: 0 | FR111: =ROUND(IF(AND(BH111=3,BI111=3),P111,0),2) -> 0 | FS111: 0 | FT111: *0,9 | FU111: *0,85 | FX111: 110.7 | FY111: 63.75 | GD111: 0 | GF111: 538897998 | GG111: 1 | GH111: 1 | GI111: 4 | GJ111: 0 | GK111: =ROUND(R111*(R12)/100,2) -> 0 | GL111: =ROUND(IF(AND(BH111=3,BI111=3,FS111<>0),P111,0),2) -> 0 | GM111: =ROUND(O111+X111+Y111+GK111,2)+GX111 -> -1998.03 | GN111: =IF(OR(BI111=0,BI111=1),ROUND(O111+X111+Y111+GK111,2),0) -> -1998.03 | GO111: =IF(BI111=2,ROUND(O111+X111+Y111+GK111,2),0) -> 0 | GP111: =IF(BI111=4,ROUND(O111+X111+Y111+GK111,2)+GX111,0) -> 0 | GR111: 0 | GS111: 3 | GT111: 0 | GV111: =ROUND((GT111),2) -> 0 | GW111: 1 | GX111: =ROUND(HC111*I111,2) -> 0 | HA111: 0 | HB111: 0 | HC111: =GV111*GW111 -> 0 | IK111: 0
A112: 17 | B112: 1 | C112: =ROW(SmtRes!A169) -> 169 | D112: =ROW(EtalonRes!A164) -> 164 | E112: 28 | F112: 11-01-039-04 | G112: Устройство плинтусов из плиток керамических | H112: 100 м | I112: =ROUND(46.2/100,9) -> 0.462 | J112: 0 | O112: =ROUND(CP112,2) -> 994.68 | P112: =ROUND(CQ112*I112,2) -> 0 | Q112: =ROUND(CR112*I112,2) -> 25.58 | R112: =ROUND(CS112*I112,2) -> 6.42 | S112: =ROUND(CT112*I112,2) -> 969.1 | T112: =ROUND(CU112*I112,2) -> 0 | U112: =CV112*I112 -> 15.186679 | V112: =CW112*I112 -> 0.07623 | W112: =ROUND(CX112*I112,2) -> 0 | X112: =ROUND(CY112,2) -> 1082.83 | Y112: =ROUND(CZ112,2) -> 624.33 | AA112: 16808636 | AB112: =ROUND((AC112+AD112+AF112),2) -> 320.86 | AC112: =ROUND((ES112),2) -> 0 | AD112: =ROUND((((((ET112*1.25)*1.2))-(((EU112*1.25)*1.2)))+AE112),2) -> 8.25 | AE112: =ROUND((((EU112*1.25)*1.2)),2) -> 2.07 | AF112: =ROUND((((EV112*1.15)*1.2)),2) -> 312.61 | AG112: =ROUND((AP112),2) -> 0 | AH112: =(((EW112*1.15)*1.2)) -> 32.8716 | AI112: =(((EX112*1.25)*1.2)) -> 0.165 | AJ112: =(AS112) -> 0 | AK112: 232.03 | AL112: 0 | AM112: 5.5 | AN112: 1.38 | AO112: 226.53 | AP112: 0 | AQ112: 23.82 | AR112: 0.11 | AS112: 0 | AT112: 111 | AU112: 64 | AV112: 1 | AW112: 1 | AZ112: 6.71 | BA112: 6.71 | BB112: 6.71 | BC112: 6.71 | BH112: 0 | BI112: 1 | BJ112: ФЕР-2001, 11-01-039-04, приказ Минстроя России №1039/пр от 30.12.2016г. | BM112: 11001 | BN112: 0 | BP112: 0 | BQ112: 2 | BR112: 0 | BS112: 6.71 | BT112: 1 | BU112: 1 | BV112: 1 | BW112: 1 | BX112: 1 | BZ112: 123 | CA112: 75 | CE112: 0 | CF112: 0 | CG112: 0 | CM112: 0 | CN112: Поправка: МДС 81-35.2004, п.4.7 Наименование: Работы, выполняемые при реконструкции зданий и сооружений работы, аналогичные технологическим процессам в новом строительстве (в том числе возведение новых конструктивных элементов) стоимость которых определена по соответствующим сборникам ФЕР, кроме сборника № 46 «Работы при реконструкции зданий и сооружений» Поправка: МДС 81-35.2004, прил.1, т.1, п.2 Наименование: Производство строительных и других работ в существующих зданиях и сооружениях, освобожденных от оборудования и других предметов, мешающих нормальному производству работ. | CO112: 0 | CP112: =(P112+Q112+S112) -> 994.68 | CQ112: =AC112*BC112 -> 0 | CR112: =AD112*BB112 -> 55.3575 | CS112: =AE112*BS112 -> 13.8897 | CT112: =AF112*BA112 -> 2097.6131 | CU112: =AG112 -> 0 | CV112: =AH112 -> 32.8716 | CW112: =AI112 -> 0.165 | CX112: =AJ112 -> 0 | CY112: =(((S112+R112)*AT112)/100) -> 1082.8272 | CZ112: =(((S112+R112)*AU112)/100) -> 624.3328 | DE112: )*1,25)*1,2 | DF112: )*1,25)*1,2 | DG112: )*1,15)*1,2 | DI112: )*1,15)*1,2 | DJ112: )*1,25)*1,2 | DN112: 0 | DO112: 0 | DP112: 1 | DQ112: 1 | DU112: 1003 | DV112: 100 м | DW112: 100 м | DX112: 100 | EE112: 16510488 | EF112: 2 | EG112: Общестроительные работы | EH112: 0 | EJ112: 1 | EK112: 11001 | EL112: Полы | EM112: ФЕР-11 | EO112: Поправка: МДС 81-35.2004, п.4.7 Поправка: МДС 81-35.2004, прил.1, т.1, п.2 | EQ112: 0 | ER112: 232.03 | ES112: 0 | ET112: 5.5 | EU112: 1.38 | EV112: 226.53 | EW112: 23.82 | EX112: 0.11 | EY112: 0 | FQ112: 0 | FR112: =ROUND(IF(AND(BH112=3,BI112=3),P112,0),2) -> 0 | FS112: 0 | FT112: *0,9 | FU112: *0,85 | FX112: 110.7 | FY112: 63.75 | GD112: 0 | GF112: 1990727352 | GG112: 1 | GH112: 1 | GI112: 4 | GJ112: 0 | GK112: =ROUND(R112*(R12)/100,2) -> 0 | GL112: =ROUND(IF(AND(BH112=3,BI112=3,FS112<>0),P112,0),2) -> 0 | GM112: =ROUND(O112+X112+Y112+GK112,2)+GX112 -> 2701.84 | GN112: =IF(OR(BI112=0,BI112=1),ROUND(O112+X112+Y112+GK112,2),0) -> 2701.84 | GO112: =IF(BI112=2,ROUND(O112+X112+Y112+GK112,2),0) -> 0 | GP112: =IF(BI112=4,ROUND(O112+X112+Y112+GK112,2)+GX112,0) -> 0 | GR112: 0 | GS112: 3 | GT112: 0 | GV112: =ROUND((GT112),2) -> 0 | GW112: 1 | GX112: =ROUND(HC112*I112,2) -> 0 | HA112: 0 | HB112: 0 | HC112: =GV112*GW112 -> 0 | IK112: 0
A113: 18 | B113: 1 | C113: 166 | E113: 28,1 | F113: 04.3.01.09 | G113: Раствор готовый кладочный тяжелый цементный | H113: м3 | I113: =I112*J113 -> 0.07392 | J113: 0.16 | O113: =ROUND(CP113,2) -> 0 | P113: =ROUND(CQ113*I113,2) -> 0 | Q113: =ROUND(CR113*I113,2) -> 0 | R113: =ROUND(CS113*I113,2) -> 0 | S113: =ROUND(CT113*I113,2) -> 0 | T113: =ROUND(CU113*I113,2) -> 0 | U113: =CV113*I113 -> 0 | V113: =CW113*I113 -> 0 | W113: =ROUND(CX113*I113,2) -> 0 | X113: =ROUND(CY113,2) -> 0 | Y113: =ROUND(CZ113,2) -> 0 | AA113: 16808636 | AB113: =ROUND((AC113+AD113+AF113),2) -> 0 | AC113: =ROUND((ES113),2) -> 0 | AD113: =ROUND((((ET113)-(EU113))+AE113),2) -> 0 | AE113: =ROUND((EU113),2) -> 0 | AF113: =ROUND((EV113),2) -> 0 | AG113: =ROUND((AP113),2) -> 0 | AH113: =(EW113) -> 0 | AI113: =(EX113) -> 0 | AJ113: =(AS113) -> 0 | AK113: 0 | AL113: 0 | AM113: 0 | AN113: 0 | AO113: 0 | AP113: 0 | AQ113: 0 | AR113: 0 | AS113: 0 | AT113: 111 | AU113: 64 | AV113: 1 | AW113: 1 | AZ113: 6.71 | BA113: 1 | BB113: 1 | BC113: 6.71 | BH113: 3 | BI113: 1 | BM113: 11001 | BN113: 0 | BP113: 0 | BQ113: 2 | BR113: 0 | BS113: 1 | BT113: 1 | BU113: 1 | BV113: 1 | BW113: 1 | BX113: 1 | BZ113: 123 | CA113: 75 | CE113: 0 | CF113: 0 | CG113: 0 | CM113: 0 | CO113: 0 | CP113: =(P113+Q113+S113) -> 0 | CQ113: =AC113*BC113 -> 0 | CR113: =AD113*BB113 -> 0 | CS113: =AE113*BS113 -> 0 | CT113: =AF113*BA113 -> 0 | CU113: =AG113 -> 0 | CV113: =AH113 -> 0 | CW113: =AI113 -> 0 | CX113: =AJ113 -> 0 | CY113: =(((S113+R113)*AT113)/100) -> 0 | CZ113: =(((S113+R113)*AU113)/100) -> 0 | DN113: 0 | DO113: 0 | DP113: 1 | DQ113: 1 | DU113: 1007 | DV113: м3 | DW113: м3 | DX113: 1 | EE113: 16510488 | EF113: 2 | EG113: Общестроительные работы | EH113: 0 | EJ113: 1 | EK113: 11001 | EL113: Полы | EM113: ФЕР-11 | EQ113: 0 | ER113: 0 | ES113: 0 | ET113: 0 | EU113: 0 | EV113: 0 | EW113: 0 | EX113: 0 | FQ113: 0 | FR113: =ROUND(IF(AND(BH113=3,BI113=3),P113,0),2) -> 0 | FS113: 0 | FT113: *0,9 | FU113: *0,85 | FX113: 110.7 | FY113: 63.75 | GD113: 0 | GF113: -2113302258 | GG113: 1 | GH113: 1 | GI113: 4 | GJ113: 0 | GK113: =ROUND(R113*(R12)/100,2) -> 0 | GL113: =ROUND(IF(AND(BH113=3,BI113=3,FS113<>0),P113,0),2) -> 0 | GM113: =ROUND(O113+X113+Y113+GK113,2)+GX113 -> 0 | GN113: =IF(OR(BI113=0,BI113=1),ROUND(O113+X113+Y113+GK113,2),0) -> 0 | GO113: =IF(BI113=2,ROUND(O113+X113+Y113+GK113,2),0) -> 0 | GP113: =IF(BI113=4,ROUND(O113+X113+Y113+GK113,2)+GX113,0) -> 0 | GR113: 0 | GS113: 3 | GT113: 0 | GV113: =ROUND((GT113),2) -> 0 | GW113: 1 | GX113: =ROUND(HC113*I113,2) -> 0 | HA113: 0 | HB113: 0 | HC113: =GV113*GW113 -> 0 | IK113: 0
A114: 18 | B114: 1 | C114: 167 | E114: 28,2 | F114: 04.3.01.09-0017 | G114: Раствор готовый кладочный цементный | H114: м3 | I114: =I112*J114 -> 0.07392 | J114: 0.16 | O114: =ROUND(CP114,2) -> 323.28 | P114: =ROUND(CQ114*I114,2) -> 323.28 | Q114: =ROUND(CR114*I114,2) -> 0 | R114: =ROUND(CS114*I114,2) -> 0 | S114: =ROUND(CT114*I114,2) -> 0 | T114: =ROUND(CU114*I114,2) -> 0 | U114: =CV114*I114 -> 0 | V114: =CW114*I114 -> 0 | W114: =ROUND(CX114*I114,2) -> 0 | X114: =ROUND(CY114,2) -> 0 | Y114: =ROUND(CZ114,2) -> 0 | AA114: 16808636 | AB114: =ROUND((AC114+AD114+AF114),2) -> 651.78 | AC114: =ROUND((ES114),2) -> 651.78 | AD114: =ROUND((((ET114)-(EU114))+AE114),2) -> 0 | AE114: =ROUND((EU114),2) -> 0 | AF114: =ROUND((EV114),2) -> 0 | AG114: =ROUND((AP114),2) -> 0 | AH114: =(EW114) -> 0 | AI114: =(EX114) -> 0 | AJ114: =(AS114) -> 0 | AK114: 651.78 | AL114: 651.78 | AM114: 0 | AN114: 0 | AO114: 0 | AP114: 0 | AQ114: 0 | AR114: 0 | AS114: 0 | AT114: 111 | AU114: 64 | AV114: 1 | AW114: 1 | AZ114: 6.71 | BA114: 1 | BB114: 1 | BC114: 6.71 | BH114: 3 | BI114: 1 | BJ114: ФССЦ-2001, 04.3.01.09-0017, приказ Минстроя России №1039/пр от 30.12.2016г. | BM114: 11001 | BN114: 0 | BP114: 0 | BQ114: 2 | BR114: 0 | BS114: 1 | BT114: 1 | BU114: 1 | BV114: 1 | BW114: 1 | BX114: 1 | BZ114: 123 | CA114: 75 | CE114: 0 | CF114: 0 | CG114: 0 | CM114: 0 | CO114: 0 | CP114: =(P114+Q114+S114) -> 323.28 | CQ114: =AC114*BC114 -> 4373.4438 | CR114: =AD114*BB114 -> 0 | CS114: =AE114*BS114 -> 0 | CT114: =AF114*BA114 -> 0 | CU114: =AG114 -> 0 | CV114: =AH114 -> 0 | CW114: =AI114 -> 0 | CX114: =AJ114 -> 0 | CY114: =(((S114+R114)*AT114)/100) -> 0 | CZ114: =(((S114+R114)*AU114)/100) -> 0 | DN114: 0 | DO114: 0 | DP114: 1 | DQ114: 1 | DU114: 1007 | DV114: м3 | DW114: м3 | DX114: 1 | EE114: 16510488 | EF114: 2 | EG114: Общестроительные работы | EH114: 0 | EJ114: 1 | EK114: 11001 | EL114: Полы | EM114: ФЕР-11 | EQ114: 0 | ER114: 651.78 | ES114: 651.78 | ET114: 0 | EU114: 0 | EV114: 0 | EW114: 0 | EX114: 0 | FQ114: 0 | FR114: =ROUND(IF(AND(BH114=3,BI114=3),P114,0),2) -> 0 | FS114: 0 | FT114: *0,9 | FU114: *0,85 | FX114: 110.7 | FY114: 63.75 | GD114: 0 | GF114: 121454568 | GG114: 1 | GH114: 1 | GI114: 4 | GJ114: 0 | GK114: =ROUND(R114*(R12)/100,2) -> 0 | GL114: =ROUND(IF(AND(BH114=3,BI114=3,FS114<>0),P114,0),2) -> 0 | GM114: =ROUND(O114+X114+Y114+GK114,2)+GX114 -> 323.28 | GN114: =IF(OR(BI114=0,BI114=1),ROUND(O114+X114+Y114+GK114,2),0) -> 323.28 | GO114: =IF(BI114=2,ROUND(O114+X114+Y114+GK114,2),0) -> 0 | GP114: =IF(BI114=4,ROUND(O114+X114+Y114+GK114,2)+GX114,0) -> 0 | GR114: 0 | GS114: 3 | GT114: 0 | GV114: =ROUND((GT114),2) -> 0 | GW114: 1 | GX114: =ROUND(HC114*I114,2) -> 0 | HA114: 0 | HB114: 0 | HC114: =GV114*GW114 -> 0 | IK114: 0
A115: 18 | B115: 1 | C115: 168 | E115: 28,3 | F115: 06.2.05.03 | G115: Плитки керамические плинтусные | H115: м | I115: =I112*J115 -> 46.662 | J115: 101 | O115: =ROUND(CP115,2) -> 0 | P115: =ROUND(CQ115*I115,2) -> 0 | Q115: =ROUND(CR115*I115,2) -> 0 | R115: =ROUND(CS115*I115,2) -> 0 | S115: =ROUND(CT115*I115,2) -> 0 | T115: =ROUND(CU115*I115,2) -> 0 | U115: =CV115*I115 -> 0 | V115: =CW115*I115 -> 0 | W115: =ROUND(CX115*I115,2) -> 0 | X115: =ROUND(CY115,2) -> 0 | Y115: =ROUND(CZ115,2) -> 0 | AA115: 16808636 | AB115: =ROUND((AC115+AD115+AF115),2) -> 0 | AC115: =ROUND((ES115),2) -> 0 | AD115: =ROUND((((ET115)-(EU115))+AE115),2) -> 0 | AE115: =ROUND((EU115),2) -> 0 | AF115: =ROUND((EV115),2) -> 0 | AG115: =ROUND((AP115),2) -> 0 | AH115: =(EW115) -> 0 | AI115: =(EX115) -> 0 | AJ115: =(AS115) -> 0 | AK115: 0 | AL115: 0 | AM115: 0 | AN115: 0 | AO115: 0 | AP115: 0 | AQ115: 0 | AR115: 0 | AS115: 0 | AT115: 111 | AU115: 64 | AV115: 1 | AW115: 1 | AZ115: 6.71 | BA115: 1 | BB115: 1 | BC115: 6.71 | BH115: 3 | BI115: 1 | BM115: 11001 | BN115: 0 | BP115: 0 | BQ115: 2 | BR115: 0 | BS115: 1 | BT115: 1 | BU115: 1 | BV115: 1 | BW115: 1 | BX115: 1 | BZ115: 123 | CA115: 75 | CE115: 0 | CF115: 0 | CG115: 0 | CM115: 0 | CO115: 0 | CP115: =(P115+Q115+S115) -> 0 | CQ115: =AC115*BC115 -> 0 | CR115: =AD115*BB115 -> 0 | CS115: =AE115*BS115 -> 0 | CT115: =AF115*BA115 -> 0 | CU115: =AG115 -> 0 | CV115: =AH115 -> 0 | CW115: =AI115 -> 0 | CX115: =AJ115 -> 0 | CY115: =(((S115+R115)*AT115)/100) -> 0 | CZ115: =(((S115+R115)*AU115)/100) -> 0 | DN115: 0 | DO115: 0 | DP115: 1 | DQ115: 1 | DU115: 1003 | DV115: м | DW115: м | DX115: 1 | EE115: 16510488 | EF115: 2 | EG115: Общестроительные работы | EH115: 0 | EJ115: 1 | EK115: 11001 | EL115: Полы | EM115: ФЕР-11 | EQ115: 0 | ER115: 0 | ES115: 0 | ET115: 0 | EU115: 0 | EV115: 0 | EW115: 0 | EX115: 0 | FQ115: 0 | FR115: =ROUND(IF(AND(BH115=3,BI115=3),P115,0),2) -> 0 | FS115: 0 | FT115: *0,9 | FU115: *0,85 | FX115: 110.7 | FY115: 63.75 | GD115: 0 | GF115: 1949164399 | GG115: 1 | GH115: 1 | GI115: 4 | GJ115: 0 | GK115: =ROUND(R115*(R12)/100,2) -> 0 | GL115: =ROUND(IF(AND(BH115=3,BI115=3,FS115<>0),P115,0),2) -> 0 | GM115: =ROUND(O115+X115+Y115+GK115,2)+GX115 -> 0 | GN115: =IF(OR(BI115=0,BI115=1),ROUND(O115+X115+Y115+GK115,2),0) -> 0 | GO115: =IF(BI115=2,ROUND(O115+X115+Y115+GK115,2),0) -> 0 | GP115: =IF(BI115=4,ROUND(O115+X115+Y115+GK115,2)+GX115,0) -> 0 | GR115: 0 | GS115: 3 | GT115: 0 | GV115: =ROUND((GT115),2) -> 0 | GW115: 1 | GX115: =ROUND(HC115*I115,2) -> 0 | HA115: 0 | HB115: 0 | HC115: =GV115*GW115 -> 0 | IK115: 0
